Workbook
Name anal: #REF!
Name anal: #REF!
Name anal: #REF!
Name anal: #REF!
Name anal: #REF!
Name anal: #REF!
Name anal: #REF!
Name baza_dannyh: #REF!
Name baza_dannyh: #REF!
Name baza_dannyh: #REF!
Name baza_dannyh: #REF!
Name baza_dannyh: #REF!
Name baza_dannyh: #REF!
Name baza_dannyh: #REF!
Name damo: #REF!
Name damo: #REF!
Name damo: #REF!
Name damo: #REF!
Name damo: #REF!
Name damo: #REF!
Name damo: #REF!
Name damo: #REF!
Name damo: #REF!
Name damo: #REF!
Name damo: #REF!
Name damo: #REF!
Name damo: #REF!
Name damo: #REF!
Name damo: #REF!
Name damo: #REF!
Name damo: #REF!
Name damo: #REF!
Name damo: #REF!
Name damo: #REF!
Name damo: #REF!
Name damo: #REF!
Name damo: #REF!
Name damo: #REF!
Name damo: #REF!
Name damo: #REF!
Name damo: #REF!
Name damo: #REF!
Name HJ: #REF!
Name HJ: #REF!
Name HJ: #REF!
Name HJ: #REF!
Name HJ: #REF!
Name HJ: #REF!
Name HJ: #REF!
Name HJ: #REF!
Name HJ: #REF!
Name HJ: #REF!
Name HJ: #REF!
Name HJ: #REF!
Name HJ: #REF!
Name HJ: #REF!
Name HJ: #REF!
Name HJ: #REF!
Name HJ: #REF!
Name HJ: #REF!

Sheet tabl12_bop_pbl 6
A1: Таблица 12. Платежный баланс Кыргызской Республики
A2: (краткое аналитическое представление)
A3: (млн долларов США)
B4: 2015 | C4: 2016 | D4: 2017 | E4: 2018 | F4: 2019 | G4: 2018 | H4: 2019 | J4: 2015 | O4: 2016 | T4: 2017 | Y4: 2018 | AD4: 2019 | AI4: 2020 | AJ4: 2020
G5: 9 мес. | H5: 9 мес. | J5: I | K5: II | L5: III | M5: IV | O5: I | P5: II | Q5: III | R5: IV | T5: I | U5: II | V5: III | W5: IV | Y5: I | Z5: II | AA5: III | AB5: IV | AD5: I | AE5: II | AF5: III | AG5: IV | AI5: I | AJ5: II | AK5: III
A6: Счет текущих операций | B6: =IF(ABS(SUM(J6:M6))<0.05,"—",SUM(J6:M6)) -> — | C6: =IF(ABS(SUM(O6:R6))<0.05,"—",SUM(O6:R6)) -> — | D6: =IF(ABS(SUM(T6:W6))<0.05,"—",SUM(T6:W6)) -> — | E6: =IF(ABS(SUM(Y6:AB6))<0.05,"—",SUM(Y6:AB6)) -> — | F6: =IF(ABS(SUM(AD6:AG6))<0.05,"—",SUM(AD6:AG6)) -> — | G6: =IF(ABS(SUM(AD6:AF6))<0.05,"—",SUM(AD6:AF6)) -> — | H6: =IF(ABS(SUM(AI6:AK6))<0.05,"—",SUM(AI6:AK6)) -> 336.8336 | J6: =J7+J21+J26 -> 0 | K6: =K7+K21+K26 -> 0 | L6: =L7+L21+L26 -> 0 | M6: =M7+M21+M26 -> 0 | N6: ='bop_dt 6'!N7 -> 0 | O6: =O7+O21+O26 -> 0 | P6: =P7+P21+P26 -> 0 | Q6: =Q7+Q21+Q26 -> 0 | R6: =R7+R21+R26 -> 0 | S6: ='bop_dt 6'!S7 -> 0 | T6: =T7+T21+T26 -> 0 | U6: =U7+U21+U26 -> 0 | V6: =V7+V21+V26 -> 0 | W6: =W7+W21+W26 -> 0 | Y6: =Y7+Y21+Y26 -> 0 | Z6: =Z7+Z21+Z26 -> 0 | AA6: =AA7+AA21+AA26 -> 0 | AB6: =AB7+AB21+AB26 -> 0 | AD6: =AD7+AD21+AD26 -> 0 | AE6: =AE7+AE21+AE26 -> 0 | AF6: =AF7+AF21+AF26 -> 0 | AG6: =AG7+AG21+AG26 -> 0 | AH6: ='bop_dt 6'!AH7 -> 0 | AI6: =AI7+AI21+AI26 -> -27.403041 | AJ6: =AJ7+AJ21+AJ26 -> 191.48133 | AK6: =AK7+AK21+AK26 -> 172.75532 | AL6: =AL7+AL21+AL26 -> 37.423401 | AN6: Счет текущих операций
A7: Товары и услуги | B7: =IF(ABS(SUM(J7:M7))<0.05,"—",SUM(J7:M7)) -> — | C7: =IF(ABS(SUM(O7:R7))<0.05,"—",SUM(O7:R7)) -> — | D7: =IF(ABS(SUM(T7:W7))<0.05,"—",SUM(T7:W7)) -> — | E7: =IF(ABS(SUM(Y7:AB7))<0.05,"—",SUM(Y7:AB7)) -> — | F7: =IF(ABS(SUM(AD7:AG7))<0.05,"—",SUM(AD7:AG7)) -> — | G7: =IF(ABS(SUM(AD7:AF7))<0.05,"—",SUM(AD7:AF7)) -> — | H7: =IF(ABS(SUM(AI7:AK7))<0.05,"—",SUM(AI7:AK7)) -> -1057.5499 | J7: =J8-J9 -> 0 | K7: =K8-K9 -> 0 | L7: =L8-L9 -> 0 | M7: =M8-M9 -> 0 | N7: ='bop_dt 6'!N8 -> 0 | O7: =O8-O9 -> 0 | P7: =P8-P9 -> 0 | Q7: =Q8-Q9 -> 0 | R7: =R8-R9 -> 0 | S7: ='bop_dt 6'!S8 -> 0 | T7: =T8-T9 -> 0 | U7: =U8-U9 -> 0 | V7: =V8-V9 -> 0 | W7: =W8-W9 -> 0 | Y7: =Y8-Y9 -> 0 | Z7: =Z8-Z9 -> 0 | AA7: =AA8-AA9 -> 0 | AB7: =AB8-AB9 -> 0 | AD7: =AD8-AD9 -> 0 | AE7: =AE8-AE9 -> 0 | AF7: =AF8-AF9 -> 0 | AG7: =AG8-AG9 -> 0 | AH7: ='bop_dt 6'!AH8 -> 0 | AI7: =AI8-AI9 -> -450.3614 | AJ7: =AJ8-AJ9 -> -185.01453 | AK7: =AK8-AK9 -> -422.174 | AL7: =AL8-AL9 -> -557.88203 | AN7: Товары и услуги
A8: экспорт | B8: =IF(ABS(SUM(J8:M8))<0.05,"—",SUM(J8:M8)) -> — | C8: =IF(ABS(SUM(O8:R8))<0.05,"—",SUM(O8:R8)) -> — | D8: =IF(ABS(SUM(T8:W8))<0.05,"—",SUM(T8:W8)) -> — | E8: =IF(ABS(SUM(Y8:AB8))<0.05,"—",SUM(Y8:AB8)) -> — | F8: =IF(ABS(SUM(AD8:AG8))<0.05,"—",SUM(AD8:AG8)) -> — | G8: =IF(ABS(SUM(AD8:AF8))<0.05,"—",SUM(AD8:AF8)) -> — | H8: =IF(ABS(SUM(AI8:AK8))<0.05,"—",SUM(AI8:AK8)) -> 1891.1628 | J8: ='bop_dt 6'!J9 -> 0 | K8: ='bop_dt 6'!K9 -> 0 | L8: ='bop_dt 6'!L9 -> 0 | M8: ='bop_dt 6'!M9 -> 0 | N8: ='bop_dt 6'!N9 -> 0 | O8: ='bop_dt 6'!O9 -> 0 | P8: ='bop_dt 6'!P9 -> 0 | Q8: ='bop_dt 6'!Q9 -> 0 | ... W8: ='bop_dt 6'!W9 -> 0 | Y8: ='bop_dt 6'!Y9 -> 0 | Z8: ='bop_dt 6'!Z9 -> 0 | AA8: ='bop_dt 6'!AA9 -> 0 | AB8: ='bop_dt 6'!AB9 -> 0 | AD8: ='bop_dt 6'!AD9 -> 0 | AE8: ='bop_dt 6'!AE9 -> 0 | AF8: ='bop_dt 6'!AF9 -> 0 | AG8: ='bop_dt 6'!AG9 -> 0 | AH8: ='bop_dt 6'!AH9 -> 0 | AI8: ='bop_dt 6'!AI9 -> 658.54838 | AJ8: ='bop_dt 6'!AJ9 -> 587.11518 | AK8: ='bop_dt 6'!AK9 -> 645.49925 | AL8: ='bop_dt 6'!AL9 -> 544.25498 | AN8: экспорт
A9: импорт | B9: =IF(ABS(SUM(J9:M9))<0.05,"—",SUM(J9:M9)) -> — | C9: =IF(ABS(SUM(O9:R9))<0.05,"—",SUM(O9:R9)) -> — | D9: =IF(ABS(SUM(T9:W9))<0.05,"—",SUM(T9:W9)) -> — | E9: =IF(ABS(SUM(Y9:AB9))<0.05,"—",SUM(Y9:AB9)) -> — | F9: =IF(ABS(SUM(AD9:AG9))<0.05,"—",SUM(AD9:AG9)) -> — | G9: =IF(ABS(SUM(AD9:AF9))<0.05,"—",SUM(AD9:AF9)) -> — | H9: =IF(ABS(SUM(AI9:AK9))<0.05,"—",SUM(AI9:AK9)) -> 2948.7127 | J9: ='bop_dt 6'!J10 -> 0 | K9: ='bop_dt 6'!K10 -> 0 | L9: ='bop_dt 6'!L10 -> 0 | M9: ='bop_dt 6'!M10 -> 0 | N9: ='bop_dt 6'!N10 -> 0 | O9: ='bop_dt 6'!O10 -> 0 | P9: ='bop_dt 6'!P10 -> 0 | Q9: ='bop_dt 6'!Q10 -> 0 | ... W9: ='bop_dt 6'!W10 -> 0 | Y9: ='bop_dt 6'!Y10 -> 0 | Z9: ='bop_dt 6'!Z10 -> 0 | AA9: ='bop_dt 6'!AA10 -> 0 | AB9: ='bop_dt 6'!AB10 -> 0 | AD9: ='bop_dt 6'!AD10 -> 0 | AE9: ='bop_dt 6'!AE10 -> 0 | AF9: ='bop_dt 6'!AF10 -> 0 | AG9: ='bop_dt 6'!AG10 -> 0 | AH9: ='bop_dt 6'!AH10 -> 0 | AI9: ='bop_dt 6'!AI10 -> 1108.9098 | AJ9: ='bop_dt 6'!AJ10 -> 772.12971 | AK9: ='bop_dt 6'!AK10 -> 1067.6732 | AL9: ='bop_dt 6'!AL10 -> 1102.137 | AN9: импорт
A10: Торговый баланс* | B10: =IF(ABS(SUM(J10:M10))<0.05,"—",SUM(J10:M10)) -> — | C10: =IF(ABS(SUM(O10:R10))<0.05,"—",SUM(O10:R10)) -> — | D10: =IF(ABS(SUM(T10:W10))<0.05,"—",SUM(T10:W10)) -> — | E10: =IF(ABS(SUM(Y10:AB10))<0.05,"—",SUM(Y10:AB10)) -> — | F10: =IF(ABS(SUM(AD10:AG10))<0.05,"—",SUM(AD10:AG10)) -> — | G10: =IF(ABS(SUM(AD10:AF10))<0.05,"—",SUM(AD10:AF10)) -> — | H10: =IF(ABS(SUM(AI10:AK10))<0.05,"—",SUM(AI10:AK10)) -> -930.87379 | J10: ='bop_dt 6'!J11 -> 0 | K10: ='bop_dt 6'!K11 -> 0 | L10: ='bop_dt 6'!L11 -> 0 | M10: ='bop_dt 6'!M11 -> 0 | N10: ='bop_dt 6'!N11 -> 0 | O10: ='bop_dt 6'!O11 -> 0 | P10: ='bop_dt 6'!P11 -> 0 | Q10: ='bop_dt 6'!Q11 -> 0 | ... W10: ='bop_dt 6'!W11 -> 0 | Y10: ='bop_dt 6'!Y11 -> 0 | Z10: ='bop_dt 6'!Z11 -> 0 | AA10: ='bop_dt 6'!AA11 -> 0 | AB10: ='bop_dt 6'!AB11 -> 0 | AD10: ='bop_dt 6'!AD11 -> 0 | AE10: ='bop_dt 6'!AE11 -> 0 | AF10: ='bop_dt 6'!AF11 -> 0 | AG10: ='bop_dt 6'!AG11 -> 0 | AH10: ='bop_dt 6'!AH11 -> 0 | AI10: ='bop_dt 6'!AI11 -> -443.17896 | AJ10: ='bop_dt 6'!AJ11 -> -121.14136 | AK10: ='bop_dt 6'!AK11 -> -366.55347 | AL10: ='bop_dt 6'!AL11 -> -508.70025 | AN10: Торговый баланс*
A11: Экспорт по методологии платежного баланса (в ценах ФОБ) | B11: =IF(ABS(SUM(J11:M11))<0.05,"—",SUM(J11:M11)) -> — | C11: =IF(ABS(SUM(O11:R11))<0.05,"—",SUM(O11:R11)) -> — | D11: =IF(ABS(SUM(T11:W11))<0.05,"—",SUM(T11:W11)) -> — | E11: =IF(ABS(SUM(Y11:AB11))<0.05,"—",SUM(Y11:AB11)) -> — | F11: =IF(ABS(SUM(AD11:AG11))<0.05,"—",SUM(AD11:AG11)) -> — | G11: =IF(ABS(SUM(AD11:AF11))<0.05,"—",SUM(AD11:AF11)) -> — | H11: =IF(ABS(SUM(AI11:AK11))<0.05,"—",SUM(AI11:AK11)) -> 754.88479 | J11: ='bop_dt 6'!J15 -> 0 | K11: ='bop_dt 6'!K15 -> 0 | L11: ='bop_dt 6'!L15 -> 0 | M11: ='bop_dt 6'!M15 -> 0 | N11: ='bop_dt 6'!N15 -> 0 | O11: ='bop_dt 6'!O15 -> 0 | P11: ='bop_dt 6'!P15 -> 0 | Q11: ='bop_dt 6'!Q15 -> 0 | ... W11: ='bop_dt 6'!W15 -> 0 | Y11: ='bop_dt 6'!Y15 -> 0 | Z11: ='bop_dt 6'!Z15 -> 0 | AA11: ='bop_dt 6'!AA15 -> 0 | AB11: ='bop_dt 6'!AB15 -> 0 | AD11: ='bop_dt 6'!AD15 -> 0 | AE11: ='bop_dt 6'!AE15 -> 0 | AF11: ='bop_dt 6'!AF15 -> 0 | AG11: ='bop_dt 6'!AG15 -> 0 | AH11: ='bop_dt 6'!AH15 -> 0 | AI11: ='bop_dt 6'!AI15 -> 280.96447 | AJ11: ='bop_dt 6'!AJ15 -> 192.49303 | AK11: ='bop_dt 6'!AK15 -> 281.42729 | AL11: ='bop_dt 6'!AL15 -> 265.29537 | AN11: Экспорт по методологии платежного баланса (в ценах ФОБ)
A12: в т.ч. Реэкспорт | B12: =IF(ABS(SUM(J12:M12))<0.05,"—",SUM(J12:M12)) -> — | C12: =IF(ABS(SUM(O12:R12))<0.05,"—",SUM(O12:R12)) -> — | D12: =IF(ABS(SUM(T12:W12))<0.05,"—",SUM(T12:W12)) -> — | E12: =IF(ABS(SUM(Y12:AB12))<0.05,"—",SUM(Y12:AB12)) -> — | F12: =IF(ABS(SUM(AD12:AG12))<0.05,"—",SUM(AD12:AG12)) -> — | G12: =IF(ABS(SUM(AD12:AF12))<0.05,"—",SUM(AD12:AF12)) -> — | H12: =IF(ABS(SUM(AI12:AK12))<0.05,"—",SUM(AI12:AK12)) -> 54.953916 | J12: ='bop_dt 6'!J17 -> 0 | K12: ='bop_dt 6'!K17 -> 0 | L12: ='bop_dt 6'!L17 -> 0 | M12: ='bop_dt 6'!M17 -> 0 | N12: ='bop_dt 6'!N17 -> 0 | O12: ='bop_dt 6'!O17 -> 0 | P12: ='bop_dt 6'!P17 -> 0 | Q12: ='bop_dt 6'!Q17 -> 0 | ... W12: ='bop_dt 6'!W17 -> 0 | Y12: ='bop_dt 6'!Y17 -> 0 | Z12: ='bop_dt 6'!Z17 -> 0 | AA12: ='bop_dt 6'!AA17 -> 0 | AB12: ='bop_dt 6'!AB17 -> 0 | AD12: ='bop_dt 6'!AD17 -> 0 | AE12: ='bop_dt 6'!AE17 -> 0 | AF12: ='bop_dt 6'!AF17 -> 0 | AG12: ='bop_dt 6'!AG17 -> 0 | AH12: ='bop_dt 6'!AH17 -> 0 | AI12: ='bop_dt 6'!AI17 -> 16.6274 | AJ12: ='bop_dt 6'!AJ17 -> 20.647081 | AK12: ='bop_dt 6'!AK17 -> 17.679435 | AL12: ='bop_dt 6'!AL17 -> 12.758607 | AN12: в т.ч. Реэкспорт
A13: Немонетарное золото | B13: =IF(ABS(SUM(J13:M13))<0.05,"—",SUM(J13:M13)) -> — | C13: =IF(ABS(SUM(O13:R13))<0.05,"—",SUM(O13:R13)) -> — | D13: =IF(ABS(SUM(T13:W13))<0.05,"—",SUM(T13:W13)) -> — | E13: =IF(ABS(SUM(Y13:AB13))<0.05,"—",SUM(Y13:AB13)) -> — | F13: =IF(ABS(SUM(AD13:AG13))<0.05,"—",SUM(AD13:AG13)) -> — | G13: =IF(ABS(SUM(AD13:AF13))<0.05,"—",SUM(AD13:AF13)) -> — | H13: =IF(ABS(SUM(AI13:AK13))<0.05,"—",SUM(AI13:AK13)) -> 807.68909 | J13: ='bop_dt 6'!J19 -> 0 | K13: ='bop_dt 6'!K19 -> 0 | L13: ='bop_dt 6'!L19 -> 0 | M13: ='bop_dt 6'!M19 -> 0 | N13: ='bop_dt 6'!N19 -> 0 | O13: ='bop_dt 6'!O19 -> 0 | P13: ='bop_dt 6'!P19 -> 0 | Q13: ='bop_dt 6'!Q19 -> 0 | ... W13: ='bop_dt 6'!W19 -> 0 | Y13: ='bop_dt 6'!Y19 -> 0 | Z13: ='bop_dt 6'!Z19 -> 0 | AA13: ='bop_dt 6'!AA19 -> 0 | AB13: ='bop_dt 6'!AB19 -> 0 | AD13: ='bop_dt 6'!AD19 -> 0 | AE13: ='bop_dt 6'!AE19 -> 0 | AF13: ='bop_dt 6'!AF19 -> 0 | AG13: ='bop_dt 6'!AG19 -> 0 | AH13: ='bop_dt 6'!AH19 -> 0 | AI13: ='bop_dt 6'!AI19 -> 212.90018 | AJ13: ='bop_dt 6'!AJ19 -> 325.17176 | AK13: ='bop_dt 6'!AK19 -> 269.61716 | AL13: ='bop_dt 6'!AL19 -> 179.30844 | AN13: Немонетарное золото
A14: Импорт (в ценах ФОБ) | B14: =IF(ABS(SUM(J14:M14))<0.05,"—",SUM(J14:M14)) -> — | C14: =IF(ABS(SUM(O14:R14))<0.05,"—",SUM(O14:R14)) -> — | D14: =IF(ABS(SUM(T14:W14))<0.05,"—",SUM(T14:W14)) -> — | E14: =IF(ABS(SUM(Y14:AB14))<0.05,"—",SUM(Y14:AB14)) -> — | F14: =IF(ABS(SUM(AD14:AG14))<0.05,"—",SUM(AD14:AG14)) -> — | G14: =IF(ABS(SUM(AD14:AF14))<0.05,"—",SUM(AD14:AF14)) -> — | H14: =IF(ABS(SUM(AI14:AK14))<0.05,"—",SUM(AI14:AK14)) -> 2493.4477 | J14: ='bop_dt 6'!J13 -> 0 | K14: ='bop_dt 6'!K13 -> 0 | L14: ='bop_dt 6'!L13 -> 0 | M14: ='bop_dt 6'!M13 -> 0 | N14: ='bop_dt 6'!N13 -> 0 | O14: ='bop_dt 6'!O13 -> 0 | P14: ='bop_dt 6'!P13 -> 0 | Q14: ='bop_dt 6'!Q13 -> 0 | ... W14: ='bop_dt 6'!W13 -> 0 | Y14: ='bop_dt 6'!Y13 -> 0 | Z14: ='bop_dt 6'!Z13 -> 0 | AA14: ='bop_dt 6'!AA13 -> 0 | AB14: ='bop_dt 6'!AB13 -> 0 | AD14: ='bop_dt 6'!AD13 -> 0 | AE14: ='bop_dt 6'!AE13 -> 0 | AF14: ='bop_dt 6'!AF13 -> 0 | AG14: ='bop_dt 6'!AG13 -> 0 | AH14: ='bop_dt 6'!AH13 -> 0 | AI14: ='bop_dt 6'!AI13 -> 937.04361 | AJ14: ='bop_dt 6'!AJ13 -> 638.80616 | AK14: ='bop_dt 6'!AK13 -> 917.59791 | AL14: ='bop_dt 6'!AL13 -> 953.30406 | AN14: Импорт (в ценах ФОБ)
A15: Баланс услуг | B15: =IF(ABS(SUM(J15:M15))<0.05,"—",SUM(J15:M15)) -> — | C15: =IF(ABS(SUM(O15:R15))<0.05,"—",SUM(O15:R15)) -> — | D15: =IF(ABS(SUM(T15:W15))<0.05,"—",SUM(T15:W15)) -> — | E15: =IF(ABS(SUM(Y15:AB15))<0.05,"—",SUM(Y15:AB15)) -> — | F15: =IF(ABS(SUM(AD15:AG15))<0.05,"—",SUM(AD15:AG15)) -> — | G15: =IF(ABS(SUM(AD15:AF15))<0.05,"—",SUM(AD15:AF15)) -> — | H15: =IF(ABS(SUM(AI15:AK15))<0.05,"—",SUM(AI15:AK15)) -> -126.67614 | J15: =J16-J17 -> 0 | K15: =K16-K17 -> 0 | L15: =L16-L17 -> 0 | M15: =M16-M17 -> 0 | N15: ='bop_dt 6'!N22 -> 0 | O15: =O16-O17 -> 0 | P15: =P16-P17 -> 0 | Q15: =Q16-Q17 -> 0 | R15: =R16-R17 -> 0 | S15: ='bop_dt 6'!S22 -> 0 | T15: =T16-T17 -> 0 | U15: =U16-U17 -> 0 | V15: =V16-V17 -> 0 | W15: =W16-W17 -> 0 | Y15: =Y16-Y17 -> 0 | Z15: =Z16-Z17 -> 0 | AA15: =AA16-AA17 -> 0 | AB15: =AB16-AB17 -> 0 | AD15: =AD16-AD17 -> 0 | AE15: =AE16-AE17 -> 0 | AF15: =AF16-AF17 -> 0 | AG15: =AG16-AG17 -> 0 | AH15: ='bop_dt 6'!AH22 -> 0 | AI15: =AI16-AI17 -> -7.182446 | AJ15: =AJ16-AJ17 -> -63.873165 | AK15: =AK16-AK17 -> -55.620529 | AL15: =AL16-AL17 -> -49.181778 | AN15: Баланс услуг
A16: экспорт | B16: =IF(ABS(SUM(J16:M16))<0.05,"—",SUM(J16:M16)) -> — | C16: =IF(ABS(SUM(O16:R16))<0.05,"—",SUM(O16:R16)) -> — | D16: =IF(ABS(SUM(T16:W16))<0.05,"—",SUM(T16:W16)) -> — | E16: =IF(ABS(SUM(Y16:AB16))<0.05,"—",SUM(Y16:AB16)) -> — | F16: =IF(ABS(SUM(AD16:AG16))<0.05,"—",SUM(AD16:AG16)) -> — | G16: =IF(ABS(SUM(AD16:AF16))<0.05,"—",SUM(AD16:AF16)) -> — | H16: =IF(ABS(SUM(AI16:AK16))<0.05,"—",SUM(AI16:AK16)) -> 328.58892 | J16: ='bop_dt 6'!J23 -> 0 | K16: ='bop_dt 6'!K23 -> 0 | L16: ='bop_dt 6'!L23 -> 0 | M16: ='bop_dt 6'!M23 -> 0 | N16: ='bop_dt 6'!N23 -> 0 | O16: ='bop_dt 6'!O23 -> 0 | P16: ='bop_dt 6'!P23 -> 0 | Q16: ='bop_dt 6'!Q23 -> 0 | ... W16: ='bop_dt 6'!W23 -> 0 | Y16: ='bop_dt 6'!Y23 -> 0 | Z16: ='bop_dt 6'!Z23 -> 0 | AA16: ='bop_dt 6'!AA23 -> 0 | AB16: ='bop_dt 6'!AB23 -> 0 | AD16: ='bop_dt 6'!AD23 -> 0 | AE16: ='bop_dt 6'!AE23 -> 0 | AF16: ='bop_dt 6'!AF23 -> 0 | AG16: ='bop_dt 6'!AG23 -> 0 | AH16: ='bop_dt 6'!AH23 -> 0 | AI16: ='bop_dt 6'!AI23 -> 164.68372 | AJ16: ='bop_dt 6'!AJ23 -> 69.450388 | AK16: ='bop_dt 6'!AK23 -> 94.45481 | AL16: ='bop_dt 6'!AL23 -> 99.651168 | AN16: экспорт
A17: импорт | B17: =IF(ABS(SUM(J17:M17))<0.05,"—",SUM(J17:M17)) -> — | C17: =IF(ABS(SUM(O17:R17))<0.05,"—",SUM(O17:R17)) -> — | D17: =IF(ABS(SUM(T17:W17))<0.05,"—",SUM(T17:W17)) -> — | E17: =IF(ABS(SUM(Y17:AB17))<0.05,"—",SUM(Y17:AB17)) -> — | F17: =IF(ABS(SUM(AD17:AG17))<0.05,"—",SUM(AD17:AG17)) -> — | G17: =IF(ABS(SUM(AD17:AF17))<0.05,"—",SUM(AD17:AF17)) -> — | H17: =IF(ABS(SUM(AI17:AK17))<0.05,"—",SUM(AI17:AK17)) -> 455.26506 | J17: ='bop_dt 6'!J24 -> 0 | K17: ='bop_dt 6'!K24 -> 0 | L17: ='bop_dt 6'!L24 -> 0 | M17: ='bop_dt 6'!M24 -> 0 | N17: ='bop_dt 6'!N24 -> 0 | O17: ='bop_dt 6'!O24 -> 0 | P17: ='bop_dt 6'!P24 -> 0 | Q17: ='bop_dt 6'!Q24 -> 0 | ... W17: ='bop_dt 6'!W24 -> 0 | Y17: ='bop_dt 6'!Y24 -> 0 | Z17: ='bop_dt 6'!Z24 -> 0 | AA17: ='bop_dt 6'!AA24 -> 0 | AB17: ='bop_dt 6'!AB24 -> 0 | AD17: ='bop_dt 6'!AD24 -> 0 | AE17: ='bop_dt 6'!AE24 -> 0 | AF17: ='bop_dt 6'!AF24 -> 0 | AG17: ='bop_dt 6'!AG24 -> 0 | AH17: ='bop_dt 6'!AH24 -> 0 | AI17: ='bop_dt 6'!AI24 -> 171.86617 | AJ17: ='bop_dt 6'!AJ24 -> 133.32355 | AK17: ='bop_dt 6'!AK24 -> 150.07534 | AL17: ='bop_dt 6'!AL24 -> 148.83295 | AN17: импорт
A18: транспортные услуги | B18: =IF(ABS(SUM(J18:M18))<0.05,"—",SUM(J18:M18)) -> — | C18: =IF(ABS(SUM(O18:R18))<0.05,"—",SUM(O18:R18)) -> — | D18: =IF(ABS(SUM(T18:W18))<0.05,"—",SUM(T18:W18)) -> — | E18: =IF(ABS(SUM(Y18:AB18))<0.05,"—",SUM(Y18:AB18)) -> — | F18: =IF(ABS(SUM(AD18:AG18))<0.05,"—",SUM(AD18:AG18)) -> — | G18: =IF(ABS(SUM(AD18:AF18))<0.05,"—",SUM(AD18:AF18)) -> — | H18: =IF(ABS(SUM(AI18:AK18))<0.05,"—",SUM(AI18:AK18)) -> -141.6124 | J18: ='bop_dt 6'!J37 -> 0 | K18: ='bop_dt 6'!K37 -> 0 | L18: ='bop_dt 6'!L37 -> 0 | M18: ='bop_dt 6'!M37 -> 0 | N18: ='bop_dt 6'!N37 -> 0 | O18: ='bop_dt 6'!O37 -> 0 | P18: ='bop_dt 6'!P37 -> 0 | Q18: ='bop_dt 6'!Q37 -> 0 | ... W18: ='bop_dt 6'!W37 -> 0 | Y18: ='bop_dt 6'!Y37 -> 0 | Z18: ='bop_dt 6'!Z37 -> 0 | AA18: ='bop_dt 6'!AA37 -> 0 | AB18: ='bop_dt 6'!AB37 -> 0 | AD18: ='bop_dt 6'!AD37 -> 0 | AE18: ='bop_dt 6'!AE37 -> 0 | AF18: ='bop_dt 6'!AF37 -> 0 | AG18: ='bop_dt 6'!AG37 -> 0 | AH18: ='bop_dt 6'!AH37 -> 0 | AI18: ='bop_dt 6'!AI37 -> -35.88401 | AJ18: ='bop_dt 6'!AJ37 -> -48.424376 | AK18: ='bop_dt 6'!AK37 -> -57.304018 | AL18: ='bop_dt 6'!AL37 -> -57.983637 | AN18: транспортные услуги
A19: поездки | B19: =IF(ABS(SUM(J19:M19))<0.05,"—",SUM(J19:M19)) -> — | C19: =IF(ABS(SUM(O19:R19))<0.05,"—",SUM(O19:R19)) -> — | D19: =IF(ABS(SUM(T19:W19))<0.05,"—",SUM(T19:W19)) -> — | E19: =IF(ABS(SUM(Y19:AB19))<0.05,"—",SUM(Y19:AB19)) -> — | F19: =IF(ABS(SUM(AD19:AG19))<0.05,"—",SUM(AD19:AG19)) -> — | G19: =IF(ABS(SUM(AD19:AF19))<0.05,"—",SUM(AD19:AF19)) -> — | H19: =IF(ABS(SUM(AI19:AK19))<0.05,"—",SUM(AI19:AK19)) -> 39.159277 | J19: ='bop_dt 6'!J88 -> 0 | K19: ='bop_dt 6'!K88 -> 0 | L19: ='bop_dt 6'!L88 -> 0 | M19: ='bop_dt 6'!M88 -> 0 | N19: ='bop_dt 6'!N88 -> 0 | O19: ='bop_dt 6'!O88 -> 0 | P19: ='bop_dt 6'!P88 -> 0 | Q19: ='bop_dt 6'!Q88 -> 0 | ... W19: ='bop_dt 6'!W88 -> 0 | Y19: ='bop_dt 6'!Y88 -> 0 | Z19: ='bop_dt 6'!Z88 -> 0 | AA19: ='bop_dt 6'!AA88 -> 0 | AB19: ='bop_dt 6'!AB88 -> 0 | AD19: ='bop_dt 6'!AD88 -> 0 | AE19: ='bop_dt 6'!AE88 -> 0 | AF19: ='bop_dt 6'!AF88 -> 0 | AG19: ='bop_dt 6'!AG88 -> 0 | AH19: ='bop_dt 6'!AH88 -> 0 | AI19: ='bop_dt 6'!AI88 -> 36.202961 | AJ19: ='bop_dt 6'!AJ88 -> 3.268843 | AK19: ='bop_dt 6'!AK88 -> -0.312527 | AL19: ='bop_dt 6'!AL88 -> 23.304734 | AN19: поездки
A20: прочие | B20: =IF(ABS(SUM(J20:M20))<0.05,"—",SUM(J20:M20)) -> — | C20: =IF(ABS(SUM(O20:R20))<0.05,"—",SUM(O20:R20)) -> — | D20: =IF(ABS(SUM(T20:W20))<0.05,"—",SUM(T20:W20)) -> — | E20: =IF(ABS(SUM(Y20:AB20))<0.05,"—",SUM(Y20:AB20)) -> — | F20: =IF(ABS(SUM(AD20:AG20))<0.05,"—",SUM(AD20:AG20)) -> — | G20: =IF(ABS(SUM(AD20:AF20))<0.05,"—",SUM(AD20:AF20)) -> — | H20: =IF(ABS(SUM(AI20:AK20))<0.05,"—",SUM(AI20:AK20)) -> -24.223013 | J20: =J15-J18-J19 -> 0 | K20: =K15-K18-K19 -> 0 | L20: =L15-L18-L19 -> 0 | M20: =M15-M18-M19 -> 0 | N20: =N15-N18-N19 -> 0 | O20: =O15-O18-O19 -> 0 | P20: =P15-P18-P19 -> 0 | Q20: =Q15-Q18-Q19 -> 0 | ... W20: =W15-W18-W19 -> 0 | Y20: =Y15-Y18-Y19 -> 0 | Z20: =Z15-Z18-Z19 -> 0 | AA20: =AA15-AA18-AA19 -> 0 | AB20: =AB15-AB18-AB19 -> 0 | AD20: =AD15-AD18-AD19 -> 0 | AE20: =AE15-AE18-AE19 -> 0 | AF20: =AF15-AF18-AF19 -> 0 | AG20: =AG15-AG18-AG19 -> 0 | AH20: =AH15-AH18-AH19 -> 0 | AI20: =AI15-AI18-AI19 -> -7.501397 | AJ20: =AJ15-AJ18-AJ19 -> -18.717632 | AK20: =AK15-AK18-AK19 -> 1.996016 | AL20: =AL15-AL18-AL19 -> -14.502875 | AN20: прочие
A21: Баланс первичных доходов | B21: =IF(ABS(SUM(J21:M21))<0.05,"—",SUM(J21:M21)) -> — | C21: =IF(ABS(SUM(O21:R21))<0.05,"—",SUM(O21:R21)) -> — | D21: =IF(ABS(SUM(T21:W21))<0.05,"—",SUM(T21:W21)) -> — | E21: =IF(ABS(SUM(Y21:AB21))<0.05,"—",SUM(Y21:AB21)) -> — | F21: =IF(ABS(SUM(AD21:AG21))<0.05,"—",SUM(AD21:AG21)) -> — | G21: =IF(ABS(SUM(AD21:AF21))<0.05,"—",SUM(AD21:AF21)) -> — | H21: =IF(ABS(SUM(AI21:AK21))<0.05,"—",SUM(AI21:AK21)) -> -250.46518 | J21: =J22+J23 -> 0 | K21: =K22+K23 -> 0 | L21: =L22+L23 -> 0 | M21: =M22+M23 -> 0 | N21: ='bop_dt 6'!N136 -> 0 | O21: =O22+O23 -> 0 | P21: =P22+P23 -> 0 | Q21: =Q22+Q23 -> 0 | R21: =R22+R23 -> 0 | S21: ='bop_dt 6'!S136 -> 0 | T21: =T22+T23 -> 0 | U21: =U22+U23 -> 0 | V21: =V22+V23 -> 0 | W21: =W22+W23 -> 0 | Y21: =Y22+Y23 -> 0 | Z21: =Z22+Z23 -> 0 | AA21: =AA22+AA23 -> 0 | AB21: =AB22+AB23 -> 0 | AD21: =AD22+AD23 -> 0 | AE21: =AE22+AE23 -> 0 | AF21: =AF22+AF23 -> 0 | AG21: =AG22+AG23 -> 0 | AH21: ='bop_dt 6'!AH136 -> 0 | AI21: =AI22+AI23 -> 13.963998 | AJ21: =AJ22+AJ23 -> -121.08466 | AK21: =AK22+AK23 -> -143.34452 | AL21: =AL22+AL23 -> -5.9592051 | AN21: Баланс первичных доходов
A22: Оплата труда (нетто) | B22: =IF(ABS(SUM(J22:M22))<0.05,"—",SUM(J22:M22)) -> — | C22: =IF(ABS(SUM(O22:R22))<0.05,"—",SUM(O22:R22)) -> — | D22: =IF(ABS(SUM(T22:W22))<0.05,"—",SUM(T22:W22)) -> — | E22: =IF(ABS(SUM(Y22:AB22))<0.05,"—",SUM(Y22:AB22)) -> — | F22: =IF(ABS(SUM(AD22:AG22))<0.05,"—",SUM(AD22:AG22)) -> — | G22: =IF(ABS(SUM(AD22:AF22))<0.05,"—",SUM(AD22:AF22)) -> — | H22: =IF(ABS(SUM(AI22:AK22))<0.05,"—",SUM(AI22:AK22)) -> -7.9247214 | J22: ='bop_dt 6'!J139 -> 0 | K22: ='bop_dt 6'!K139 -> 0 | L22: ='bop_dt 6'!L139 -> 0 | M22: ='bop_dt 6'!M139 -> 0 | N22: ='bop_dt 6'!N139 -> 0 | O22: ='bop_dt 6'!O139 -> 0 | P22: ='bop_dt 6'!P139 -> 0 | Q22: ='bop_dt 6'!Q139 -> 0 | ... W22: ='bop_dt 6'!W139 -> 0 | Y22: ='bop_dt 6'!Y139 -> 0 | Z22: ='bop_dt 6'!Z139 -> 0 | AA22: ='bop_dt 6'!AA139 -> 0 | AB22: ='bop_dt 6'!AB139 -> 0 | AD22: ='bop_dt 6'!AD139 -> 0 | AE22: ='bop_dt 6'!AE139 -> 0 | AF22: ='bop_dt 6'!AF139 -> 0 | AG22: ='bop_dt 6'!AG139 -> 0 | AH22: ='bop_dt 6'!AH139 -> 0 | AI22: ='bop_dt 6'!AI139 -> -2.5372405 | AJ22: ='bop_dt 6'!AJ139 -> -3.5092405 | AK22: ='bop_dt 6'!AK139 -> -1.8782405 | AL22: ='bop_dt 6'!AL139 -> -3.1482405 | AN22: Оплата труда (нетто)
A23: Инвестиционные доходы | B23: =IF(ABS(SUM(J23:M23))<0.05,"—",SUM(J23:M23)) -> — | C23: =IF(ABS(SUM(O23:R23))<0.05,"—",SUM(O23:R23)) -> — | D23: =IF(ABS(SUM(T23:W23))<0.05,"—",SUM(T23:W23)) -> — | E23: =IF(ABS(SUM(Y23:AB23))<0.05,"—",SUM(Y23:AB23)) -> — | F23: =IF(ABS(SUM(AD23:AG23))<0.05,"—",SUM(AD23:AG23)) -> — | G23: =IF(ABS(SUM(AD23:AF23))<0.05,"—",SUM(AD23:AF23)) -> — | H23: =IF(ABS(SUM(AI23:AK23))<0.05,"—",SUM(AI23:AK23)) -> -242.54046 | J23: ='bop_dt 6'!J142 -> 0 | K23: ='bop_dt 6'!K142 -> 0 | L23: ='bop_dt 6'!L142 -> 0 | M23: ='bop_dt 6'!M142 -> 0 | N23: ='bop_dt 6'!N142 -> 0 | O23: ='bop_dt 6'!O142 -> 0 | P23: ='bop_dt 6'!P142 -> 0 | Q23: ='bop_dt 6'!Q142 -> 0 | ... W23: ='bop_dt 6'!W142 -> 0 | Y23: ='bop_dt 6'!Y142 -> 0 | Z23: ='bop_dt 6'!Z142 -> 0 | AA23: ='bop_dt 6'!AA142 -> 0 | AB23: ='bop_dt 6'!AB142 -> 0 | AD23: ='bop_dt 6'!AD142 -> 0 | AE23: ='bop_dt 6'!AE142 -> 0 | AF23: ='bop_dt 6'!AF142 -> 0 | AG23: ='bop_dt 6'!AG142 -> 0 | AH23: ='bop_dt 6'!AH142 -> 0 | AI23: ='bop_dt 6'!AI142 -> 16.501238 | AJ23: ='bop_dt 6'!AJ142 -> -117.57542 | AK23: ='bop_dt 6'!AK142 -> -141.46628 | AL23: ='bop_dt 6'!AL142 -> -2.8109646 | AN23: Инвестиционные доходы
A24: Доходы к получению | B24: =IF(ABS(SUM(J24:M24))<0.05,"—",SUM(J24:M24)) -> — | C24: =IF(ABS(SUM(O24:R24))<0.05,"—",SUM(O24:R24)) -> — | D24: =IF(ABS(SUM(T24:W24))<0.05,"—",SUM(T24:W24)) -> — | E24: =IF(ABS(SUM(Y24:AB24))<0.05,"—",SUM(Y24:AB24)) -> — | F24: =IF(ABS(SUM(AD24:AG24))<0.05,"—",SUM(AD24:AG24)) -> — | G24: =IF(ABS(SUM(AD24:AF24))<0.05,"—",SUM(AD24:AF24)) -> — | H24: =IF(ABS(SUM(AI24:AK24))<0.05,"—",SUM(AI24:AK24)) -> 16.20368 | J24: ='bop_dt 6'!J143 -> 0 | K24: ='bop_dt 6'!K143 -> 0 | L24: ='bop_dt 6'!L143 -> 0 | M24: ='bop_dt 6'!M143 -> 0 | N24: ='bop_dt 6'!N143 -> 0 | O24: ='bop_dt 6'!O143 -> 0 | P24: ='bop_dt 6'!P143 -> 0 | Q24: ='bop_dt 6'!Q143 -> 0 | ... W24: ='bop_dt 6'!W143 -> 0 | Y24: ='bop_dt 6'!Y143 -> 0 | Z24: ='bop_dt 6'!Z143 -> 0 | AA24: ='bop_dt 6'!AA143 -> 0 | AB24: ='bop_dt 6'!AB143 -> 0 | AD24: ='bop_dt 6'!AD143 -> 0 | AE24: ='bop_dt 6'!AE143 -> 0 | AF24: ='bop_dt 6'!AF143 -> 0 | AG24: ='bop_dt 6'!AG143 -> 0 | AH24: ='bop_dt 6'!AH143 -> 0 | AI24: ='bop_dt 6'!AI143 -> 6.2074673 | AJ24: ='bop_dt 6'!AJ143 -> 5.9572349 | AK24: ='bop_dt 6'!AK143 -> 4.0389783 | AL24: ='bop_dt 6'!AL143 -> 4.4171988 | AN24: Доходы к получению
A25: Доходы к выплате | B25: =IF(ABS(SUM(J25:M25))<0.05,"—",SUM(J25:M25)) -> — | C25: =IF(ABS(SUM(O25:R25))<0.05,"—",SUM(O25:R25)) -> — | D25: =IF(ABS(SUM(T25:W25))<0.05,"—",SUM(T25:W25)) -> — | E25: =IF(ABS(SUM(Y25:AB25))<0.05,"—",SUM(Y25:AB25)) -> — | F25: =IF(ABS(SUM(AD25:AG25))<0.05,"—",SUM(AD25:AG25)) -> — | G25: =IF(ABS(SUM(AD25:AF25))<0.05,"—",SUM(AD25:AF25)) -> — | H25: =IF(ABS(SUM(AI25:AK25))<0.05,"—",SUM(AI25:AK25)) -> 258.74414 | J25: ='bop_dt 6'!J144 -> 0 | K25: ='bop_dt 6'!K144 -> 0 | L25: ='bop_dt 6'!L144 -> 0 | M25: ='bop_dt 6'!M144 -> 0 | N25: ='bop_dt 6'!N144 -> 0 | O25: ='bop_dt 6'!O144 -> 0 | P25: ='bop_dt 6'!P144 -> 0 | Q25: ='bop_dt 6'!Q144 -> 0 | ... W25: ='bop_dt 6'!W144 -> 0 | Y25: ='bop_dt 6'!Y144 -> 0 | Z25: ='bop_dt 6'!Z144 -> 0 | AA25: ='bop_dt 6'!AA144 -> 0 | AB25: ='bop_dt 6'!AB144 -> 0 | AD25: ='bop_dt 6'!AD144 -> 0 | AE25: ='bop_dt 6'!AE144 -> 0 | AF25: ='bop_dt 6'!AF144 -> 0 | AG25: ='bop_dt 6'!AG144 -> 0 | AH25: ='bop_dt 6'!AH144 -> 0 | AI25: ='bop_dt 6'!AI144 -> -10.293771 | AJ25: ='bop_dt 6'!AJ144 -> 123.53265 | AK25: ='bop_dt 6'!AK144 -> 145.50526 | AL25: ='bop_dt 6'!AL144 -> 7.2281634 | AN25: Доходы к выплате
A26: Вторичные доходы | B26: =IF(ABS(SUM(J26:M26))<0.05,"—",SUM(J26:M26)) -> — | C26: =IF(ABS(SUM(O26:R26))<0.05,"—",SUM(O26:R26)) -> — | D26: =IF(ABS(SUM(T26:W26))<0.05,"—",SUM(T26:W26)) -> — | E26: =IF(ABS(SUM(Y26:AB26))<0.05,"—",SUM(Y26:AB26)) -> — | F26: =IF(ABS(SUM(AD26:AG26))<0.05,"—",SUM(AD26:AG26)) -> — | G26: =IF(ABS(SUM(AD26:AF26))<0.05,"—",SUM(AD26:AF26)) -> — | H26: =IF(ABS(SUM(AI26:AK26))<0.05,"—",SUM(AI26:AK26)) -> 1644.8487 | J26: =J27-J28 -> 0 | K26: =K27-K28 -> 0 | L26: =L27-L28 -> 0 | M26: =M27-M28 -> 0 | N26: ='bop_dt 6'!N190 -> 0 | O26: =O27-O28 -> 0 | P26: =P27-P28 -> 0 | Q26: =Q27-Q28 -> 0 | R26: =R27-R28 -> 0 | S26: ='bop_dt 6'!S190 -> 0 | T26: =T27-T28 -> 0 | U26: =U27-U28 -> 0 | V26: =V27-V28 -> 0 | W26: =W27-W28 -> 0 | Y26: =Y27-Y28 -> 0 | Z26: =Z27-Z28 -> 0 | AA26: =AA27-AA28 -> 0 | AB26: =AB27-AB28 -> 0 | AD26: =AD27-AD28 -> 0 | AE26: =AE27-AE28 -> 0 | AF26: =AF27-AF28 -> 0 | AG26: =AG27-AG28 -> 0 | AH26: ='bop_dt 6'!AH190 -> 0 | AI26: =AI27-AI28 -> 408.99436 | AJ26: =AJ27-AJ28 -> 497.58052 | AK26: =AK27-AK28 -> 738.27383 | AL26: =AL27-AL28 -> 601.26464 | AN26: Вторичные доходы
A27: К получению | B27: =IF(ABS(SUM(J27:M27))<0.05,"—",SUM(J27:M27)) -> — | C27: =IF(ABS(SUM(O27:R27))<0.05,"—",SUM(O27:R27)) -> — | D27: =IF(ABS(SUM(T27:W27))<0.05,"—",SUM(T27:W27)) -> — | E27: =IF(ABS(SUM(Y27:AB27))<0.05,"—",SUM(Y27:AB27)) -> — | F27: =IF(ABS(SUM(AD27:AG27))<0.05,"—",SUM(AD27:AG27)) -> — | G27: =IF(ABS(SUM(AD27:AF27))<0.05,"—",SUM(AD27:AF27)) -> — | H27: =IF(ABS(SUM(AI27:AK27))<0.05,"—",SUM(AI27:AK27)) -> 2003.2731 | J27: ='bop_dt 6'!J191 -> 0 | K27: ='bop_dt 6'!K191 -> 0 | L27: ='bop_dt 6'!L191 -> 0 | M27: ='bop_dt 6'!M191 -> 0 | N27: ='bop_dt 6'!N191 -> 0 | O27: ='bop_dt 6'!O191 -> 0 | P27: ='bop_dt 6'!P191 -> 0 | Q27: ='bop_dt 6'!Q191 -> 0 | ... W27: ='bop_dt 6'!W191 -> 0 | Y27: ='bop_dt 6'!Y191 -> 0 | Z27: ='bop_dt 6'!Z191 -> 0 | AA27: ='bop_dt 6'!AA191 -> 0 | AB27: ='bop_dt 6'!AB191 -> 0 | AD27: ='bop_dt 6'!AD191 -> 0 | AE27: ='bop_dt 6'!AE191 -> 0 | AF27: ='bop_dt 6'!AF191 -> 0 | AG27: ='bop_dt 6'!AG191 -> 0 | AH27: ='bop_dt 6'!AH191 -> 0 | AI27: ='bop_dt 6'!AI191 -> 524.4509 | AJ27: ='bop_dt 6'!AJ191 -> 597.84335 | AK27: ='bop_dt 6'!AK191 -> 880.97881 | AL27: ='bop_dt 6'!AL191 -> 741.39705 | AN27: К получению
A28: К выплате | B28: =IF(ABS(SUM(J28:M28))<0.05,"—",SUM(J28:M28)) -> — | C28: =IF(ABS(SUM(O28:R28))<0.05,"—",SUM(O28:R28)) -> — | D28: =IF(ABS(SUM(T28:W28))<0.05,"—",SUM(T28:W28)) -> — | E28: =IF(ABS(SUM(Y28:AB28))<0.05,"—",SUM(Y28:AB28)) -> — | F28: =IF(ABS(SUM(AD28:AG28))<0.05,"—",SUM(AD28:AG28)) -> — | G28: =IF(ABS(SUM(AD28:AF28))<0.05,"—",SUM(AD28:AF28)) -> — | H28: =IF(ABS(SUM(AI28:AK28))<0.05,"—",SUM(AI28:AK28)) -> 358.42435 | J28: ='bop_dt 6'!J192 -> 0 | K28: ='bop_dt 6'!K192 -> 0 | L28: ='bop_dt 6'!L192 -> 0 | M28: ='bop_dt 6'!M192 -> 0 | N28: ='bop_dt 6'!N192 -> 0 | O28: ='bop_dt 6'!O192 -> 0 | P28: ='bop_dt 6'!P192 -> 0 | Q28: ='bop_dt 6'!Q192 -> 0 | ... W28: ='bop_dt 6'!W192 -> 0 | Y28: ='bop_dt 6'!Y192 -> 0 | Z28: ='bop_dt 6'!Z192 -> 0 | AA28: ='bop_dt 6'!AA192 -> 0 | AB28: ='bop_dt 6'!AB192 -> 0 | AD28: ='bop_dt 6'!AD192 -> 0 | AE28: ='bop_dt 6'!AE192 -> 0 | AF28: ='bop_dt 6'!AF192 -> 0 | AG28: ='bop_dt 6'!AG192 -> 0 | AH28: ='bop_dt 6'!AH192 -> 0 | AI28: ='bop_dt 6'!AI192 -> 115.45653 | AJ28: ='bop_dt 6'!AJ192 -> 100.26284 | AK28: ='bop_dt 6'!AK192 -> 142.70498 | AL28: ='bop_dt 6'!AL192 -> 140.13241 | AN28: К выплате
A29: Счет операций с капиталом | B29: =IF(ABS(SUM(J29:M29))<0.05,"—",SUM(J29:M29)) -> — | C29: =IF(ABS(SUM(O29:R29))<0.05,"—",SUM(O29:R29)) -> — | D29: =IF(ABS(SUM(T29:W29))<0.05,"—",SUM(T29:W29)) -> — | E29: =IF(ABS(SUM(Y29:AB29))<0.05,"—",SUM(Y29:AB29)) -> — | F29: =IF(ABS(SUM(AD29:AG29))<0.05,"—",SUM(AD29:AG29)) -> — | G29: =IF(ABS(SUM(AD29:AF29))<0.05,"—",SUM(AD29:AF29)) -> — | H29: =IF(ABS(SUM(AI29:AK29))<0.05,"—",SUM(AI29:AK29)) -> 46.70432 | J29: =J30-J31 -> 0 | K29: =K30-K31 -> 0 | L29: =L30-L31 -> 0 | M29: =M30-M31 -> 0 | N29: ='bop_dt 6'!N208 -> 0 | O29: =O30-O31 -> 0 | P29: =P30-P31 -> 0 | Q29: =Q30-Q31 -> 0 | R29: =R30-R31 -> 0 | S29: ='bop_dt 6'!S208 -> 0 | T29: =T30-T31 -> 0 | U29: =U30-U31 -> 0 | V29: =V30-V31 -> 0 | W29: =W30-W31 -> 0 | Y29: =Y30-Y31 -> 0 | Z29: =Z30-Z31 -> 0 | AA29: =AA30-AA31 -> 0 | AB29: =AB30-AB31 -> 0 | AD29: =AD30-AD31 -> 0 | AE29: =AE30-AE31 -> 0 | AF29: =AF30-AF31 -> 0 | AG29: =AG30-AG31 -> 0 | AH29: ='bop_dt 6'!AH208 -> 0 | AI29: =AI30-AI31 -> 10.400601 | AJ29: =AJ30-AJ31 -> 16.54236 | AK29: =AK30-AK31 -> 19.761359 | AL29: =AL30-AL31 -> 33.055845 | AN29: Счет операций с капиталом
A30: К получению | B30: =IF(ABS(SUM(J30:M30))<0.05,"—",SUM(J30:M30)) -> — | C30: =IF(ABS(SUM(O30:R30))<0.05,"—",SUM(O30:R30)) -> — | D30: =IF(ABS(SUM(T30:W30))<0.05,"—",SUM(T30:W30)) -> — | E30: =IF(ABS(SUM(Y30:AB30))<0.05,"—",SUM(Y30:AB30)) -> — | F30: =IF(ABS(SUM(AD30:AG30))<0.05,"—",SUM(AD30:AG30)) -> — | G30: =IF(ABS(SUM(AD30:AF30))<0.05,"—",SUM(AD30:AF30)) -> — | H30: =IF(ABS(SUM(AI30:AK30))<0.05,"—",SUM(AI30:AK30)) -> 56.144546 | J30: ='bop_dt 6'!J209 -> 0 | K30: ='bop_dt 6'!K209 -> 0 | L30: ='bop_dt 6'!L209 -> 0 | M30: ='bop_dt 6'!M209 -> 0 | N30: ='bop_dt 6'!N209 -> 0 | O30: ='bop_dt 6'!O209 -> 0 | P30: ='bop_dt 6'!P209 -> 0 | Q30: ='bop_dt 6'!Q209 -> 0 | ... W30: ='bop_dt 6'!W209 -> 0 | Y30: ='bop_dt 6'!Y209 -> 0 | Z30: ='bop_dt 6'!Z209 -> 0 | AA30: ='bop_dt 6'!AA209 -> 0 | AB30: ='bop_dt 6'!AB209 -> 0 | AD30: ='bop_dt 6'!AD209 -> 0 | AE30: ='bop_dt 6'!AE209 -> 0 | AF30: ='bop_dt 6'!AF209 -> 0 | AG30: ='bop_dt 6'!AG209 -> 0 | AH30: ='bop_dt 6'!AH209 -> 0 | AI30: ='bop_dt 6'!AI209 -> 14.657216 | AJ30: ='bop_dt 6'!AJ209 -> 17.689281 | AK30: ='bop_dt 6'!AK209 -> 23.798048 | AL30: ='bop_dt 6'!AL209 -> 37.383403 | AN30: К получению
A31: К выплате | B31: =IF(ABS(SUM(J31:M31))<0.05,"—",SUM(J31:M31)) -> — | C31: =IF(ABS(SUM(O31:R31))<0.05,"—",SUM(O31:R31)) -> — | D31: =IF(ABS(SUM(T31:W31))<0.05,"—",SUM(T31:W31)) -> — | E31: =IF(ABS(SUM(Y31:AB31))<0.05,"—",SUM(Y31:AB31)) -> — | F31: =IF(ABS(SUM(AD31:AG31))<0.05,"—",SUM(AD31:AG31)) -> — | G31: =IF(ABS(SUM(AD31:AF31))<0.05,"—",SUM(AD31:AF31)) -> — | H31: =IF(ABS(SUM(AI31:AK31))<0.05,"—",SUM(AI31:AK31)) -> 9.4402259 | J31: ='bop_dt 6'!J210 -> 0 | K31: ='bop_dt 6'!K210 -> 0 | L31: ='bop_dt 6'!L210 -> 0 | M31: ='bop_dt 6'!M210 -> 0 | N31: ='bop_dt 6'!N210 -> 0 | O31: ='bop_dt 6'!O210 -> 0 | P31: ='bop_dt 6'!P210 -> 0 | Q31: ='bop_dt 6'!Q210 -> 0 | ... W31: ='bop_dt 6'!W210 -> 0 | Y31: ='bop_dt 6'!Y210 -> 0 | Z31: ='bop_dt 6'!Z210 -> 0 | AA31: ='bop_dt 6'!AA210 -> 0 | AB31: ='bop_dt 6'!AB210 -> 0 | AD31: ='bop_dt 6'!AD210 -> 0 | AE31: ='bop_dt 6'!AE210 -> 0 | AF31: ='bop_dt 6'!AF210 -> 0 | AG31: ='bop_dt 6'!AG210 -> 0 | AH31: ='bop_dt 6'!AH210 -> 0 | AI31: ='bop_dt 6'!AI210 -> 4.2566149 | AJ31: ='bop_dt 6'!AJ210 -> 1.1469212 | AK31: ='bop_dt 6'!AK210 -> 4.0366898 | AL31: ='bop_dt 6'!AL210 -> 4.3275585 | AN31: К выплате
A32: Чистое кредитование (+)/ чистое заимствование (-) (сальдо по данным счета текущих операций и счета операций с капиталом) | B32: =IF(ABS(SUM(J32:M32))<0.05,"—",SUM(J32:M32)) -> — | C32: =IF(ABS(SUM(O32:R32))<0.05,"—",SUM(O32:R32)) -> — | D32: =IF(ABS(SUM(T32:W32))<0.05,"—",SUM(T32:W32)) -> — | E32: =IF(ABS(SUM(Y32:AB32))<0.05,"—",SUM(Y32:AB32)) -> — | F32: =IF(ABS(SUM(AD32:AG32))<0.05,"—",SUM(AD32:AG32)) -> — | G32: =IF(ABS(SUM(AD32:AF32))<0.05,"—",SUM(AD32:AF32)) -> — | H32: =IF(ABS(SUM(AI32:AK32))<0.05,"—",SUM(AI32:AK32)) -> 383.53792 | J32: =J6+J29 -> 0 | K32: =K6+K29 -> 0 | L32: =L6+L29 -> 0 | M32: =M6+M29 -> 0 | N32: ='bop_dt 6'!N223 -> 0 | O32: =O6+O29 -> 0 | P32: =P6+P29 -> 0 | Q32: =Q6+Q29 -> 0 | R32: =R6+R29 -> 0 | S32: ='bop_dt 6'!S223 -> 0 | T32: =T6+T29 -> 0 | U32: =U6+U29 -> 0 | V32: =V6+V29 -> 0 | W32: =W6+W29 -> 0 | Y32: =Y6+Y29 -> 0 | Z32: =Z6+Z29 -> 0 | AA32: =AA6+AA29 -> 0 | AB32: =AB6+AB29 -> 0 | AD32: =AD6+AD29 -> 0 | AE32: =AE6+AE29 -> 0 | AF32: =AF6+AF29 -> 0 | AG32: =AG6+AG29 -> 0 | AH32: ='bop_dt 6'!AH223 -> 0 | AI32: =AI6+AI29 -> -17.002439 | AJ32: =AJ6+AJ29 -> 208.02369 | AK32: =AK6+AK29 -> 192.51668 | AL32: =AL6+AL29 -> 70.479246 | AN32: Чистое кредитование (+)/ чистое заимствование (-) (сальдо по данным счета текущих операций и счета операций с капиталом)
A33: Финансовый счет | B33: =IF(ABS(SUM(J33:M33))<0.05,"—",SUM(J33:M33)) -> — | C33: =IF(ABS(SUM(O33:R33))<0.05,"—",SUM(O33:R33)) -> — | D33: =IF(ABS(SUM(T33:W33))<0.05,"—",SUM(T33:W33)) -> — | E33: =IF(ABS(SUM(Y33:AB33))<0.05,"—",SUM(Y33:AB33)) -> — | F33: =IF(ABS(SUM(AD33:AG33))<0.05,"—",SUM(AD33:AG33)) -> — | G33: =IF(ABS(SUM(AD33:AF33))<0.05,"—",SUM(AD33:AF33)) -> — | H33: =IF(ABS(SUM(AI33:AK33))<0.05,"—",SUM(AI33:AK33)) -> 215.6872 | J33: =J35+J38+J41+J44 -> 0 | K33: =K35+K38+K41+K44 -> 0 | L33: =L35+L38+L41+L44 -> 0 | M33: =M35+M38+M41+M44 -> 0 | N33: ='bop_dt 6'!N224 -> 0 | O33: =O35+O38+O41+O44 -> 0 | P33: =P35+P38+P41+P44 -> 0 | Q33: =Q35+Q38+Q41+Q44 -> 0 | R33: =R35+R38+R41+R44 -> 0 | S33: ='bop_dt 6'!S224 -> 0 | T33: =T35+T38+T41+T44 -> 0 | U33: =U35+U38+U41+U44 -> 0 | V33: =V35+V38+V41+V44 -> 0 | W33: =W35+W38+W41+W44 -> 0 | Y33: =Y35+Y38+Y41+Y44 -> 0 | Z33: =Z35+Z38+Z41+Z44 -> 0 | AA33: =AA35+AA38+AA41+AA44 -> 0 | AB33: =AB35+AB38+AB41+AB44 -> 0 | AD33: =AD35+AD38+AD41+AD44 -> 0 | AE33: =AE35+AE38+AE41+AE44 -> 0 | AF33: =AF35+AF38+AF41+AF44 -> 0 | AG33: =AG35+AG38+AG41+AG44 -> 0 | AH33: ='bop_dt 6'!AH224 -> 0 | AI33: =AI35+AI38+AI41+AI44 -> 418.03032 | AJ33: =AJ35+AJ38+AJ41+AJ44 -> -199.98639 | AK33: =AK35+AK38+AK41+AK44 -> -2.3567254 | AL33: =AL35+AL38+AL41+AL44 -> #VALUE! | AN33: Финансовый счет
A34: Чистое кредитование (+)/ чистое заимствование (-) (сальдо по данным финансового счета)* | B34: =IF(ABS(SUM(J34:M34))<0.05,"—",SUM(J34:M34)) -> — | C34: =IF(ABS(SUM(O34:R34))<0.05,"—",SUM(O34:R34)) -> — | D34: =IF(ABS(SUM(T34:W34))<0.05,"—",SUM(T34:W34)) -> — | E34: =IF(ABS(SUM(Y34:AB34))<0.05,"—",SUM(Y34:AB34)) -> — | F34: =IF(ABS(SUM(AD34:AG34))<0.05,"—",SUM(AD34:AG34)) -> — | G34: =IF(ABS(SUM(AD34:AF34))<0.05,"—",SUM(AD34:AF34)) -> — | H34: =IF(ABS(SUM(AI34:AK34))<0.05,"—",SUM(AI34:AK34)) -> 215.6872 | J34: =J35+J38+J41+J44 -> 0 | K34: =K35+K38+K41+K44 -> 0 | L34: =L35+L38+L41+L44 -> 0 | M34: =M35+M38+M41+M44 -> 0 | N34: =N35+N38+N41+N44 -> 0 | O34: =O35+O38+O41+O44 -> 0 | P34: =P35+P38+P41+P44 -> 0 | Q34: =Q35+Q38+Q41+Q44 -> 0 | ... W34: =W35+W38+W41+W44 -> 0 | Y34: =Y35+Y38+Y41+Y44 -> 0 | Z34: =Z35+Z38+Z41+Z44 -> 0 | AA34: =AA35+AA38+AA41+AA44 -> 0 | AB34: =AB35+AB38+AB41+AB44 -> 0 | AD34: =AD35+AD38+AD41+AD44 -> 0 | AE34: =AE35+AE38+AE41+AE44 -> 0 | AF34: =AF35+AF38+AF41+AF44 -> 0 | AG34: =AG35+AG38+AG41+AG44 -> 0 | AH34: =AH35+AH38+AH41+AH44 -> 0 | AI34: =AI35+AI38+AI41+AI44 -> 418.03032 | AJ34: =AJ35+AJ38+AJ41+AJ44 -> -199.98639 | AK34: =AK35+AK38+AK41+AK44 -> -2.3567254 | AL34: =AL35+AL38+AL41+AL44 -> #VALUE! | AN34: Чистое кредитование (+)/ чистое заимствование (-) (сальдо по данным финансового счета)*
A35: Прямые инвестиции | B35: =IF(ABS(SUM(J35:M35))<0.05,"—",SUM(J35:M35)) -> — | C35: =IF(ABS(SUM(O35:R35))<0.05,"—",SUM(O35:R35)) -> — | D35: =IF(ABS(SUM(T35:W35))<0.05,"—",SUM(T35:W35)) -> — | E35: =IF(ABS(SUM(Y35:AB35))<0.05,"—",SUM(Y35:AB35)) -> — | F35: =IF(ABS(SUM(AD35:AG35))<0.05,"—",SUM(AD35:AG35)) -> — | G35: =IF(ABS(SUM(AD35:AF35))<0.05,"—",SUM(AD35:AF35)) -> — | H35: =IF(ABS(SUM(AI35:AK35))<0.05,"—",SUM(AI35:AK35)) -> 419.6166 | J35: =J36-J37 -> 0 | K35: =K36-K37 -> 0 | L35: =L36-L37 -> 0 | M35: =M36-M37 -> 0 | N35: ='bop_dt 6'!N226 -> 0 | O35: =O36-O37 -> 0 | P35: =P36-P37 -> 0 | Q35: =Q36-Q37 -> 0 | R35: =R36-R37 -> 0 | S35: ='bop_dt 6'!S226 -> 0 | T35: =T36-T37 -> 0 | U35: =U36-U37 -> 0 | V35: =V36-V37 -> 0 | W35: =W36-W37 -> 0 | Y35: =Y36-Y37 -> 0 | Z35: =Z36-Z37 -> 0 | AA35: =AA36-AA37 -> 0 | AB35: =AB36-AB37 -> 0 | AD35: =AD36-AD37 -> 0 | AE35: =AE36-AE37 -> 0 | AF35: =AF36-AF37 -> 0 | AG35: =AG36-AG37 -> 0 | AH35: ='bop_dt 6'!AH226 -> 0 | AI35: =AI36-AI37 -> 345.1996 | AJ35: =AJ36-AJ37 -> 57.5515 | AK35: =AK36-AK37 -> 16.8655 | AL35: =AL36-AL37 -> 162.7886 | AN35: Прямые инвестиции
A36: Чистое приобретение финансовых активов | B36: =IF(ABS(SUM(J36:M36))<0.05,"—",SUM(J36:M36)) -> — | C36: =IF(ABS(SUM(O36:R36))<0.05,"—",SUM(O36:R36)) -> — | D36: =IF(ABS(SUM(T36:W36))<0.05,"—",SUM(T36:W36)) -> — | E36: =IF(ABS(SUM(Y36:AB36))<0.05,"—",SUM(Y36:AB36)) -> — | F36: =IF(ABS(SUM(AD36:AG36))<0.05,"—",SUM(AD36:AG36)) -> — | G36: =IF(ABS(SUM(AD36:AF36))<0.05,"—",SUM(AD36:AF36)) -> — | H36: =IF(ABS(SUM(AI36:AK36))<0.05,"—",SUM(AI36:AK36)) -> 98.8923 | J36: ='bop_dt 6'!J227 -> 0 | K36: ='bop_dt 6'!K227 -> 0 | L36: ='bop_dt 6'!L227 -> 0 | M36: ='bop_dt 6'!M227 -> 0 | N36: ='bop_dt 6'!N227 -> 0 | O36: ='bop_dt 6'!O227 -> 0 | P36: ='bop_dt 6'!P227 -> 0 | Q36: ='bop_dt 6'!Q227 -> 0 | ... W36: ='bop_dt 6'!W227 -> 0 | Y36: ='bop_dt 6'!Y227 -> 0 | Z36: ='bop_dt 6'!Z227 -> 0 | AA36: ='bop_dt 6'!AA227 -> 0 | AB36: ='bop_dt 6'!AB227 -> 0 | AD36: ='bop_dt 6'!AD227 -> 0 | AE36: ='bop_dt 6'!AE227 -> 0 | AF36: ='bop_dt 6'!AF227 -> 0 | AG36: ='bop_dt 6'!AG227 -> 0 | AH36: ='bop_dt 6'!AH227 -> 0 | AI36: ='bop_dt 6'!AI227 -> 80.2895 | AJ36: ='bop_dt 6'!AJ227 -> -117.0153 | AK36: ='bop_dt 6'!AK227 -> 135.6181 | AL36: ='bop_dt 6'!AL227 -> 81.9943 | AN36: Чистое приобретение финансовых активов
A37: Чистое принятие обязательств | B37: =IF(ABS(SUM(J37:M37))<0.05,"—",SUM(J37:M37)) -> — | C37: =IF(ABS(SUM(O37:R37))<0.05,"—",SUM(O37:R37)) -> — | D37: =IF(ABS(SUM(T37:W37))<0.05,"—",SUM(T37:W37)) -> — | E37: =IF(ABS(SUM(Y37:AB37))<0.05,"—",SUM(Y37:AB37)) -> — | F37: =IF(ABS(SUM(AD37:AG37))<0.05,"—",SUM(AD37:AG37)) -> — | G37: =IF(ABS(SUM(AD37:AF37))<0.05,"—",SUM(AD37:AF37)) -> — | H37: =IF(ABS(SUM(AI37:AK37))<0.05,"—",SUM(AI37:AK37)) -> -320.7243 | J37: ='bop_dt 6'!J232 -> 0 | K37: ='bop_dt 6'!K232 -> 0 | L37: ='bop_dt 6'!L232 -> 0 | M37: ='bop_dt 6'!M232 -> 0 | N37: ='bop_dt 6'!N232 -> 0 | O37: ='bop_dt 6'!O232 -> 0 | P37: ='bop_dt 6'!P232 -> 0 | Q37: ='bop_dt 6'!Q232 -> 0 | ... W37: ='bop_dt 6'!W232 -> 0 | Y37: ='bop_dt 6'!Y232 -> 0 | Z37: ='bop_dt 6'!Z232 -> 0 | AA37: ='bop_dt 6'!AA232 -> 0 | AB37: ='bop_dt 6'!AB232 -> 0 | AD37: ='bop_dt 6'!AD232 -> 0 | AE37: ='bop_dt 6'!AE232 -> 0 | AF37: ='bop_dt 6'!AF232 -> 0 | AG37: ='bop_dt 6'!AG232 -> 0 | AH37: ='bop_dt 6'!AH232 -> 0 | AI37: ='bop_dt 6'!AI232 -> -264.9101 | AJ37: ='bop_dt 6'!AJ232 -> -174.5668 | AK37: ='bop_dt 6'!AK232 -> 118.7526 | AL37: ='bop_dt 6'!AL232 -> -80.7943 | AN37: Чистое принятие обязательств
A38: Портфельные инвестиции | B38: =IF(ABS(SUM(J38:M38))<0.05,"—",SUM(J38:M38)) -> — | C38: =IF(ABS(SUM(O38:R38))<0.05,"—",SUM(O38:R38)) -> — | D38: =IF(ABS(SUM(T38:W38))<0.05,"—",SUM(T38:W38)) -> — | E38: =IF(ABS(SUM(Y38:AB38))<0.05,"—",SUM(Y38:AB38)) -> — | F38: =IF(ABS(SUM(AD38:AG38))<0.05,"—",SUM(AD38:AG38)) -> — | G38: =IF(ABS(SUM(AD38:AF38))<0.05,"—",SUM(AD38:AF38)) -> — | H38: =IF(ABS(SUM(AI38:AK38))<0.05,"—",SUM(AI38:AK38)) -> -15.224018 | J38: =J39-J40 -> 0 | K38: =K39-K40 -> 0 | L38: =L39-L40 -> 0 | M38: =M39-M40 -> 0 | N38: ='bop_dt 6'!N243 -> 0 | O38: =O39-O40 -> 0 | P38: =P39-P40 -> 0 | Q38: =Q39-Q40 -> 0 | R38: =R39-R40 -> 0 | S38: ='bop_dt 6'!S243 -> 0 | T38: =T39-T40 -> 0 | U38: =U39-U40 -> 0 | V38: =V39-V40 -> 0 | W38: =W39-W40 -> 0 | Y38: =Y39-Y40 -> 0 | Z38: =Z39-Z40 -> 0 | AA38: =AA39-AA40 -> 0 | AB38: =AB39-AB40 -> 0 | AD38: =AD39-AD40 -> 0 | AE38: =AE39-AE40 -> 0 | AF38: =AF39-AF40 -> 0 | AG38: =AG39-AG40 -> 0 | AH38: ='bop_dt 6'!AH243 -> 0 | AI38: =AI39-AI40 -> -15.049864 | AJ38: =AJ39-AJ40 -> -0.084644826 | AK38: =AK39-AK40 -> -0.089509284 | AL38: =AL39-AL40 -> #VALUE! | AN38: Портфельные инвестиции
A39: Чистое приобретение финансовых активов | B39: =IF(ABS(SUM(J39:M39))<0.05,"—",SUM(J39:M39)) -> — | C39: =IF(ABS(SUM(O39:R39))<0.05,"—",SUM(O39:R39)) -> — | D39: =IF(ABS(SUM(T39:W39))<0.05,"—",SUM(T39:W39)) -> — | E39: =IF(ABS(SUM(Y39:AB39))<0.05,"—",SUM(Y39:AB39)) -> — | F39: =IF(ABS(SUM(AD39:AG39))<0.05,"—",SUM(AD39:AG39)) -> — | G39: =IF(ABS(SUM(AD39:AF39))<0.05,"—",SUM(AD39:AF39)) -> — | H39: =IF(ABS(SUM(AI39:AK39))<0.05,"—",SUM(AI39:AK39)) -> -14.9582 | J39: ='bop_dt 6'!J244 -> 0 | K39: ='bop_dt 6'!K244 -> 0 | L39: ='bop_dt 6'!L244 -> 0 | M39: ='bop_dt 6'!M244 -> 0 | N39: ='bop_dt 6'!N244 -> 0 | O39: ='bop_dt 6'!O244 -> 0 | P39: ='bop_dt 6'!P244 -> 0 | Q39: ='bop_dt 6'!Q244 -> 0 | ... W39: ='bop_dt 6'!W244 -> 0 | Y39: ='bop_dt 6'!Y244 -> 0 | Z39: ='bop_dt 6'!Z244 -> 0 | AA39: ='bop_dt 6'!AA244 -> 0 | AB39: ='bop_dt 6'!AB244 -> 0 | AD39: ='bop_dt 6'!AD244 -> 0 | AE39: ='bop_dt 6'!AE244 -> 0 | AF39: ='bop_dt 6'!AF244 -> 0 | AG39: ='bop_dt 6'!AG244 -> 0 | AH39: ='bop_dt 6'!AH244 -> 0 | AI39: ='bop_dt 6'!AI244 -> -14.9582 | AJ39: ='bop_dt 6'!AJ244 -> 0 | AK39: ='bop_dt 6'!AK244 -> 0 | AL39: ='bop_dt 6'!AL244 -> — | AN39: Чистое приобретение финансовых активов
A40: Чистое принятие обязательств | B40: =IF(ABS(SUM(J40:M40))<0.05,"—",SUM(J40:M40)) -> — | C40: =IF(ABS(SUM(O40:R40))<0.05,"—",SUM(O40:R40)) -> — | D40: =IF(ABS(SUM(T40:W40))<0.05,"—",SUM(T40:W40)) -> — | E40: =IF(ABS(SUM(Y40:AB40))<0.05,"—",SUM(Y40:AB40)) -> — | F40: =IF(ABS(SUM(AD40:AG40))<0.05,"—",SUM(AD40:AG40)) -> — | G40: =IF(ABS(SUM(AD40:AF40))<0.05,"—",SUM(AD40:AF40)) -> — | H40: =IF(ABS(SUM(AI40:AK40))<0.05,"—",SUM(AI40:AK40)) -> 0.26581772 | J40: ='bop_dt 6'!J255 -> 0 | K40: ='bop_dt 6'!K255 -> 0 | L40: ='bop_dt 6'!L255 -> 0 | M40: ='bop_dt 6'!M255 -> 0 | N40: ='bop_dt 6'!N255 -> 0 | O40: ='bop_dt 6'!O255 -> 0 | P40: ='bop_dt 6'!P255 -> 0 | Q40: ='bop_dt 6'!Q255 -> 0 | ... W40: ='bop_dt 6'!W255 -> 0 | Y40: ='bop_dt 6'!Y255 -> 0 | Z40: ='bop_dt 6'!Z255 -> 0 | AA40: ='bop_dt 6'!AA255 -> 0 | AB40: ='bop_dt 6'!AB255 -> 0 | AD40: ='bop_dt 6'!AD255 -> 0 | AE40: ='bop_dt 6'!AE255 -> 0 | AF40: ='bop_dt 6'!AF255 -> 0 | AG40: ='bop_dt 6'!AG255 -> 0 | AH40: ='bop_dt 6'!AH255 -> 0 | AI40: ='bop_dt 6'!AI255 -> 0.091663607 | AJ40: ='bop_dt 6'!AJ255 -> 0.084644826 | AK40: ='bop_dt 6'!AK255 -> 0.089509284 | AL40: ='bop_dt 6'!AL255 -> -0.15372362 | AN40: Чистое принятие обязательств
A41: Производные финансовые инструменты | B41: =IF(ABS(SUM(J41:M41))<0.05,"—",SUM(J41:M41)) -> — | C41: =IF(ABS(SUM(O41:R41))<0.05,"—",SUM(O41:R41)) -> — | D41: =IF(ABS(SUM(T41:W41))<0.05,"—",SUM(T41:W41)) -> — | E41: =IF(ABS(SUM(Y41:AB41))<0.05,"—",SUM(Y41:AB41)) -> — | F41: =IF(ABS(SUM(AD41:AG41))<0.05,"—",SUM(AD41:AG41)) -> — | G41: =IF(ABS(SUM(AD41:AF41))<0.05,"—",SUM(AD41:AF41)) -> — | H41: =IF(ABS(SUM(AI41:AK41))<0.05,"—",SUM(AI41:AK41)) -> 0.68455943 | J41: =J42-J43 -> 0 | K41: =K42-K43 -> 0 | L41: =L42-L43 -> 0 | M41: =M42-M43 -> 0 | N41: ='bop_dt 6'!N266 -> 0 | O41: =O42-O43 -> 0 | P41: =P42-P43 -> 0 | Q41: =Q42-Q43 -> 0 | R41: =R42-R43 -> 0 | S41: ='bop_dt 6'!S266 -> 0 | T41: =T42-T43 -> 0 | U41: =U42-U43 -> 0 | V41: =V42-V43 -> 0 | W41: =W42-W43 -> 0 | Y41: =Y42-Y43 -> 0 | Z41: =Z42-Z43 -> 0 | AA41: =AA42-AA43 -> 0 | AB41: =AB42-AB43 -> 0 | AD41: =AD42-AD43 -> 0 | AE41: =AE42-AE43 -> 0 | AF41: =AF42-AF43 -> 0 | AG41: =AG42-AG43 -> 0 | AH41: ='bop_dt 6'!AH266 -> 0 | AI41: =AI42-AI43 -> 0.1243547 | AJ41: =AJ42-AJ43 -> -0.53603023 | AK41: =AK42-AK43 -> 1.096235 | AL41: =AL42-AL43 -> -7.8479135 | AN41: Производные финансовые инструменты
A42: Чистое приобретение финансовых активов | B42: =IF(ABS(SUM(J42:M42))<0.05,"—",SUM(J42:M42)) -> — | C42: =IF(ABS(SUM(O42:R42))<0.05,"—",SUM(O42:R42)) -> — | D42: =IF(ABS(SUM(T42:W42))<0.05,"—",SUM(T42:W42)) -> — | E42: =IF(ABS(SUM(Y42:AB42))<0.05,"—",SUM(Y42:AB42)) -> — | F42: =IF(ABS(SUM(AD42:AG42))<0.05,"—",SUM(AD42:AG42)) -> — | G42: =IF(ABS(SUM(AD42:AF42))<0.05,"—",SUM(AD42:AF42)) -> — | H42: =IF(ABS(SUM(AI42:AK42))<0.05,"—",SUM(AI42:AK42)) -> 7.9739458 | J42: ='bop_dt 6'!J267 -> 0 | K42: ='bop_dt 6'!K267 -> 0 | L42: ='bop_dt 6'!L267 -> 0 | M42: ='bop_dt 6'!M267 -> 0 | N42: ='bop_dt 6'!N267 -> 0 | O42: ='bop_dt 6'!O267 -> 0 | P42: ='bop_dt 6'!P267 -> 0 | Q42: ='bop_dt 6'!Q267 -> 0 | ... W42: ='bop_dt 6'!W267 -> 0 | Y42: ='bop_dt 6'!Y267 -> 0 | Z42: ='bop_dt 6'!Z267 -> 0 | AA42: ='bop_dt 6'!AA267 -> 0 | AB42: ='bop_dt 6'!AB267 -> 0 | AD42: ='bop_dt 6'!AD267 -> 0 | AE42: ='bop_dt 6'!AE267 -> 0 | AF42: ='bop_dt 6'!AF267 -> 0 | AG42: ='bop_dt 6'!AG267 -> 0 | AH42: ='bop_dt 6'!AH267 -> 0 | AI42: ='bop_dt 6'!AI267 -> -2.9399215 | AJ42: ='bop_dt 6'!AJ267 -> 0.42511895 | AK42: ='bop_dt 6'!AK267 -> 10.488748 | AL42: ='bop_dt 6'!AL267 -> 1.1855741 | AN42: Чистое приобретение финансовых активов
A43: Чистое принятие обязательств | B43: =IF(ABS(SUM(J43:M43))<0.05,"—",SUM(J43:M43)) -> — | C43: =IF(ABS(SUM(O43:R43))<0.05,"—",SUM(O43:R43)) -> — | D43: =IF(ABS(SUM(T43:W43))<0.05,"—",SUM(T43:W43)) -> — | E43: =IF(ABS(SUM(Y43:AB43))<0.05,"—",SUM(Y43:AB43)) -> — | F43: =IF(ABS(SUM(AD43:AG43))<0.05,"—",SUM(AD43:AG43)) -> — | G43: =IF(ABS(SUM(AD43:AF43))<0.05,"—",SUM(AD43:AF43)) -> — | H43: =IF(ABS(SUM(AI43:AK43))<0.05,"—",SUM(AI43:AK43)) -> 7.2893864 | J43: ='bop_dt 6'!J268 -> 0 | K43: ='bop_dt 6'!K268 -> 0 | L43: ='bop_dt 6'!L268 -> 0 | M43: ='bop_dt 6'!M268 -> 0 | N43: ='bop_dt 6'!N268 -> 0 | O43: ='bop_dt 6'!O268 -> 0 | P43: ='bop_dt 6'!P268 -> 0 | Q43: ='bop_dt 6'!Q268 -> 0 | ... W43: ='bop_dt 6'!W268 -> 0 | Y43: ='bop_dt 6'!Y268 -> 0 | Z43: ='bop_dt 6'!Z268 -> 0 | AA43: ='bop_dt 6'!AA268 -> 0 | AB43: ='bop_dt 6'!AB268 -> 0 | AD43: ='bop_dt 6'!AD268 -> 0 | AE43: ='bop_dt 6'!AE268 -> 0 | AF43: ='bop_dt 6'!AF268 -> 0 | AG43: ='bop_dt 6'!AG268 -> 0 | AH43: ='bop_dt 6'!AH268 -> 0 | AI43: ='bop_dt 6'!AI268 -> -3.0642762 | AJ43: ='bop_dt 6'!AJ268 -> 0.96114917 | AK43: ='bop_dt 6'!AK268 -> 9.3925135 | AL43: ='bop_dt 6'!AL268 -> 9.0334876 | AN43: Чистое принятие обязательств
A44: Прочие инвестиции | B44: =IF(ABS(SUM(J44:M44))<0.05,"—",SUM(J44:M44)) -> — | C44: =IF(ABS(SUM(O44:R44))<0.05,"—",SUM(O44:R44)) -> — | D44: =IF(ABS(SUM(T44:W44))<0.05,"—",SUM(T44:W44)) -> — | E44: =IF(ABS(SUM(Y44:AB44))<0.05,"—",SUM(Y44:AB44)) -> — | F44: =IF(ABS(SUM(AD44:AG44))<0.05,"—",SUM(AD44:AG44)) -> — | G44: =IF(ABS(SUM(AD44:AF44))<0.05,"—",SUM(AD44:AF44)) -> — | H44: =IF(ABS(SUM(AI44:AK44))<0.05,"—",SUM(AI44:AK44)) -> -189.38994 | J44: =J45-J46 -> 0 | K44: =K45-K46 -> 0 | L44: =L45-L46 -> 0 | M44: =M45-M46 -> 0 | N44: ='bop_dt 6'!N269 -> 0 | O44: =O45-O46 -> 0 | P44: =P45-P46 -> 0 | Q44: =Q45-Q46 -> 0 | R44: =R45-R46 -> 0 | S44: ='bop_dt 6'!S269 -> 0 | T44: =T45-T46 -> 0 | U44: =U45-U46 -> 0 | V44: =V45-V46 -> 0 | W44: =W45-W46 -> 0 | Y44: =Y45-Y46 -> 0 | Z44: =Z45-Z46 -> 0 | AA44: =AA45-AA46 -> 0 | AB44: =AB45-AB46 -> 0 | AD44: =AD45-AD46 -> 0 | AE44: =AE45-AE46 -> 0 | AF44: =AF45-AF46 -> 0 | AG44: =AG45-AG46 -> 0 | AH44: ='bop_dt 6'!AH269 -> 0 | AI44: =AI45-AI46 -> 87.75623 | AJ44: =AJ45-AJ46 -> -256.91722 | AK44: =AK45-AK46 -> -20.228951 | AL44: =AL45-AL46 -> 90.193832 | AN44: Прочие инвестиции
A45: Чистое приобретение финансовых активов | B45: =IF(ABS(SUM(J45:M45))<0.05,"—",SUM(J45:M45)) -> — | C45: =IF(ABS(SUM(O45:R45))<0.05,"—",SUM(O45:R45)) -> — | D45: =IF(ABS(SUM(T45:W45))<0.05,"—",SUM(T45:W45)) -> — | E45: =IF(ABS(SUM(Y45:AB45))<0.05,"—",SUM(Y45:AB45)) -> — | F45: =IF(ABS(SUM(AD45:AG45))<0.05,"—",SUM(AD45:AG45)) -> — | G45: =IF(ABS(SUM(AD45:AF45))<0.05,"—",SUM(AD45:AF45)) -> — | H45: =IF(ABS(SUM(AI45:AK45))<0.05,"—",SUM(AI45:AK45)) -> 89.757046 | J45: ='bop_dt 6'!J270 -> 0 | K45: ='bop_dt 6'!K270 -> 0 | L45: ='bop_dt 6'!L270 -> 0 | M45: ='bop_dt 6'!M270 -> 0 | N45: ='bop_dt 6'!N270 -> 0 | O45: ='bop_dt 6'!O270 -> 0 | P45: ='bop_dt 6'!P270 -> 0 | Q45: ='bop_dt 6'!Q270 -> 0 | ... W45: ='bop_dt 6'!W270 -> 0 | Y45: ='bop_dt 6'!Y270 -> 0 | Z45: ='bop_dt 6'!Z270 -> 0 | AA45: ='bop_dt 6'!AA270 -> 0 | AB45: ='bop_dt 6'!AB270 -> 0 | AD45: ='bop_dt 6'!AD270 -> 0 | AE45: ='bop_dt 6'!AE270 -> 0 | AF45: ='bop_dt 6'!AF270 -> 0 | AG45: ='bop_dt 6'!AG270 -> 0 | AH45: ='bop_dt 6'!AH270 -> 0 | AI45: ='bop_dt 6'!AI270 -> 91.671631 | AJ45: ='bop_dt 6'!AJ270 -> -48.6287 | AK45: ='bop_dt 6'!AK270 -> 46.714115 | AL45: ='bop_dt 6'!AL270 -> -9.8286158 | AN45: Чистое приобретение финансовых активов
A46: Чистое принятие обязательств | B46: =IF(ABS(SUM(J46:M46))<0.05,"—",SUM(J46:M46)) -> — | C46: =IF(ABS(SUM(O46:R46))<0.05,"—",SUM(O46:R46)) -> — | D46: =IF(ABS(SUM(T46:W46))<0.05,"—",SUM(T46:W46)) -> — | E46: =IF(ABS(SUM(Y46:AB46))<0.05,"—",SUM(Y46:AB46)) -> — | F46: =IF(ABS(SUM(AD46:AG46))<0.05,"—",SUM(AD46:AG46)) -> — | G46: =IF(ABS(SUM(AD46:AF46))<0.05,"—",SUM(AD46:AF46)) -> — | H46: =IF(ABS(SUM(AI46:AK46))<0.05,"—",SUM(AI46:AK46)) -> 279.14698 | J46: ='bop_dt 6'!J271 -> 0 | K46: ='bop_dt 6'!K271 -> 0 | L46: ='bop_dt 6'!L271 -> 0 | M46: ='bop_dt 6'!M271 -> 0 | N46: ='bop_dt 6'!N271 -> 0 | O46: ='bop_dt 6'!O271 -> 0 | P46: ='bop_dt 6'!P271 -> 0 | Q46: ='bop_dt 6'!Q271 -> 0 | ... W46: ='bop_dt 6'!W271 -> 0 | Y46: ='bop_dt 6'!Y271 -> 0 | Z46: ='bop_dt 6'!Z271 -> 0 | AA46: ='bop_dt 6'!AA271 -> 0 | AB46: ='bop_dt 6'!AB271 -> 0 | AD46: ='bop_dt 6'!AD271 -> 0 | AE46: ='bop_dt 6'!AE271 -> 0 | AF46: ='bop_dt 6'!AF271 -> 0 | AG46: ='bop_dt 6'!AG271 -> 0 | AH46: ='bop_dt 6'!AH271 -> 0 | AI46: ='bop_dt 6'!AI271 -> 3.9154005 | AJ46: ='bop_dt 6'!AJ271 -> 208.28852 | AK46: ='bop_dt 6'!AK271 -> 66.943067 | AL46: ='bop_dt 6'!AL271 -> -100.02245 | AN46: Чистое принятие обязательств
A47: Прочее участие в капитале | B47: =IF(ABS(SUM(J47:M47))<0.05,"—",SUM(J47:M47)) -> — | C47: =IF(ABS(SUM(O47:R47))<0.05,"—",SUM(O47:R47)) -> — | D47: =IF(ABS(SUM(T47:W47))<0.05,"—",SUM(T47:W47)) -> — | E47: =IF(ABS(SUM(Y47:AB47))<0.05,"—",SUM(Y47:AB47)) -> — | F47: =IF(ABS(SUM(AD47:AG47))<0.05,"—",SUM(AD47:AG47)) -> — | G47: =IF(ABS(SUM(AD47:AF47))<0.05,"—",SUM(AD47:AF47)) -> — | H47: =IF(ABS(SUM(AI47:AK47))<0.05,"—",SUM(AI47:AK47)) -> — | J47: ='bop_dt 6'!J272 -> 0 | K47: ='bop_dt 6'!K272 -> 0 | L47: ='bop_dt 6'!L272 -> 0 | M47: ='bop_dt 6'!M272 -> 0 | N47: ='bop_dt 6'!N272 -> 0 | O47: ='bop_dt 6'!O272 -> 0 | P47: ='bop_dt 6'!P272 -> 0 | Q47: ='bop_dt 6'!Q272 -> 0 | ... W47: ='bop_dt 6'!W272 -> 0 | Y47: ='bop_dt 6'!Y272 -> 0 | Z47: ='bop_dt 6'!Z272 -> 0 | AA47: ='bop_dt 6'!AA272 -> 0 | AB47: ='bop_dt 6'!AB272 -> 0 | AD47: ='bop_dt 6'!AD272 -> 0 | AE47: ='bop_dt 6'!AE272 -> 0 | AF47: ='bop_dt 6'!AF272 -> 0 | AG47: ='bop_dt 6'!AG272 -> 0 | AH47: ='bop_dt 6'!AH272 -> 0 | AI47: ='bop_dt 6'!AI272 -> 0 | AJ47: ='bop_dt 6'!AJ272 -> 0 | AK47: ='bop_dt 6'!AK272 -> 0 | AL47: ='bop_dt 6'!AL272 -> — | AN47: Прочее участие в капитале
A48: Наличная валюта и депозиты | B48: =IF(ABS(SUM(J48:M48))<0.05,"—",SUM(J48:M48)) -> — | C48: =IF(ABS(SUM(O48:R48))<0.05,"—",SUM(O48:R48)) -> — | D48: =IF(ABS(SUM(T48:W48))<0.05,"—",SUM(T48:W48)) -> — | E48: =IF(ABS(SUM(Y48:AB48))<0.05,"—",SUM(Y48:AB48)) -> — | F48: =IF(ABS(SUM(AD48:AG48))<0.05,"—",SUM(AD48:AG48)) -> — | G48: =IF(ABS(SUM(AD48:AF48))<0.05,"—",SUM(AD48:AF48)) -> — | H48: =IF(ABS(SUM(AI48:AK48))<0.05,"—",SUM(AI48:AK48)) -> 115.22458 | J48: ='bop_dt 6'!J275 -> 0 | K48: ='bop_dt 6'!K275 -> 0 | L48: ='bop_dt 6'!L275 -> 0 | M48: ='bop_dt 6'!M275 -> 0 | N48: ='bop_dt 6'!N275 -> 0 | O48: ='bop_dt 6'!O275 -> 0 | P48: ='bop_dt 6'!P275 -> 0 | Q48: ='bop_dt 6'!Q275 -> 0 | ... W48: ='bop_dt 6'!W275 -> 0 | Y48: ='bop_dt 6'!Y275 -> 0 | Z48: ='bop_dt 6'!Z275 -> 0 | AA48: ='bop_dt 6'!AA275 -> 0 | AB48: ='bop_dt 6'!AB275 -> 0 | AD48: ='bop_dt 6'!AD275 -> 0 | AE48: ='bop_dt 6'!AE275 -> 0 | AF48: ='bop_dt 6'!AF275 -> 0 | AG48: ='bop_dt 6'!AG275 -> 0 | AH48: ='bop_dt 6'!AH275 -> 0 | AI48: ='bop_dt 6'!AI275 -> 66.382321 | AJ48: ='bop_dt 6'!AJ275 -> 6.093259 | AK48: ='bop_dt 6'!AK275 -> 42.749002 | AL48: ='bop_dt 6'!AL275 -> 1.829675 | AN48: Наличная валюта и депозиты
A49: Центральный банк | B49: =IF(ABS(SUM(J49:M49))<0.05,"—",SUM(J49:M49)) -> — | C49: =IF(ABS(SUM(O49:R49))<0.05,"—",SUM(O49:R49)) -> — | D49: =IF(ABS(SUM(T49:W49))<0.05,"—",SUM(T49:W49)) -> — | E49: =IF(ABS(SUM(Y49:AB49))<0.05,"—",SUM(Y49:AB49)) -> — | F49: =IF(ABS(SUM(AD49:AG49))<0.05,"—",SUM(AD49:AG49)) -> — | G49: =IF(ABS(SUM(AD49:AF49))<0.05,"—",SUM(AD49:AF49)) -> — | H49: =IF(ABS(SUM(AI49:AK49))<0.05,"—",SUM(AI49:AK49)) -> -33.011177 | J49: ='bop_dt 6'!J277-'bop_dt 6'!J286 -> 0 | K49: ='bop_dt 6'!K277-'bop_dt 6'!K286 -> 0 | L49: ='bop_dt 6'!L277-'bop_dt 6'!L286 -> 0 | M49: ='bop_dt 6'!M277-'bop_dt 6'!M286 -> 0 | N49: ='bop_dt 6'!N277-'bop_dt 6'!N286 -> 0 | O49: ='bop_dt 6'!O277-'bop_dt 6'!O286 -> 0 | P49: ='bop_dt 6'!P277-'bop_dt 6'!P286 -> 0 | Q49: ='bop_dt 6'!Q277-'bop_dt 6'!Q286 -> 0 | ... W49: ='bop_dt 6'!W277-'bop_dt 6'!W286 -> 0 | Y49: ='bop_dt 6'!Y277-'bop_dt 6'!Y286 -> 0 | Z49: ='bop_dt 6'!Z277-'bop_dt 6'!Z286 -> 0 | AA49: ='bop_dt 6'!AA277-'bop_dt 6'!AA286 -> 0 | AB49: ='bop_dt 6'!AB277-'bop_dt 6'!AB286 -> 0 | AD49: ='bop_dt 6'!AD277-'bop_dt 6'!AD286 -> 0 | AE49: ='bop_dt 6'!AE277-'bop_dt 6'!AE286 -> 0 | AF49: ='bop_dt 6'!AF277-'bop_dt 6'!AF286 -> 0 | AG49: ='bop_dt 6'!AG277-'bop_dt 6'!AG286 -> 0 | AH49: ='bop_dt 6'!AH277-'bop_dt 6'!AH286 -> 0 | AI49: ='bop_dt 6'!AI277-'bop_dt 6'!AI286 -> -1.9930778 | AJ49: ='bop_dt 6'!AJ277-'bop_dt 6'!AJ286 -> -1.7070363 | AK49: ='bop_dt 6'!AK277-'bop_dt 6'!AK286 -> -29.311063 | AL49: ='bop_dt 6'!AL277-'bop_dt 6'!AL286 -> #VALUE! | AN49: Центральный банк
A50: Депозитные организации, за исключением центрального банка | B50: =IF(ABS(SUM(J50:M50))<0.05,"—",SUM(J50:M50)) -> — | C50: =IF(ABS(SUM(O50:R50))<0.05,"—",SUM(O50:R50)) -> — | D50: =IF(ABS(SUM(T50:W50))<0.05,"—",SUM(T50:W50)) -> — | E50: =IF(ABS(SUM(Y50:AB50))<0.05,"—",SUM(Y50:AB50)) -> — | F50: =IF(ABS(SUM(AD50:AG50))<0.05,"—",SUM(AD50:AG50)) -> — | G50: =IF(ABS(SUM(AD50:AF50))<0.05,"—",SUM(AD50:AF50)) -> — | H50: =IF(ABS(SUM(AI50:AK50))<0.05,"—",SUM(AI50:AK50)) -> 99.164559 | J50: ='bop_dt 6'!J278-'bop_dt 6'!J289 -> 0 | K50: ='bop_dt 6'!K278-'bop_dt 6'!K289 -> 0 | L50: ='bop_dt 6'!L278-'bop_dt 6'!L289 -> 0 | M50: ='bop_dt 6'!M278-'bop_dt 6'!M289 -> 0 | N50: ='bop_dt 6'!N278-'bop_dt 6'!N289 -> 0 | O50: ='bop_dt 6'!O278-'bop_dt 6'!O289 -> 0 | P50: ='bop_dt 6'!P278-'bop_dt 6'!P289 -> 0 | Q50: ='bop_dt 6'!Q278-'bop_dt 6'!Q289 -> 0 | ... W50: ='bop_dt 6'!W278-'bop_dt 6'!W289 -> 0 | Y50: ='bop_dt 6'!Y278-'bop_dt 6'!Y289 -> 0 | Z50: ='bop_dt 6'!Z278-'bop_dt 6'!Z289 -> 0 | AA50: ='bop_dt 6'!AA278-'bop_dt 6'!AA289 -> 0 | AB50: ='bop_dt 6'!AB278-'bop_dt 6'!AB289 -> 0 | AD50: ='bop_dt 6'!AD278-'bop_dt 6'!AD289 -> 0 | AE50: ='bop_dt 6'!AE278-'bop_dt 6'!AE289 -> 0 | AF50: ='bop_dt 6'!AF278-'bop_dt 6'!AF289 -> 0 | AG50: ='bop_dt 6'!AG278-'bop_dt 6'!AG289 -> 0 | AH50: ='bop_dt 6'!AH278-'bop_dt 6'!AH289 -> 0 | AI50: ='bop_dt 6'!AI278-'bop_dt 6'!AI289 -> 68.114599 | AJ50: ='bop_dt 6'!AJ278-'bop_dt 6'!AJ289 -> -5.9098047 | AK50: ='bop_dt 6'!AK278-'bop_dt 6'!AK289 -> 36.959765 | AL50: ='bop_dt 6'!AL278-'bop_dt 6'!AL289 -> 76.960951 | AN50: Депозитные организации, за исключением центрального банка
A51: Сектор государственного управления | B51: =IF(ABS(SUM(J51:M51))<0.05,"—",SUM(J51:M51)) -> — | C51: =IF(ABS(SUM(O51:R51))<0.05,"—",SUM(O51:R51)) -> — | D51: =IF(ABS(SUM(T51:W51))<0.05,"—",SUM(T51:W51)) -> — | E51: =IF(ABS(SUM(Y51:AB51))<0.05,"—",SUM(Y51:AB51)) -> — | F51: =IF(ABS(SUM(AD51:AG51))<0.05,"—",SUM(AD51:AG51)) -> — | G51: =IF(ABS(SUM(AD51:AF51))<0.05,"—",SUM(AD51:AF51)) -> — | H51: =IF(ABS(SUM(AI51:AK51))<0.05,"—",SUM(AI51:AK51)) -> — | J51: ='bop_dt 6'!J281-'bop_dt 6'!J292 -> 0 | K51: ='bop_dt 6'!K281-'bop_dt 6'!K292 -> 0 | L51: ='bop_dt 6'!L281-'bop_dt 6'!L292 -> 0 | M51: ='bop_dt 6'!M281-'bop_dt 6'!M292 -> 0 | N51: ='bop_dt 6'!N281-'bop_dt 6'!N292 -> 0 | O51: ='bop_dt 6'!O281-'bop_dt 6'!O292 -> 0 | P51: ='bop_dt 6'!P281-'bop_dt 6'!P292 -> 0 | Q51: ='bop_dt 6'!Q281-'bop_dt 6'!Q292 -> 0 | ... W51: ='bop_dt 6'!W281-'bop_dt 6'!W292 -> 0 | Y51: ='bop_dt 6'!Y281-'bop_dt 6'!Y292 -> 0 | Z51: ='bop_dt 6'!Z281-'bop_dt 6'!Z292 -> 0 | AA51: ='bop_dt 6'!AA281-'bop_dt 6'!AA292 -> 0 | AB51: ='bop_dt 6'!AB281-'bop_dt 6'!AB292 -> 0 | AD51: ='bop_dt 6'!AD281-'bop_dt 6'!AD292 -> 0 | AE51: ='bop_dt 6'!AE281-'bop_dt 6'!AE292 -> 0 | AF51: ='bop_dt 6'!AF281-'bop_dt 6'!AF292 -> 0 | AG51: ='bop_dt 6'!AG281-'bop_dt 6'!AG292 -> 0 | AH51: ='bop_dt 6'!AH281-'bop_dt 6'!AH292 -> 0 | AI51: ='bop_dt 6'!AI281-'bop_dt 6'!AI292 -> 0 | AJ51: ='bop_dt 6'!AJ281-'bop_dt 6'!AJ292 -> 0 | AK51: ='bop_dt 6'!AK281-'bop_dt 6'!AK292 -> 0 | AL51: ='bop_dt 6'!AL281-'bop_dt 6'!AL292 -> #VALUE! | AN51: Сектор государственного управления
A52: Прочие секторы | B52: =IF(ABS(SUM(J52:M52))<0.05,"—",SUM(J52:M52)) -> — | C52: =IF(ABS(SUM(O52:R52))<0.05,"—",SUM(O52:R52)) -> — | D52: =IF(ABS(SUM(T52:W52))<0.05,"—",SUM(T52:W52)) -> — | E52: =IF(ABS(SUM(Y52:AB52))<0.05,"—",SUM(Y52:AB52)) -> — | F52: =IF(ABS(SUM(AD52:AG52))<0.05,"—",SUM(AD52:AG52)) -> — | G52: =IF(ABS(SUM(AD52:AF52))<0.05,"—",SUM(AD52:AF52)) -> — | H52: =IF(ABS(SUM(AI52:AK52))<0.05,"—",SUM(AI52:AK52)) -> 49.0712 | J52: ='bop_dt 6'!J282-'bop_dt 6'!J293 -> 0 | K52: ='bop_dt 6'!K282-'bop_dt 6'!K293 -> 0 | L52: ='bop_dt 6'!L282-'bop_dt 6'!L293 -> 0 | M52: ='bop_dt 6'!M282-'bop_dt 6'!M293 -> 0 | N52: ='bop_dt 6'!N282-'bop_dt 6'!N293 -> 0 | O52: ='bop_dt 6'!O282-'bop_dt 6'!O293 -> 0 | P52: ='bop_dt 6'!P282-'bop_dt 6'!P293 -> 0 | Q52: ='bop_dt 6'!Q282-'bop_dt 6'!Q293 -> 0 | ... W52: ='bop_dt 6'!W282-'bop_dt 6'!W293 -> 0 | Y52: ='bop_dt 6'!Y282-'bop_dt 6'!Y293 -> 0 | Z52: ='bop_dt 6'!Z282-'bop_dt 6'!Z293 -> 0 | AA52: ='bop_dt 6'!AA282-'bop_dt 6'!AA293 -> 0 | AB52: ='bop_dt 6'!AB282-'bop_dt 6'!AB293 -> 0 | AD52: ='bop_dt 6'!AD282-'bop_dt 6'!AD293 -> 0 | AE52: ='bop_dt 6'!AE282-'bop_dt 6'!AE293 -> 0 | AF52: ='bop_dt 6'!AF282-'bop_dt 6'!AF293 -> 0 | AG52: ='bop_dt 6'!AG282-'bop_dt 6'!AG293 -> 0 | AH52: ='bop_dt 6'!AH282-'bop_dt 6'!AH293 -> 0 | AI52: ='bop_dt 6'!AI282-'bop_dt 6'!AI293 -> 0.2608 | AJ52: ='bop_dt 6'!AJ282-'bop_dt 6'!AJ293 -> 13.7101 | AK52: ='bop_dt 6'!AK282-'bop_dt 6'!AK293 -> 35.1003 | AL52: ='bop_dt 6'!AL282-'bop_dt 6'!AL293 -> #VALUE! | AN52: Прочие секторы
A53: Ссуды и займы | B53: =IF(ABS(SUM(J53:M53))<0.05,"—",SUM(J53:M53)) -> — | C53: =IF(ABS(SUM(O53:R53))<0.05,"—",SUM(O53:R53)) -> — | D53: =IF(ABS(SUM(T53:W53))<0.05,"—",SUM(T53:W53)) -> — | E53: =IF(ABS(SUM(Y53:AB53))<0.05,"—",SUM(Y53:AB53)) -> — | F53: =IF(ABS(SUM(AD53:AG53))<0.05,"—",SUM(AD53:AG53)) -> — | G53: =IF(ABS(SUM(AD53:AF53))<0.05,"—",SUM(AD53:AF53)) -> — | H53: =IF(ABS(SUM(AI53:AK53))<0.05,"—",SUM(AI53:AK53)) -> -339.19353 | J53: ='bop_dt 6'!J294 -> 0 | K53: ='bop_dt 6'!K294 -> 0 | L53: ='bop_dt 6'!L294 -> 0 | M53: ='bop_dt 6'!M294 -> 0 | N53: ='bop_dt 6'!N294 -> 0 | O53: ='bop_dt 6'!O294 -> 0 | P53: ='bop_dt 6'!P294 -> 0 | Q53: ='bop_dt 6'!Q294 -> 0 | ... W53: ='bop_dt 6'!W294 -> 0 | Y53: ='bop_dt 6'!Y294 -> 0 | Z53: ='bop_dt 6'!Z294 -> 0 | AA53: ='bop_dt 6'!AA294 -> 0 | AB53: ='bop_dt 6'!AB294 -> 0 | AD53: ='bop_dt 6'!AD294 -> 0 | AE53: ='bop_dt 6'!AE294 -> 0 | AF53: ='bop_dt 6'!AF294 -> 0 | AG53: ='bop_dt 6'!AG294 -> 0 | AH53: ='bop_dt 6'!AH294 -> 0 | AI53: ='bop_dt 6'!AI294 -> -109.31369 | AJ53: ='bop_dt 6'!AJ294 -> -277.23615 | AK53: ='bop_dt 6'!AK294 -> 47.356309 | AL53: ='bop_dt 6'!AL294 -> -21.780416 | AN53: Ссуды и займы
A54: Центральный банк | B54: =IF(ABS(SUM(J54:M54))<0.05,"—",SUM(J54:M54)) -> — | C54: =IF(ABS(SUM(O54:R54))<0.05,"—",SUM(O54:R54)) -> — | D54: =IF(ABS(SUM(T54:W54))<0.05,"—",SUM(T54:W54)) -> — | E54: =IF(ABS(SUM(Y54:AB54))<0.05,"—",SUM(Y54:AB54)) -> — | F54: =IF(ABS(SUM(AD54:AG54))<0.05,"—",SUM(AD54:AG54)) -> — | G54: =IF(ABS(SUM(AD54:AF54))<0.05,"—",SUM(AD54:AF54)) -> — | H54: =IF(ABS(SUM(AI54:AK54))<0.05,"—",SUM(AI54:AK54)) -> — | J54: ='bop_dt 6'!J296-'bop_dt 6'!J308 -> 0 | K54: ='bop_dt 6'!K296-'bop_dt 6'!K308 -> 0 | L54: ='bop_dt 6'!L296-'bop_dt 6'!L308 -> 0 | M54: ='bop_dt 6'!M296-'bop_dt 6'!M308 -> 0 | N54: ='bop_dt 6'!N296-'bop_dt 6'!N308 -> 0 | O54: ='bop_dt 6'!O296-'bop_dt 6'!O308 -> 0 | P54: ='bop_dt 6'!P296-'bop_dt 6'!P308 -> 0 | Q54: ='bop_dt 6'!Q296-'bop_dt 6'!Q308 -> 0 | ... W54: ='bop_dt 6'!W296-'bop_dt 6'!W308 -> 0 | Y54: ='bop_dt 6'!Y296-'bop_dt 6'!Y308 -> 0 | Z54: ='bop_dt 6'!Z296-'bop_dt 6'!Z308 -> 0 | AA54: ='bop_dt 6'!AA296-'bop_dt 6'!AA308 -> 0 | AB54: ='bop_dt 6'!AB296-'bop_dt 6'!AB308 -> 0 | AD54: ='bop_dt 6'!AD296-'bop_dt 6'!AD308 -> 0 | AE54: ='bop_dt 6'!AE296-'bop_dt 6'!AE308 -> 0 | AF54: ='bop_dt 6'!AF296-'bop_dt 6'!AF308 -> 0 | AG54: ='bop_dt 6'!AG296-'bop_dt 6'!AG308 -> 0 | AH54: ='bop_dt 6'!AH296-'bop_dt 6'!AH308 -> 0 | AI54: ='bop_dt 6'!AI296-'bop_dt 6'!AI308 -> 0 | AJ54: ='bop_dt 6'!AJ296-'bop_dt 6'!AJ308 -> 0 | AK54: ='bop_dt 6'!AK296-'bop_dt 6'!AK308 -> 0 | AL54: ='bop_dt 6'!AL296-'bop_dt 6'!AL308 -> #VALUE! | AN54: Центральный банк
A55: Депозитные организации, за исключением центрального банка | B55: =IF(ABS(SUM(J55:M55))<0.05,"—",SUM(J55:M55)) -> — | C55: =IF(ABS(SUM(O55:R55))<0.05,"—",SUM(O55:R55)) -> — | D55: =IF(ABS(SUM(T55:W55))<0.05,"—",SUM(T55:W55)) -> — | E55: =IF(ABS(SUM(Y55:AB55))<0.05,"—",SUM(Y55:AB55)) -> — | F55: =IF(ABS(SUM(AD55:AG55))<0.05,"—",SUM(AD55:AG55)) -> — | G55: =IF(ABS(SUM(AD55:AF55))<0.05,"—",SUM(AD55:AF55)) -> — | H55: =IF(ABS(SUM(AI55:AK55))<0.05,"—",SUM(AI55:AK55)) -> 31.1286 | J55: ='bop_dt 6'!J297-'bop_dt 6'!J312 -> 0 | K55: ='bop_dt 6'!K297-'bop_dt 6'!K312 -> 0 | L55: ='bop_dt 6'!L297-'bop_dt 6'!L312 -> 0 | M55: ='bop_dt 6'!M297-'bop_dt 6'!M312 -> 0 | N55: ='bop_dt 6'!N297-'bop_dt 6'!N312 -> 0 | O55: ='bop_dt 6'!O297-'bop_dt 6'!O312 -> 0 | P55: ='bop_dt 6'!P297-'bop_dt 6'!P312 -> 0 | Q55: ='bop_dt 6'!Q297-'bop_dt 6'!Q312 -> 0 | ... W55: ='bop_dt 6'!W297-'bop_dt 6'!W312 -> 0 | Y55: ='bop_dt 6'!Y297-'bop_dt 6'!Y312 -> 0 | Z55: ='bop_dt 6'!Z297-'bop_dt 6'!Z312 -> 0 | AA55: ='bop_dt 6'!AA297-'bop_dt 6'!AA312 -> 0 | AB55: ='bop_dt 6'!AB297-'bop_dt 6'!AB312 -> 0 | AD55: ='bop_dt 6'!AD297-'bop_dt 6'!AD312 -> 0 | AE55: ='bop_dt 6'!AE297-'bop_dt 6'!AE312 -> 0 | AF55: ='bop_dt 6'!AF297-'bop_dt 6'!AF312 -> 0 | AG55: ='bop_dt 6'!AG297-'bop_dt 6'!AG312 -> 0 | AH55: ='bop_dt 6'!AH297-'bop_dt 6'!AH312 -> 0 | AI55: ='bop_dt 6'!AI297-'bop_dt 6'!AI312 -> 10.711374 | AJ55: ='bop_dt 6'!AJ297-'bop_dt 6'!AJ312 -> 10.287609 | AK55: ='bop_dt 6'!AK297-'bop_dt 6'!AK312 -> 10.129617 | AL55: ='bop_dt 6'!AL297-'bop_dt 6'!AL312 -> 21.701411 | AN55: Депозитные организации, за исключением центрального банка
A56: Сектор государственного управления | B56: =IF(ABS(SUM(J56:M56))<0.05,"—",SUM(J56:M56)) -> — | C56: =IF(ABS(SUM(O56:R56))<0.05,"—",SUM(O56:R56)) -> — | D56: =IF(ABS(SUM(T56:W56))<0.05,"—",SUM(T56:W56)) -> — | E56: =IF(ABS(SUM(Y56:AB56))<0.05,"—",SUM(Y56:AB56)) -> — | F56: =IF(ABS(SUM(AD56:AG56))<0.05,"—",SUM(AD56:AG56)) -> — | G56: =IF(ABS(SUM(AD56:AF56))<0.05,"—",SUM(AD56:AF56)) -> — | H56: =IF(ABS(SUM(AI56:AK56))<0.05,"—",SUM(AI56:AK56)) -> -56.959674 | J56: ='bop_dt 6'!J300-'bop_dt 6'!J315 -> 0 | K56: ='bop_dt 6'!K300-'bop_dt 6'!K315 -> 0 | L56: ='bop_dt 6'!L300-'bop_dt 6'!L315 -> 0 | M56: ='bop_dt 6'!M300-'bop_dt 6'!M315 -> 0 | N56: ='bop_dt 6'!N300-'bop_dt 6'!N315 -> 0 | O56: ='bop_dt 6'!O300-'bop_dt 6'!O315 -> 0 | P56: ='bop_dt 6'!P300-'bop_dt 6'!P315 -> 0 | Q56: ='bop_dt 6'!Q300-'bop_dt 6'!Q315 -> 0 | ... W56: ='bop_dt 6'!W300-'bop_dt 6'!W315 -> 0 | Y56: ='bop_dt 6'!Y300-'bop_dt 6'!Y315 -> 0 | Z56: ='bop_dt 6'!Z300-'bop_dt 6'!Z315 -> 0 | AA56: ='bop_dt 6'!AA300-'bop_dt 6'!AA315 -> 0 | AB56: ='bop_dt 6'!AB300-'bop_dt 6'!AB315 -> 0 | AD56: ='bop_dt 6'!AD300-'bop_dt 6'!AD315 -> 0 | AE56: ='bop_dt 6'!AE300-'bop_dt 6'!AE315 -> 0 | AF56: ='bop_dt 6'!AF300-'bop_dt 6'!AF315 -> 0 | AG56: ='bop_dt 6'!AG300-'bop_dt 6'!AG315 -> 0 | AH56: ='bop_dt 6'!AH300-'bop_dt 6'!AH315 -> 0 | AI56: ='bop_dt 6'!AI300-'bop_dt 6'!AI315 -> -12.709612 | AJ56: ='bop_dt 6'!AJ300-'bop_dt 6'!AJ315 -> -18.018757 | AK56: ='bop_dt 6'!AK300-'bop_dt 6'!AK315 -> -26.231304 | AL56: ='bop_dt 6'!AL300-'bop_dt 6'!AL315 -> #VALUE! | AN56: Сектор государственного управления
A57: Прочие секторы | B57: =IF(ABS(SUM(J57:M57))<0.05,"—",SUM(J57:M57)) -> — | C57: =IF(ABS(SUM(O57:R57))<0.05,"—",SUM(O57:R57)) -> — | D57: =IF(ABS(SUM(T57:W57))<0.05,"—",SUM(T57:W57)) -> — | E57: =IF(ABS(SUM(Y57:AB57))<0.05,"—",SUM(Y57:AB57)) -> — | F57: =IF(ABS(SUM(AD57:AG57))<0.05,"—",SUM(AD57:AG57)) -> — | G57: =IF(ABS(SUM(AD57:AF57))<0.05,"—",SUM(AD57:AF57)) -> — | H57: =IF(ABS(SUM(AI57:AK57))<0.05,"—",SUM(AI57:AK57)) -> -86.931272 | J57: ='bop_dt 6'!J304-'bop_dt 6'!J318 -> 0 | K57: ='bop_dt 6'!K304-'bop_dt 6'!K318 -> 0 | L57: ='bop_dt 6'!L304-'bop_dt 6'!L318 -> 0 | M57: ='bop_dt 6'!M304-'bop_dt 6'!M318 -> 0 | N57: ='bop_dt 6'!N304-'bop_dt 6'!N318 -> 0 | O57: ='bop_dt 6'!O304-'bop_dt 6'!O318 -> 0 | P57: ='bop_dt 6'!P304-'bop_dt 6'!P318 -> 0 | Q57: ='bop_dt 6'!Q304-'bop_dt 6'!Q318 -> 0 | ... W57: ='bop_dt 6'!W304-'bop_dt 6'!W318 -> 0 | Y57: ='bop_dt 6'!Y304-'bop_dt 6'!Y318 -> 0 | Z57: ='bop_dt 6'!Z304-'bop_dt 6'!Z318 -> 0 | AA57: ='bop_dt 6'!AA304-'bop_dt 6'!AA318 -> 0 | AB57: ='bop_dt 6'!AB304-'bop_dt 6'!AB318 -> 0 | AD57: ='bop_dt 6'!AD304-'bop_dt 6'!AD318 -> 0 | AE57: ='bop_dt 6'!AE304-'bop_dt 6'!AE318 -> 0 | AF57: ='bop_dt 6'!AF304-'bop_dt 6'!AF318 -> 0 | AG57: ='bop_dt 6'!AG304-'bop_dt 6'!AG318 -> 0 | AH57: ='bop_dt 6'!AH304-'bop_dt 6'!AH318 -> 0 | AI57: ='bop_dt 6'!AI304-'bop_dt 6'!AI318 -> 10.313038 | AJ57: ='bop_dt 6'!AJ304-'bop_dt 6'!AJ318 -> -156.26305 | AK57: ='bop_dt 6'!AK304-'bop_dt 6'!AK318 -> 59.018744 | AL57: ='bop_dt 6'!AL304-'bop_dt 6'!AL318 -> #VALUE! | AN57: Прочие секторы
A58: Страховые, пенсионные программы и программы стандартных гарантий | B58: =IF(ABS(SUM(J58:M58))<0.05,"—",SUM(J58:M58)) -> — | C58: =IF(ABS(SUM(O58:R58))<0.05,"—",SUM(O58:R58)) -> — | D58: =IF(ABS(SUM(T58:W58))<0.05,"—",SUM(T58:W58)) -> — | E58: =IF(ABS(SUM(Y58:AB58))<0.05,"—",SUM(Y58:AB58)) -> — | F58: =IF(ABS(SUM(AD58:AG58))<0.05,"—",SUM(AD58:AG58)) -> — | G58: =IF(ABS(SUM(AD58:AF58))<0.05,"—",SUM(AD58:AF58)) -> — | H58: =IF(ABS(SUM(AI58:AK58))<0.05,"—",SUM(AI58:AK58)) -> — | J58: ='bop_dt 6'!J321 -> 0 | K58: ='bop_dt 6'!K321 -> 0 | L58: ='bop_dt 6'!L321 -> 0 | M58: ='bop_dt 6'!M321 -> 0 | N58: ='bop_dt 6'!N321 -> 0 | O58: ='bop_dt 6'!O321 -> 0 | P58: ='bop_dt 6'!P321 -> 0 | Q58: ='bop_dt 6'!Q321 -> 0 | ... W58: ='bop_dt 6'!W321 -> 0 | Y58: ='bop_dt 6'!Y321 -> 0 | Z58: ='bop_dt 6'!Z321 -> 0 | AA58: ='bop_dt 6'!AA321 -> 0 | AB58: ='bop_dt 6'!AB321 -> 0 | AD58: ='bop_dt 6'!AD321 -> 0 | AE58: ='bop_dt 6'!AE321 -> 0 | AF58: ='bop_dt 6'!AF321 -> 0 | AG58: ='bop_dt 6'!AG321 -> 0 | AH58: ='bop_dt 6'!AH321 -> 0 | AI58: ='bop_dt 6'!AI321 -> 0 | AJ58: ='bop_dt 6'!AJ321 -> 0 | AK58: ='bop_dt 6'!AK321 -> 0 | AL58: ='bop_dt 6'!AL321 -> — | AN58: Страховые, пенсионные программы и программы стандартных гарантий
A59: Торговые кредиты и авансы | B59: =IF(ABS(SUM(J59:M59))<0.05,"—",SUM(J59:M59)) -> — | C59: =IF(ABS(SUM(O59:R59))<0.05,"—",SUM(O59:R59)) -> — | D59: =IF(ABS(SUM(T59:W59))<0.05,"—",SUM(T59:W59)) -> — | E59: =IF(ABS(SUM(Y59:AB59))<0.05,"—",SUM(Y59:AB59)) -> — | F59: =IF(ABS(SUM(AD59:AG59))<0.05,"—",SUM(AD59:AG59)) -> — | G59: =IF(ABS(SUM(AD59:AF59))<0.05,"—",SUM(AD59:AF59)) -> — | H59: =IF(ABS(SUM(AI59:AK59))<0.05,"—",SUM(AI59:AK59)) -> -189.6872 | J59: ='bop_dt 6'!J326 -> 0 | K59: ='bop_dt 6'!K326 -> 0 | L59: ='bop_dt 6'!L326 -> 0 | M59: ='bop_dt 6'!M326 -> 0 | N59: ='bop_dt 6'!N326 -> 0 | O59: ='bop_dt 6'!O326 -> 0 | P59: ='bop_dt 6'!P326 -> 0 | Q59: ='bop_dt 6'!Q326 -> 0 | ... W59: ='bop_dt 6'!W326 -> 0 | Y59: ='bop_dt 6'!Y326 -> 0 | Z59: ='bop_dt 6'!Z326 -> 0 | AA59: ='bop_dt 6'!AA326 -> 0 | AB59: ='bop_dt 6'!AB326 -> 0 | AD59: ='bop_dt 6'!AD326 -> 0 | AE59: ='bop_dt 6'!AE326 -> 0 | AF59: ='bop_dt 6'!AF326 -> 0 | AG59: ='bop_dt 6'!AG326 -> 0 | AH59: ='bop_dt 6'!AH326 -> 0 | AI59: ='bop_dt 6'!AI326 -> 13.1844 | AJ59: ='bop_dt 6'!AJ326 -> -98.1706 | AK59: ='bop_dt 6'!AK326 -> -104.701 | AL59: ='bop_dt 6'!AL326 -> 108.7108 | AN59: Торговые кредиты и авансы
A60: Центральный банк | B60: =IF(ABS(SUM(J60:M60))<0.05,"—",SUM(J60:M60)) -> — | C60: =IF(ABS(SUM(O60:R60))<0.05,"—",SUM(O60:R60)) -> — | D60: =IF(ABS(SUM(T60:W60))<0.05,"—",SUM(T60:W60)) -> — | E60: =IF(ABS(SUM(Y60:AB60))<0.05,"—",SUM(Y60:AB60)) -> — | F60: =IF(ABS(SUM(AD60:AG60))<0.05,"—",SUM(AD60:AG60)) -> — | G60: =IF(ABS(SUM(AD60:AF60))<0.05,"—",SUM(AD60:AF60)) -> — | H60: =IF(ABS(SUM(AI60:AK60))<0.05,"—",SUM(AI60:AK60)) -> — | J60: ='bop_dt 6'!J328-'bop_dt 6'!J333 -> 0 | K60: ='bop_dt 6'!K328-'bop_dt 6'!K333 -> 0 | L60: ='bop_dt 6'!L328-'bop_dt 6'!L333 -> 0 | M60: ='bop_dt 6'!M328-'bop_dt 6'!M333 -> 0 | N60: ='bop_dt 6'!N328-'bop_dt 6'!N333 -> 0 | O60: ='bop_dt 6'!O328-'bop_dt 6'!O333 -> 0 | P60: ='bop_dt 6'!P328-'bop_dt 6'!P333 -> 0 | Q60: ='bop_dt 6'!Q328-'bop_dt 6'!Q333 -> 0 | ... W60: ='bop_dt 6'!W328-'bop_dt 6'!W333 -> 0 | Y60: ='bop_dt 6'!Y328-'bop_dt 6'!Y333 -> 0 | Z60: ='bop_dt 6'!Z328-'bop_dt 6'!Z333 -> 0 | AA60: ='bop_dt 6'!AA328-'bop_dt 6'!AA333 -> 0 | AB60: ='bop_dt 6'!AB328-'bop_dt 6'!AB333 -> 0 | AD60: ='bop_dt 6'!AD328-'bop_dt 6'!AD333 -> 0 | AE60: ='bop_dt 6'!AE328-'bop_dt 6'!AE333 -> 0 | AF60: ='bop_dt 6'!AF328-'bop_dt 6'!AF333 -> 0 | AG60: ='bop_dt 6'!AG328-'bop_dt 6'!AG333 -> 0 | AH60: ='bop_dt 6'!AH328-'bop_dt 6'!AH333 -> 0 | AI60: ='bop_dt 6'!AI328-'bop_dt 6'!AI333 -> 0 | AJ60: ='bop_dt 6'!AJ328-'bop_dt 6'!AJ333 -> 0 | AK60: ='bop_dt 6'!AK328-'bop_dt 6'!AK333 -> 0 | AL60: ='bop_dt 6'!AL328-'bop_dt 6'!AL333 -> #VALUE! | AN60: Центральный банк
A61: Депозитные организации, за исключением центрального банка | B61: =IF(ABS(SUM(J61:M61))<0.05,"—",SUM(J61:M61)) -> — | C61: =IF(ABS(SUM(O61:R61))<0.05,"—",SUM(O61:R61)) -> — | D61: =IF(ABS(SUM(T61:W61))<0.05,"—",SUM(T61:W61)) -> — | E61: =IF(ABS(SUM(Y61:AB61))<0.05,"—",SUM(Y61:AB61)) -> — | F61: =IF(ABS(SUM(AD61:AG61))<0.05,"—",SUM(AD61:AG61)) -> — | G61: =IF(ABS(SUM(AD61:AF61))<0.05,"—",SUM(AD61:AF61)) -> — | H61: =IF(ABS(SUM(AI61:AK61))<0.05,"—",SUM(AI61:AK61)) -> — | J61: ='bop_dt 6'!J329-'bop_dt 6'!J334 -> 0 | K61: ='bop_dt 6'!K329-'bop_dt 6'!K334 -> 0 | L61: ='bop_dt 6'!L329-'bop_dt 6'!L334 -> 0 | M61: ='bop_dt 6'!M329-'bop_dt 6'!M334 -> 0 | N61: ='bop_dt 6'!N329-'bop_dt 6'!N334 -> 0 | O61: ='bop_dt 6'!O329-'bop_dt 6'!O334 -> 0 | P61: ='bop_dt 6'!P329-'bop_dt 6'!P334 -> 0 | Q61: ='bop_dt 6'!Q329-'bop_dt 6'!Q334 -> 0 | ... W61: ='bop_dt 6'!W329-'bop_dt 6'!W334 -> 0 | Y61: ='bop_dt 6'!Y329-'bop_dt 6'!Y334 -> 0 | Z61: ='bop_dt 6'!Z329-'bop_dt 6'!Z334 -> 0 | AA61: ='bop_dt 6'!AA329-'bop_dt 6'!AA334 -> 0 | AB61: ='bop_dt 6'!AB329-'bop_dt 6'!AB334 -> 0 | AD61: ='bop_dt 6'!AD329-'bop_dt 6'!AD334 -> 0 | AE61: ='bop_dt 6'!AE329-'bop_dt 6'!AE334 -> 0 | AF61: ='bop_dt 6'!AF329-'bop_dt 6'!AF334 -> 0 | AG61: ='bop_dt 6'!AG329-'bop_dt 6'!AG334 -> 0 | AH61: ='bop_dt 6'!AH329-'bop_dt 6'!AH334 -> 0 | AI61: ='bop_dt 6'!AI329-'bop_dt 6'!AI334 -> 0 | AJ61: ='bop_dt 6'!AJ329-'bop_dt 6'!AJ334 -> 0 | AK61: ='bop_dt 6'!AK329-'bop_dt 6'!AK334 -> 0 | AL61: ='bop_dt 6'!AL329-'bop_dt 6'!AL334 -> #VALUE! | AN61: Депозитные организации, за исключением центрального банка
A62: Сектор государственного управления | B62: =IF(ABS(SUM(J62:M62))<0.05,"—",SUM(J62:M62)) -> — | C62: =IF(ABS(SUM(O62:R62))<0.05,"—",SUM(O62:R62)) -> — | D62: =IF(ABS(SUM(T62:W62))<0.05,"—",SUM(T62:W62)) -> — | E62: =IF(ABS(SUM(Y62:AB62))<0.05,"—",SUM(Y62:AB62)) -> — | F62: =IF(ABS(SUM(AD62:AG62))<0.05,"—",SUM(AD62:AG62)) -> — | G62: =IF(ABS(SUM(AD62:AF62))<0.05,"—",SUM(AD62:AF62)) -> — | H62: =IF(ABS(SUM(AI62:AK62))<0.05,"—",SUM(AI62:AK62)) -> — | J62: ='bop_dt 6'!J330-'bop_dt 6'!J335 -> 0 | K62: ='bop_dt 6'!K330-'bop_dt 6'!K335 -> 0 | L62: ='bop_dt 6'!L330-'bop_dt 6'!L335 -> 0 | M62: ='bop_dt 6'!M330-'bop_dt 6'!M335 -> 0 | N62: ='bop_dt 6'!N330-'bop_dt 6'!N335 -> 0 | O62: ='bop_dt 6'!O330-'bop_dt 6'!O335 -> 0 | P62: ='bop_dt 6'!P330-'bop_dt 6'!P335 -> 0 | Q62: ='bop_dt 6'!Q330-'bop_dt 6'!Q335 -> 0 | ... W62: ='bop_dt 6'!W330-'bop_dt 6'!W335 -> 0 | Y62: ='bop_dt 6'!Y330-'bop_dt 6'!Y335 -> 0 | Z62: ='bop_dt 6'!Z330-'bop_dt 6'!Z335 -> 0 | AA62: ='bop_dt 6'!AA330-'bop_dt 6'!AA335 -> 0 | AB62: ='bop_dt 6'!AB330-'bop_dt 6'!AB335 -> 0 | AD62: ='bop_dt 6'!AD330-'bop_dt 6'!AD335 -> 0 | AE62: ='bop_dt 6'!AE330-'bop_dt 6'!AE335 -> 0 | AF62: ='bop_dt 6'!AF330-'bop_dt 6'!AF335 -> 0 | AG62: ='bop_dt 6'!AG330-'bop_dt 6'!AG335 -> 0 | AH62: ='bop_dt 6'!AH330-'bop_dt 6'!AH335 -> 0 | AI62: ='bop_dt 6'!AI330-'bop_dt 6'!AI335 -> 0 | AJ62: ='bop_dt 6'!AJ330-'bop_dt 6'!AJ335 -> 0 | AK62: ='bop_dt 6'!AK330-'bop_dt 6'!AK335 -> 0 | AL62: ='bop_dt 6'!AL330-'bop_dt 6'!AL335 -> #VALUE! | AN62: Сектор государственного управления
A63: Прочие секторы | B63: =IF(ABS(SUM(J63:M63))<0.05,"—",SUM(J63:M63)) -> — | C63: =IF(ABS(SUM(O63:R63))<0.05,"—",SUM(O63:R63)) -> — | D63: =IF(ABS(SUM(T63:W63))<0.05,"—",SUM(T63:W63)) -> — | E63: =IF(ABS(SUM(Y63:AB63))<0.05,"—",SUM(Y63:AB63)) -> — | F63: =IF(ABS(SUM(AD63:AG63))<0.05,"—",SUM(AD63:AG63)) -> — | G63: =IF(ABS(SUM(AD63:AF63))<0.05,"—",SUM(AD63:AF63)) -> — | H63: =IF(ABS(SUM(AI63:AK63))<0.05,"—",SUM(AI63:AK63)) -> -189.6872 | J63: ='bop_dt 6'!J331-'bop_dt 6'!J336 -> 0 | K63: ='bop_dt 6'!K331-'bop_dt 6'!K336 -> 0 | L63: ='bop_dt 6'!L331-'bop_dt 6'!L336 -> 0 | M63: ='bop_dt 6'!M331-'bop_dt 6'!M336 -> 0 | N63: ='bop_dt 6'!N331-'bop_dt 6'!N336 -> 0 | O63: ='bop_dt 6'!O331-'bop_dt 6'!O336 -> 0 | P63: ='bop_dt 6'!P331-'bop_dt 6'!P336 -> 0 | Q63: ='bop_dt 6'!Q331-'bop_dt 6'!Q336 -> 0 | ... W63: ='bop_dt 6'!W331-'bop_dt 6'!W336 -> 0 | Y63: ='bop_dt 6'!Y331-'bop_dt 6'!Y336 -> 0 | Z63: ='bop_dt 6'!Z331-'bop_dt 6'!Z336 -> 0 | AA63: ='bop_dt 6'!AA331-'bop_dt 6'!AA336 -> 0 | AB63: ='bop_dt 6'!AB331-'bop_dt 6'!AB336 -> 0 | AD63: ='bop_dt 6'!AD331-'bop_dt 6'!AD336 -> 0 | AE63: ='bop_dt 6'!AE331-'bop_dt 6'!AE336 -> 0 | AF63: ='bop_dt 6'!AF331-'bop_dt 6'!AF336 -> 0 | AG63: ='bop_dt 6'!AG331-'bop_dt 6'!AG336 -> 0 | AH63: ='bop_dt 6'!AH331-'bop_dt 6'!AH336 -> 0 | AI63: ='bop_dt 6'!AI331-'bop_dt 6'!AI336 -> 13.1844 | AJ63: ='bop_dt 6'!AJ331-'bop_dt 6'!AJ336 -> -98.1706 | AK63: ='bop_dt 6'!AK331-'bop_dt 6'!AK336 -> -104.701 | AL63: ='bop_dt 6'!AL331-'bop_dt 6'!AL336 -> 108.7108 | AN63: Прочие секторы
A64: Прочая дебиторская задолженность | B64: =IF(ABS(SUM(J64:M64))<0.05,"—",SUM(J64:M64)) -> — | C64: =IF(ABS(SUM(O64:R64))<0.05,"—",SUM(O64:R64)) -> — | D64: =IF(ABS(SUM(T64:W64))<0.05,"—",SUM(T64:W64)) -> — | E64: =IF(ABS(SUM(Y64:AB64))<0.05,"—",SUM(Y64:AB64)) -> — | F64: =IF(ABS(SUM(AD64:AG64))<0.05,"—",SUM(AD64:AG64)) -> — | G64: =IF(ABS(SUM(AD64:AF64))<0.05,"—",SUM(AD64:AF64)) -> — | H64: =IF(ABS(SUM(AI64:AK64))<0.05,"—",SUM(AI64:AK64)) -> -2.1649742 | J64: ='bop_dt 6'!J337 -> 0 | K64: ='bop_dt 6'!K337 -> 0 | L64: ='bop_dt 6'!L337 -> 0 | M64: ='bop_dt 6'!M337 -> 0 | N64: ='bop_dt 6'!N337 -> 0 | O64: ='bop_dt 6'!O337 -> 0 | P64: ='bop_dt 6'!P337 -> 0 | Q64: ='bop_dt 6'!Q337 -> 0 | ... W64: ='bop_dt 6'!W337 -> 0 | Y64: ='bop_dt 6'!Y337 -> 0 | Z64: ='bop_dt 6'!Z337 -> 0 | AA64: ='bop_dt 6'!AA337 -> 0 | AB64: ='bop_dt 6'!AB337 -> 0 | AD64: ='bop_dt 6'!AD337 -> 0 | AE64: ='bop_dt 6'!AE337 -> 0 | AF64: ='bop_dt 6'!AF337 -> 0 | AG64: ='bop_dt 6'!AG337 -> 0 | AH64: ='bop_dt 6'!AH337 -> 0 | AI64: ='bop_dt 6'!AI337 -> -0.12529071 | AJ64: ='bop_dt 6'!AJ337 -> -0.84567468 | AK64: ='bop_dt 6'!AK337 -> -1.1940088 | AL64: ='bop_dt 6'!AL337 -> 1.4337729 | AN64: Прочая дебиторская задолженность
A65: Специальные права заимствования | B65: =IF(ABS(SUM(J65:M65))<0.05,"—",SUM(J65:M65)) -> — | C65: =IF(ABS(SUM(O65:R65))<0.05,"—",SUM(O65:R65)) -> — | D65: =IF(ABS(SUM(T65:W65))<0.05,"—",SUM(T65:W65)) -> — | E65: =IF(ABS(SUM(Y65:AB65))<0.05,"—",SUM(Y65:AB65)) -> — | F65: =IF(ABS(SUM(AD65:AG65))<0.05,"—",SUM(AD65:AG65)) -> — | G65: =IF(ABS(SUM(AD65:AF65))<0.05,"—",SUM(AD65:AF65)) -> — | H65: =IF(ABS(SUM(AI65:AK65))<0.05,"—",SUM(AI65:AK65)) -> — | J65: ='bop_dt 6'!J348 -> 0 | K65: ='bop_dt 6'!K348 -> 0 | L65: ='bop_dt 6'!L348 -> 0 | M65: ='bop_dt 6'!M348 -> 0 | N65: ='bop_dt 6'!N348 -> 0 | O65: ='bop_dt 6'!O348 -> 0 | P65: ='bop_dt 6'!P348 -> 0 | Q65: ='bop_dt 6'!Q348 -> 0 | ... W65: ='bop_dt 6'!W348 -> 0 | Y65: ='bop_dt 6'!Y348 -> 0 | Z65: ='bop_dt 6'!Z348 -> 0 | AA65: ='bop_dt 6'!AA348 -> 0 | AB65: ='bop_dt 6'!AB348 -> 0 | AD65: ='bop_dt 6'!AD348 -> 0 | AE65: ='bop_dt 6'!AE348 -> 0 | AF65: ='bop_dt 6'!AF348 -> 0 | AG65: ='bop_dt 6'!AG348 -> 0 | AH65: ='bop_dt 6'!AH348 -> 0 | AI65: ='bop_dt 6'!AI348 -> 0 | AJ65: ='bop_dt 6'!AJ348 -> 0 | AK65: ='bop_dt 6'!AK348 -> 0 | AL65: ='bop_dt 6'!AL348 -> — | AN65: Специальные права заимствования
A66: Статистические расхождения | B66: =IF(ABS(SUM(J66:M66))<0.05,"—",SUM(J66:M66)) -> — | C66: =IF(ABS(SUM(O66:R66))<0.05,"—",SUM(O66:R66)) -> — | D66: =IF(ABS(SUM(T66:W66))<0.05,"—",SUM(T66:W66)) -> — | E66: =IF(ABS(SUM(Y66:AB66))<0.05,"—",SUM(Y66:AB66)) -> — | F66: =IF(ABS(SUM(AD66:AG66))<0.05,"—",SUM(AD66:AG66)) -> — | G66: =IF(ABS(SUM(AD66:AF66))<0.05,"—",SUM(AD66:AF66)) -> — | H66: =IF(ABS(SUM(AI66:AK66))<0.05,"—",SUM(AI66:AK66)) -> 121.17745 | J66: =J34-J6-J29+J67 -> 0 | K66: =K34-K6-K29+K67 -> 0 | L66: =L34-L6-L29+L67 -> 0 | M66: =M34-M6-M29+M67 -> 0 | N66: =N34-N6-N29+N67 -> 0 | O66: =O34-O6-O29+O67 -> 0 | P66: =P34-P6-P29+P67 -> 0 | Q66: =Q34-Q6-Q29+Q67 -> 0 | ... W66: =W34-W6-W29+W67 -> 0 | Y66: =Y34-Y6-Y29+Y67 -> 0 | Z66: =Z34-Z6-Z29+Z67 -> 0 | AA66: =AA34-AA6-AA29+AA67 -> 0 | AB66: =AB34-AB6-AB29+AB67 -> 0 | AD66: =AD34-AD6-AD29+AD67 -> 0 | AE66: =AE34-AE6-AE29+AE67 -> 0 | AF66: =AF34-AF6-AF29+AF67 -> 0 | AG66: =AG34-AG6-AG29+AG67 -> 0 | AH66: =AH34-AH6-AH29+AH67 -> 0 | AI66: =AI34-AI6-AI29+AI67 -> 497.87512 | AJ66: =AJ34-AJ6-AJ29+AJ67 -> -204.86722 | AK66: =AK34-AK6-AK29+AK67 -> -171.83045 | AL66: =AL34-AL6-AL29+AL67 -> #VALUE! | AN66: Статистические расхождения
A67: Резервные активы | B67: =IF(ABS(SUM(J67:M67))<0.05,"—",SUM(J67:M67)) -> — | C67: =IF(ABS(SUM(O67:R67))<0.05,"—",SUM(O67:R67)) -> — | D67: =IF(ABS(SUM(T67:W67))<0.05,"—",SUM(T67:W67)) -> — | E67: =IF(ABS(SUM(Y67:AB67))<0.05,"—",SUM(Y67:AB67)) -> — | F67: =IF(ABS(SUM(AD67:AG67))<0.05,"—",SUM(AD67:AG67)) -> — | G67: =IF(ABS(SUM(AD67:AF67))<0.05,"—",SUM(AD67:AF67)) -> — | H67: =IF(ABS(SUM(AI67:AK67))<0.05,"—",SUM(AI67:AK67)) -> 289.02817 | J67: ='bop_dt 6'!J350 -> 0 | K67: ='bop_dt 6'!K350 -> 0 | L67: ='bop_dt 6'!L350 -> 0 | M67: ='bop_dt 6'!M350 -> 0 | N67: ='bop_dt 6'!N350 -> 0 | O67: ='bop_dt 6'!O350 -> 0 | P67: ='bop_dt 6'!P350 -> 0 | Q67: ='bop_dt 6'!Q350 -> 0 | ... W67: ='bop_dt 6'!W350 -> 0 | Y67: ='bop_dt 6'!Y350 -> 0 | Z67: ='bop_dt 6'!Z350 -> 0 | AA67: ='bop_dt 6'!AA350 -> 0 | AB67: ='bop_dt 6'!AB350 -> 0 | AD67: ='bop_dt 6'!AD350 -> 0 | AE67: ='bop_dt 6'!AE350 -> 0 | AF67: ='bop_dt 6'!AF350 -> 0 | AG67: ='bop_dt 6'!AG350 -> 0 | AH67: ='bop_dt 6'!AH350 -> 0 | AI67: ='bop_dt 6'!AI350 -> 62.842359 | AJ67: ='bop_dt 6'!AJ350 -> 203.14286 | AK67: ='bop_dt 6'!AK350 -> 23.042951 | AL67: ='bop_dt 6'!AL350 -> -180.67752 | AN67: Резервные активы
A68: Монетарное золото | B68: =IF(ABS(SUM(J68:M68))<0.05,"—",SUM(J68:M68)) -> — | C68: =IF(ABS(SUM(O68:R68))<0.05,"—",SUM(O68:R68)) -> — | D68: =IF(ABS(SUM(T68:W68))<0.05,"—",SUM(T68:W68)) -> — | E68: =IF(ABS(SUM(Y68:AB68))<0.05,"—",SUM(Y68:AB68)) -> — | F68: =IF(ABS(SUM(AD68:AG68))<0.05,"—",SUM(AD68:AG68)) -> — | G68: =IF(ABS(SUM(AD68:AF68))<0.05,"—",SUM(AD68:AF68)) -> — | H68: =IF(ABS(SUM(AI68:AK68))<0.05,"—",SUM(AI68:AK68)) -> — | J68: ='bop_dt 6'!J351 -> 0 | K68: ='bop_dt 6'!K351 -> 0 | L68: ='bop_dt 6'!L351 -> 0 | M68: ='bop_dt 6'!M351 -> 0 | N68: ='bop_dt 6'!N351 -> 0 | O68: ='bop_dt 6'!O351 -> 0 | P68: ='bop_dt 6'!P351 -> 0 | Q68: ='bop_dt 6'!Q351 -> 0 | ... W68: ='bop_dt 6'!W351 -> 0 | Y68: ='bop_dt 6'!Y351 -> 0 | Z68: ='bop_dt 6'!Z351 -> 0 | AA68: ='bop_dt 6'!AA351 -> 0 | AB68: ='bop_dt 6'!AB351 -> 0 | AD68: ='bop_dt 6'!AD351 -> 0 | AE68: ='bop_dt 6'!AE351 -> 0 | AF68: ='bop_dt 6'!AF351 -> 0 | AG68: ='bop_dt 6'!AG351 -> 0 | AH68: ='bop_dt 6'!AH351 -> 0 | AI68: ='bop_dt 6'!AI351 -> 0 | AJ68: ='bop_dt 6'!AJ351 -> 0 | AK68: ='bop_dt 6'!AK351 -> 0 | AL68: ='bop_dt 6'!AL351 -> — | AN68: Монетарное золото
A69: Специальные права заимствования | B69: =IF(ABS(SUM(J69:M69))<0.05,"—",SUM(J69:M69)) -> — | C69: =IF(ABS(SUM(O69:R69))<0.05,"—",SUM(O69:R69)) -> — | D69: =IF(ABS(SUM(T69:W69))<0.05,"—",SUM(T69:W69)) -> — | E69: =IF(ABS(SUM(Y69:AB69))<0.05,"—",SUM(Y69:AB69)) -> — | F69: =IF(ABS(SUM(AD69:AG69))<0.05,"—",SUM(AD69:AG69)) -> — | G69: =IF(ABS(SUM(AD69:AF69))<0.05,"—",SUM(AD69:AF69)) -> — | H69: =IF(ABS(SUM(AI69:AK69))<0.05,"—",SUM(AI69:AK69)) -> -16.666783 | J69: ='bop_dt 6'!J352 -> 0 | K69: ='bop_dt 6'!K352 -> 0 | L69: ='bop_dt 6'!L352 -> 0 | M69: ='bop_dt 6'!M352 -> 0 | N69: ='bop_dt 6'!N352 -> 0 | O69: ='bop_dt 6'!O352 -> 0 | P69: ='bop_dt 6'!P352 -> 0 | Q69: ='bop_dt 6'!Q352 -> 0 | ... W69: ='bop_dt 6'!W352 -> 0 | Y69: ='bop_dt 6'!Y352 -> 0 | Z69: ='bop_dt 6'!Z352 -> 0 | AA69: ='bop_dt 6'!AA352 -> 0 | AB69: ='bop_dt 6'!AB352 -> 0 | AD69: ='bop_dt 6'!AD352 -> 0 | AE69: ='bop_dt 6'!AE352 -> 0 | AF69: ='bop_dt 6'!AF352 -> 0 | AG69: ='bop_dt 6'!AG352 -> 0 | AH69: ='bop_dt 6'!AH352 -> 0 | AI69: ='bop_dt 6'!AI352 -> -3.4913728 | AJ69: ='bop_dt 6'!AJ352 -> -8.3188441 | AK69: ='bop_dt 6'!AK352 -> -4.8565666 | AL69: ='bop_dt 6'!AL352 -> -9.9437713 | AN69: Специальные права заимствования
A70: Резервная позиция в МВФ | B70: =IF(ABS(SUM(J70:M70))<0.05,"—",SUM(J70:M70)) -> — | C70: =IF(ABS(SUM(O70:R70))<0.05,"—",SUM(O70:R70)) -> — | D70: =IF(ABS(SUM(T70:W70))<0.05,"—",SUM(T70:W70)) -> — | E70: =IF(ABS(SUM(Y70:AB70))<0.05,"—",SUM(Y70:AB70)) -> — | F70: =IF(ABS(SUM(AD70:AG70))<0.05,"—",SUM(AD70:AG70)) -> — | G70: =IF(ABS(SUM(AD70:AF70))<0.05,"—",SUM(AD70:AF70)) -> — | H70: =IF(ABS(SUM(AI70:AK70))<0.05,"—",SUM(AI70:AK70)) -> — | J70: ='bop_dt 6'!J353 -> 0 | K70: ='bop_dt 6'!K353 -> 0 | L70: ='bop_dt 6'!L353 -> 0 | M70: ='bop_dt 6'!M353 -> 0 | N70: ='bop_dt 6'!N353 -> 0 | O70: ='bop_dt 6'!O353 -> 0 | P70: ='bop_dt 6'!P353 -> 0 | Q70: ='bop_dt 6'!Q353 -> 0 | ... W70: ='bop_dt 6'!W353 -> 0 | Y70: ='bop_dt 6'!Y353 -> 0 | Z70: ='bop_dt 6'!Z353 -> 0 | AA70: ='bop_dt 6'!AA353 -> 0 | AB70: ='bop_dt 6'!AB353 -> 0 | AD70: ='bop_dt 6'!AD353 -> 0 | AE70: ='bop_dt 6'!AE353 -> 0 | AF70: ='bop_dt 6'!AF353 -> 0 | AG70: ='bop_dt 6'!AG353 -> 0 | AH70: ='bop_dt 6'!AH353 -> 0 | AI70: ='bop_dt 6'!AI353 -> 0 | AJ70: ='bop_dt 6'!AJ353 -> 0 | AK70: ='bop_dt 6'!AK353 -> 0 | AL70: ='bop_dt 6'!AL353 -> — | AN70: Резервная позиция в МВФ
A71: Прочие резервные активы | B71: =IF(ABS(SUM(J71:M71))<0.05,"—",SUM(J71:M71)) -> — | C71: =IF(ABS(SUM(O71:R71))<0.05,"—",SUM(O71:R71)) -> — | D71: =IF(ABS(SUM(T71:W71))<0.05,"—",SUM(T71:W71)) -> — | E71: =IF(ABS(SUM(Y71:AB71))<0.05,"—",SUM(Y71:AB71)) -> — | F71: =IF(ABS(SUM(AD71:AG71))<0.05,"—",SUM(AD71:AG71)) -> — | G71: =IF(ABS(SUM(AD71:AF71))<0.05,"—",SUM(AD71:AF71)) -> — | H71: =IF(ABS(SUM(AI71:AK71))<0.05,"—",SUM(AI71:AK71)) -> 305.69496 | J71: ='bop_dt 6'!J354 -> 0 | K71: ='bop_dt 6'!K354 -> 0 | L71: ='bop_dt 6'!L354 -> 0 | M71: ='bop_dt 6'!M354 -> 0 | N71: ='bop_dt 6'!N354 -> 0 | O71: ='bop_dt 6'!O354 -> 0 | P71: ='bop_dt 6'!P354 -> 0 | Q71: ='bop_dt 6'!Q354 -> 0 | ... W71: ='bop_dt 6'!W354 -> 0 | Y71: ='bop_dt 6'!Y354 -> 0 | Z71: ='bop_dt 6'!Z354 -> 0 | AA71: ='bop_dt 6'!AA354 -> 0 | AB71: ='bop_dt 6'!AB354 -> 0 | AD71: ='bop_dt 6'!AD354 -> 0 | AE71: ='bop_dt 6'!AE354 -> 0 | AF71: ='bop_dt 6'!AF354 -> 0 | AG71: ='bop_dt 6'!AG354 -> 0 | AH71: ='bop_dt 6'!AH354 -> 0 | AI71: ='bop_dt 6'!AI354 -> 66.333732 | AJ71: ='bop_dt 6'!AJ354 -> 211.46171 | AK71: ='bop_dt 6'!AK354 -> 27.899517 | AL71: ='bop_dt 6'!AL354 -> -170.73375 | AN71: Прочие резервные активы
A72: Ссуды и займы по операциям с МВФ (кроме резервов) | B72: =IF(ABS(SUM(J72:M72))<0.05,"—",SUM(J72:M72)) -> — | C72: =IF(ABS(SUM(O72:R72))<0.05,"—",SUM(O72:R72)) -> — | D72: =IF(ABS(SUM(T72:W72))<0.05,"—",SUM(T72:W72)) -> — | E72: =IF(ABS(SUM(Y72:AB72))<0.05,"—",SUM(Y72:AB72)) -> — | F72: =IF(ABS(SUM(AD72:AG72))<0.05,"—",SUM(AD72:AG72)) -> — | G72: =IF(ABS(SUM(AD72:AF72))<0.05,"—",SUM(AD72:AF72)) -> — | H72: =IF(ABS(SUM(AI72:AK72))<0.05,"—",SUM(AI72:AK72)) -> 226.43118 | J72: ='bop_dt 6'!J365 -> 0 | K72: ='bop_dt 6'!K365 -> 0 | L72: ='bop_dt 6'!L365 -> 0 | M72: ='bop_dt 6'!M365 -> 0 | N72: ='bop_dt 6'!N365 -> 0 | O72: ='bop_dt 6'!O365 -> 0 | P72: ='bop_dt 6'!P365 -> 0 | Q72: ='bop_dt 6'!Q365 -> 0 | ... AL72: ='bop_dt 6'!AL365 -> -9.5022978 | AN72: Ссуды и займы по операциям с МВФ (кроме резервов)
A73: Исключительное финансирование | B73: =IF(ABS(SUM(J73:M73))<0.05,"—",SUM(J73:M73)) -> — | C73: =IF(ABS(SUM(O73:R73))<0.05,"—",SUM(O73:R73)) -> — | D73: =IF(ABS(SUM(T73:W73))<0.05,"—",SUM(T73:W73)) -> — | E73: =IF(ABS(SUM(Y73:AB73))<0.05,"—",SUM(Y73:AB73)) -> — | F73: =IF(ABS(SUM(AD73:AG73))<0.05,"—",SUM(AD73:AG73)) -> — | G73: =IF(ABS(SUM(AD73:AF73))<0.05,"—",SUM(AD73:AF73)) -> — | H73: =IF(ABS(SUM(AI73:AK73))<0.05,"—",SUM(AI73:AK73)) -> — | J73: ='bop_dt 6'!J366 -> 0 | K73: ='bop_dt 6'!K366 -> 0 | L73: ='bop_dt 6'!L366 -> 0 | M73: ='bop_dt 6'!M366 -> 0 | N73: ='bop_dt 6'!N366 -> 0 | O73: ='bop_dt 6'!O366 -> 0 | P73: ='bop_dt 6'!P366 -> 0 | Q73: ='bop_dt 6'!Q366 -> 0 | ... AK73: ='bop_dt 6'!AK366 -> 0 | AN73: Исключительное финансирование

Sheet bop_dt 6
A1: Таблица I.1. Платежный баланс Кыргызской Республики
A2: (аналитическое представление)
A3: (млн долларов США) | J3: 1 | K3: 2 | L3: 3 | M3: 4 | N3: 5 | O3: 6 | P3: 7 | Q3: 8 | R3: 9 | S3: 10 | T3: 11 | U3: 12 | V3: 13 | W3: 14 | X3: 15 | Y3: 16 | Z3: 17 | AA3: 18 | AB3: 19 | AC3: 20 | AD3: 21 | AE3: 22 | AF3: 23 | AG3: 24 | AH3: 25 | AI3: 26 | AJ3: 27 | AK3: 28
B5: 2015 | C5: 2016 | D5: 2017 | E5: 2018 | F5: 2019 | G5: 2018 | H5: 2019 | J5: 2015 | O5: 2016 | T5: 2017 | Y5: 2018 | AD5: 2019 | AI5: 2020
G6: 9 мес. | H6: 9 мес. | J6: I | K6: II | L6: III | M6: IV | O6: I | P6: II | Q6: III | R6: IV | T6: I | U6: II | V6: III | W6: IV | Y6: I | Z6: II | AA6: III | AB6: IV | AD6: I | AE6: II | AF6: III | AG6: IV | AI6: I | AJ6: II | AK6: III | AL6: IV
A7: Счет текущих операций | B7: =IF(ABS(SUM(J7:M7))<0.05,"—",SUM(J7:M7)) -> — | C7: =IF(ABS(SUM(O7:R7))<0.05,"—",SUM(O7:R7)) -> — | D7: =IF(ABS(SUM(T7:W7))<0.05,"—",SUM(T7:W7)) -> — | E7: =IF(ABS(SUM(Y7:AB7))<0.05,"—",SUM(Y7:AB7)) -> — | F7: =IF(ABS(SUM(AD7:AG7))<0.05,"—",SUM(AD7:AG7)) -> — | G7: =IF(ABS(SUM(AD7:AF7))<0.05,"—",SUM(AD7:AF7)) -> — | H7: =IF(ABS(SUM(AI7:AK7))<0.05,"—",SUM(AI7:AK7)) -> 336.8336 | J7: 0 | K7: 0 | L7: 0 | M7: 0 | O7: 0 | P7: 0 | Q7: 0 | R7: 0 | T7: 0 | U7: 0 | V7: 0 | W7: 0 | Y7: 0 | Z7: 0 | AA7: 0 | AB7: 0 | AD7: 0 | AE7: 0 | AF7: 0 | AG7: 0 | AI7: -27.403041 | AJ7: 191.48133 | AK7: 172.75532 | AL7: 37.423401 | AN7: Счет текущих операций
A8: Товары и услуги | B8: =IF(ABS(SUM(J8:M8))<0.05,"—",SUM(J8:M8)) -> — | C8: =IF(ABS(SUM(O8:R8))<0.05,"—",SUM(O8:R8)) -> — | D8: =IF(ABS(SUM(T8:W8))<0.05,"—",SUM(T8:W8)) -> — | E8: =IF(ABS(SUM(Y8:AB8))<0.05,"—",SUM(Y8:AB8)) -> — | F8: =IF(ABS(SUM(AD8:AG8))<0.05,"—",SUM(AD8:AG8)) -> — | G8: =IF(ABS(SUM(AD8:AF8))<0.05,"—",SUM(AD8:AF8)) -> — | H8: =IF(ABS(SUM(AI8:AK8))<0.05,"—",SUM(AI8:AK8)) -> -1057.5499 | J8: 0 | K8: 0 | L8: 0 | M8: 0 | O8: 0 | P8: 0 | Q8: 0 | R8: 0 | T8: 0 | U8: 0 | V8: 0 | W8: 0 | Y8: 0 | Z8: 0 | AA8: 0 | AB8: 0 | AD8: 0 | AE8: 0 | AF8: 0 | AG8: 0 | AI8: -450.3614 | AJ8: -185.01453 | AK8: -422.174 | AL8: -557.88203 | AN8: Товары и услуги
A9: экспорт | B9: =IF(ABS(SUM(J9:M9))<0.05,"—",SUM(J9:M9)) -> — | C9: =IF(ABS(SUM(O9:R9))<0.05,"—",SUM(O9:R9)) -> — | D9: =IF(ABS(SUM(T9:W9))<0.05,"—",SUM(T9:W9)) -> — | E9: =IF(ABS(SUM(Y9:AB9))<0.05,"—",SUM(Y9:AB9)) -> — | F9: =IF(ABS(SUM(AD9:AG9))<0.05,"—",SUM(AD9:AG9)) -> — | G9: =IF(ABS(SUM(AD9:AF9))<0.05,"—",SUM(AD9:AF9)) -> — | H9: =IF(ABS(SUM(AI9:AK9))<0.05,"—",SUM(AI9:AK9)) -> 1891.1628 | J9: 0 | K9: 0 | L9: 0 | M9: 0 | O9: 0 | P9: 0 | Q9: 0 | R9: 0 | T9: 0 | U9: 0 | V9: 0 | W9: 0 | Y9: 0 | Z9: 0 | AA9: 0 | AB9: 0 | AD9: 0 | AE9: 0 | AF9: 0 | AG9: 0 | AI9: 658.54838 | AJ9: 587.11518 | AK9: 645.49925 | AL9: 544.25498 | AN9: экспорт
A10: импорт | B10: =IF(ABS(SUM(J10:M10))<0.05,"—",SUM(J10:M10)) -> — | C10: =IF(ABS(SUM(O10:R10))<0.05,"—",SUM(O10:R10)) -> — | D10: =IF(ABS(SUM(T10:W10))<0.05,"—",SUM(T10:W10)) -> — | E10: =IF(ABS(SUM(Y10:AB10))<0.05,"—",SUM(Y10:AB10)) -> — | F10: =IF(ABS(SUM(AD10:AG10))<0.05,"—",SUM(AD10:AG10)) -> — | G10: =IF(ABS(SUM(AD10:AF10))<0.05,"—",SUM(AD10:AF10)) -> — | H10: =IF(ABS(SUM(AI10:AK10))<0.05,"—",SUM(AI10:AK10)) -> 2948.7127 | J10: 0 | K10: 0 | L10: 0 | M10: 0 | O10: 0 | P10: 0 | Q10: 0 | R10: 0 | T10: 0 | U10: 0 | V10: 0 | W10: 0 | Y10: 0 | Z10: 0 | AA10: 0 | AB10: 0 | AD10: 0 | AE10: 0 | AF10: 0 | AG10: 0 | AI10: 1108.9098 | AJ10: 772.12971 | AK10: 1067.6732 | AL10: 1102.137 | AN10: импорт
A11: Товары | B11: =IF(ABS(SUM(J11:M11))<0.05,"—",SUM(J11:M11)) -> — | C11: =IF(ABS(SUM(O11:R11))<0.05,"—",SUM(O11:R11)) -> — | D11: =IF(ABS(SUM(T11:W11))<0.05,"—",SUM(T11:W11)) -> — | E11: =IF(ABS(SUM(Y11:AB11))<0.05,"—",SUM(Y11:AB11)) -> — | F11: =IF(ABS(SUM(AD11:AG11))<0.05,"—",SUM(AD11:AG11)) -> — | G11: =IF(ABS(SUM(AD11:AF11))<0.05,"—",SUM(AD11:AF11)) -> — | H11: =IF(ABS(SUM(AI11:AK11))<0.05,"—",SUM(AI11:AK11)) -> -930.87379 | J11: 0 | K11: 0 | L11: 0 | M11: 0 | O11: 0 | P11: 0 | Q11: 0 | R11: 0 | T11: 0 | U11: 0 | V11: 0 | W11: 0 | Y11: 0 | Z11: 0 | AA11: 0 | AB11: 0 | AD11: 0 | AE11: 0 | AF11: 0 | AG11: 0 | AI11: -443.17896 | AJ11: -121.14136 | AK11: -366.55347 | AL11: -508.70025 | AN11: Товары
A12: экспорт | B12: =IF(ABS(SUM(J12:M12))<0.05,"—",SUM(J12:M12)) -> — | C12: =IF(ABS(SUM(O12:R12))<0.05,"—",SUM(O12:R12)) -> — | D12: =IF(ABS(SUM(T12:W12))<0.05,"—",SUM(T12:W12)) -> — | E12: =IF(ABS(SUM(Y12:AB12))<0.05,"—",SUM(Y12:AB12)) -> — | F12: =IF(ABS(SUM(AD12:AG12))<0.05,"—",SUM(AD12:AG12)) -> — | G12: =IF(ABS(SUM(AD12:AF12))<0.05,"—",SUM(AD12:AF12)) -> — | H12: =IF(ABS(SUM(AI12:AK12))<0.05,"—",SUM(AI12:AK12)) -> 1562.5739 | J12: 0 | K12: 0 | L12: 0 | M12: 0 | O12: 0 | P12: 0 | Q12: 0 | R12: 0 | T12: 0 | U12: 0 | V12: 0 | W12: 0 | Y12: 0 | Z12: 0 | AA12: 0 | AB12: 0 | AD12: 0 | AE12: 0 | AF12: 0 | AG12: 0 | AI12: 493.86465 | AJ12: 517.66479 | AK12: 551.04444 | AL12: 444.60381 | AN12: экспорт
A13: импорт | B13: =IF(ABS(SUM(J13:M13))<0.05,"—",SUM(J13:M13)) -> — | C13: =IF(ABS(SUM(O13:R13))<0.05,"—",SUM(O13:R13)) -> — | D13: =IF(ABS(SUM(T13:W13))<0.05,"—",SUM(T13:W13)) -> — | E13: =IF(ABS(SUM(Y13:AB13))<0.05,"—",SUM(Y13:AB13)) -> — | F13: =IF(ABS(SUM(AD13:AG13))<0.05,"—",SUM(AD13:AG13)) -> — | G13: =IF(ABS(SUM(AD13:AF13))<0.05,"—",SUM(AD13:AF13)) -> — | H13: =IF(ABS(SUM(AI13:AK13))<0.05,"—",SUM(AI13:AK13)) -> 2493.4477 | J13: 0 | K13: 0 | L13: 0 | M13: 0 | O13: 0 | P13: 0 | Q13: 0 | R13: 0 | T13: 0 | U13: 0 | V13: 0 | W13: 0 | Y13: 0 | Z13: 0 | AA13: 0 | AB13: 0 | AD13: 0 | AE13: 0 | AF13: 0 | AG13: 0 | AI13: 937.04361 | AJ13: 638.80616 | AK13: 917.59791 | AL13: 953.30406 | AN13: импорт
A14: Экспорт/импорт товаров по методологии платежного баланса | B14: =IF(ABS(SUM(J14:M14))<0.05,"—",SUM(J14:M14)) -> — | C14: =IF(ABS(SUM(O14:R14))<0.05,"—",SUM(O14:R14)) -> — | D14: =IF(ABS(SUM(T14:W14))<0.05,"—",SUM(T14:W14)) -> — | E14: =IF(ABS(SUM(Y14:AB14))<0.05,"—",SUM(Y14:AB14)) -> — | F14: =IF(ABS(SUM(AD14:AG14))<0.05,"—",SUM(AD14:AG14)) -> — | G14: =IF(ABS(SUM(AD14:AF14))<0.05,"—",SUM(AD14:AF14)) -> — | H14: =IF(ABS(SUM(AI14:AK14))<0.05,"—",SUM(AI14:AK14)) -> -1738.5629 | J14: 0 | K14: 0 | L14: 0 | M14: 0 | O14: 0 | P14: 0 | Q14: 0 | R14: 0 | T14: 0 | U14: 0 | V14: 0 | W14: 0 | Y14: 0 | Z14: 0 | AA14: 0 | AB14: 0 | AD14: 0 | AE14: 0 | AF14: 0 | AG14: 0 | AI14: -656.07914 | AJ14: -446.31312 | AK14: -636.17062 | AL14: -688.00869 | AN14: Экспорт/импорт товаров по методологии платежного баланса
A15: экспорт | B15: =IF(ABS(SUM(J15:M15))<0.05,"—",SUM(J15:M15)) -> — | C15: =IF(ABS(SUM(O15:R15))<0.05,"—",SUM(O15:R15)) -> — | D15: =IF(ABS(SUM(T15:W15))<0.05,"—",SUM(T15:W15)) -> — | E15: =IF(ABS(SUM(Y15:AB15))<0.05,"—",SUM(Y15:AB15)) -> — | F15: =IF(ABS(SUM(AD15:AG15))<0.05,"—",SUM(AD15:AG15)) -> — | G15: =IF(ABS(SUM(AD15:AF15))<0.05,"—",SUM(AD15:AF15)) -> — | H15: =IF(ABS(SUM(AI15:AK15))<0.05,"—",SUM(AI15:AK15)) -> 754.88479 | J15: 0 | K15: 0 | L15: 0 | M15: 0 | O15: 0 | P15: 0 | Q15: 0 | R15: 0 | T15: 0 | U15: 0 | V15: 0 | W15: 0 | Y15: 0 | Z15: 0 | AA15: 0 | AB15: 0 | AD15: 0 | AE15: 0 | AF15: 0 | AG15: 0 | AI15: 280.96447 | AJ15: 192.49303 | AK15: 281.42729 | AL15: 265.29537 | AN15: экспорт
A16: импорт | B16: =IF(ABS(SUM(J16:M16))<0.05,"—",SUM(J16:M16)) -> — | C16: =IF(ABS(SUM(O16:R16))<0.05,"—",SUM(O16:R16)) -> — | D16: =IF(ABS(SUM(T16:W16))<0.05,"—",SUM(T16:W16)) -> — | E16: =IF(ABS(SUM(Y16:AB16))<0.05,"—",SUM(Y16:AB16)) -> — | F16: =IF(ABS(SUM(AD16:AG16))<0.05,"—",SUM(AD16:AG16)) -> — | G16: =IF(ABS(SUM(AD16:AF16))<0.05,"—",SUM(AD16:AF16)) -> — | H16: =IF(ABS(SUM(AI16:AK16))<0.05,"—",SUM(AI16:AK16)) -> 2493.4477 | J16: 0 | K16: 0 | L16: 0 | M16: 0 | O16: 0 | P16: 0 | Q16: 0 | R16: 0 | T16: 0 | U16: 0 | V16: 0 | W16: 0 | Y16: 0 | Z16: 0 | AA16: 0 | AB16: 0 | AD16: 0 | AE16: 0 | AF16: 0 | AG16: 0 | AI16: 937.04361 | AJ16: 638.80616 | AK16: 917.59791 | AL16: 953.30406 | AN16: импорт
A17: в т.ч. Реэкспорт | B17: =IF(ABS(SUM(J17:M17))<0.05,"—",SUM(J17:M17)) -> — | C17: =IF(ABS(SUM(O17:R17))<0.05,"—",SUM(O17:R17)) -> — | D17: =IF(ABS(SUM(T17:W17))<0.05,"—",SUM(T17:W17)) -> — | E17: =IF(ABS(SUM(Y17:AB17))<0.05,"—",SUM(Y17:AB17)) -> — | F17: =IF(ABS(SUM(AD17:AG17))<0.05,"—",SUM(AD17:AG17)) -> — | G17: =IF(ABS(SUM(AD17:AF17))<0.05,"—",SUM(AD17:AF17)) -> — | H17: =IF(ABS(SUM(AI17:AK17))<0.05,"—",SUM(AI17:AK17)) -> 54.953916 | J17: 0 | K17: 0 | L17: 0 | M17: 0 | O17: 0 | P17: 0 | Q17: 0 | R17: 0 | T17: 0 | U17: 0 | V17: 0 | W17: 0 | Y17: 0 | Z17: 0 | AA17: 0 | AB17: 0 | AD17: 0 | AE17: 0 | AF17: 0 | AG17: 0 | AI17: 16.6274 | AJ17: 20.647081 | AK17: 17.679435 | AL17: 12.758607 | AN17: в т.ч. Реэкспорт
A18: Чистый экспорт товаров в рамках перепродажи товаров за границей | B18: =IF(ABS(SUM(J18:M18))<0.05,"—",SUM(J18:M18)) -> — | C18: =IF(ABS(SUM(O18:R18))<0.05,"—",SUM(O18:R18)) -> — | D18: =IF(ABS(SUM(T18:W18))<0.05,"—",SUM(T18:W18)) -> — | E18: =IF(ABS(SUM(Y18:AB18))<0.05,"—",SUM(Y18:AB18)) -> — | F18: =IF(ABS(SUM(AD18:AG18))<0.05,"—",SUM(AD18:AG18)) -> — | G18: =IF(ABS(SUM(AD18:AF18))<0.05,"—",SUM(AD18:AF18)) -> — | H18: =IF(ABS(SUM(AI18:AK18))<0.05,"—",SUM(AI18:AK18)) -> — | J18: 0 | K18: 0 | L18: 0 | M18: 0 | O18: 0 | P18: 0 | Q18: 0 | R18: 0 | T18: 0 | U18: 0 | V18: 0 | W18: 0 | Y18: 0 | Z18: 0 | AA18: 0 | AB18: 0 | AD18: 0 | AE18: 0 | AF18: 0 | AG18: 0 | AI18: 0 | AJ18: 0 | AK18: 0 | AL18: — | AN18: Чистый экспорт товаров в рамках перепродажи товаров за границей
A19: Немонетарное золото | B19: =IF(ABS(SUM(J19:M19))<0.05,"—",SUM(J19:M19)) -> — | C19: =IF(ABS(SUM(O19:R19))<0.05,"—",SUM(O19:R19)) -> — | D19: =IF(ABS(SUM(T19:W19))<0.05,"—",SUM(T19:W19)) -> — | E19: =IF(ABS(SUM(Y19:AB19))<0.05,"—",SUM(Y19:AB19)) -> — | F19: =IF(ABS(SUM(AD19:AG19))<0.05,"—",SUM(AD19:AG19)) -> — | G19: =IF(ABS(SUM(AD19:AF19))<0.05,"—",SUM(AD19:AF19)) -> — | H19: =IF(ABS(SUM(AI19:AK19))<0.05,"—",SUM(AI19:AK19)) -> 807.68909 | J19: 0 | K19: 0 | L19: 0 | M19: 0 | O19: 0 | P19: 0 | Q19: 0 | R19: 0 | T19: 0 | U19: 0 | V19: 0 | W19: 0 | Y19: 0 | Z19: 0 | AA19: 0 | AB19: 0 | AD19: 0 | AE19: 0 | AF19: 0 | AG19: 0 | AI19: 212.90018 | AJ19: 325.17176 | AK19: 269.61716 | AL19: 179.30844 | AN19: Немонетарное золото
A20: экспорт | B20: =IF(ABS(SUM(J20:M20))<0.05,"—",SUM(J20:M20)) -> — | C20: =IF(ABS(SUM(O20:R20))<0.05,"—",SUM(O20:R20)) -> — | D20: =IF(ABS(SUM(T20:W20))<0.05,"—",SUM(T20:W20)) -> — | E20: =IF(ABS(SUM(Y20:AB20))<0.05,"—",SUM(Y20:AB20)) -> — | F20: =IF(ABS(SUM(AD20:AG20))<0.05,"—",SUM(AD20:AG20)) -> — | G20: =IF(ABS(SUM(AD20:AF20))<0.05,"—",SUM(AD20:AF20)) -> — | H20: =IF(ABS(SUM(AI20:AK20))<0.05,"—",SUM(AI20:AK20)) -> 807.68909 | J20: 0 | K20: 0 | L20: 0 | M20: 0 | O20: 0 | P20: 0 | Q20: 0 | R20: 0 | T20: 0 | U20: 0 | V20: 0 | W20: 0 | Y20: 0 | Z20: 0 | AA20: 0 | AB20: 0 | AD20: 0 | AE20: 0 | AF20: 0 | AG20: 0 | AI20: 212.90018 | AJ20: 325.17176 | AK20: 269.61716 | AL20: 179.30844 | AN20: экспорт
A21: импорт | B21: =IF(ABS(SUM(J21:M21))<0.05,"—",SUM(J21:M21)) -> — | C21: =IF(ABS(SUM(O21:R21))<0.05,"—",SUM(O21:R21)) -> — | D21: =IF(ABS(SUM(T21:W21))<0.05,"—",SUM(T21:W21)) -> — | E21: =IF(ABS(SUM(Y21:AB21))<0.05,"—",SUM(Y21:AB21)) -> — | F21: =IF(ABS(SUM(AD21:AG21))<0.05,"—",SUM(AD21:AG21)) -> — | G21: =IF(ABS(SUM(AD21:AF21))<0.05,"—",SUM(AD21:AF21)) -> — | H21: =IF(ABS(SUM(AI21:AK21))<0.05,"—",SUM(AI21:AK21)) -> — | J21: 0 | K21: 0 | L21: 0 | M21: 0 | O21: 0 | P21: 0 | Q21: 0 | R21: 0 | T21: 0 | U21: 0 | V21: 0 | W21: 0 | Y21: 0 | Z21: 0 | AA21: 0 | AB21: 0 | AD21: 0 | AE21: 0 | AF21: 0 | AG21: 0 | AI21: 0 | AJ21: 0 | AK21: 0 | AL21: — | AN21: импорт
A22: Услуги | B22: =IF(ABS(SUM(J22:M22))<0.05,"—",SUM(J22:M22)) -> — | C22: =IF(ABS(SUM(O22:R22))<0.05,"—",SUM(O22:R22)) -> — | D22: =IF(ABS(SUM(T22:W22))<0.05,"—",SUM(T22:W22)) -> — | E22: =IF(ABS(SUM(Y22:AB22))<0.05,"—",SUM(Y22:AB22)) -> — | F22: =IF(ABS(SUM(AD22:AG22))<0.05,"—",SUM(AD22:AG22)) -> — | G22: =IF(ABS(SUM(AD22:AF22))<0.05,"—",SUM(AD22:AF22)) -> — | H22: =IF(ABS(SUM(AI22:AK22))<0.05,"—",SUM(AI22:AK22)) -> -126.67614 | J22: 0 | K22: 0 | L22: 0 | M22: 0 | O22: 0 | P22: 0 | Q22: 0 | R22: 0 | T22: 0 | U22: 0 | V22: 0 | W22: 0 | Y22: 0 | Z22: 0 | AA22: 0 | AB22: 0 | AD22: 0 | AE22: 0 | AF22: 0 | AG22: 0 | AI22: -7.182446 | AJ22: -63.873165 | AK22: -55.620529 | AL22: -49.181778 | AN22: Услуги
A23: экспорт | B23: =IF(ABS(SUM(J23:M23))<0.05,"—",SUM(J23:M23)) -> — | C23: =IF(ABS(SUM(O23:R23))<0.05,"—",SUM(O23:R23)) -> — | D23: =IF(ABS(SUM(T23:W23))<0.05,"—",SUM(T23:W23)) -> — | E23: =IF(ABS(SUM(Y23:AB23))<0.05,"—",SUM(Y23:AB23)) -> — | F23: =IF(ABS(SUM(AD23:AG23))<0.05,"—",SUM(AD23:AG23)) -> — | G23: =IF(ABS(SUM(AD23:AF23))<0.05,"—",SUM(AD23:AF23)) -> — | H23: =IF(ABS(SUM(AI23:AK23))<0.05,"—",SUM(AI23:AK23)) -> 328.58892 | J23: 0 | K23: 0 | L23: 0 | M23: 0 | O23: 0 | P23: 0 | Q23: 0 | R23: 0 | T23: 0 | U23: 0 | V23: 0 | W23: 0 | Y23: 0 | Z23: 0 | AA23: 0 | AB23: 0 | AD23: 0 | AE23: 0 | AF23: 0 | AG23: 0 | AI23: 164.68372 | AJ23: 69.450388 | AK23: 94.45481 | AL23: 99.651168 | AN23: экспорт
A24: импорт | B24: =IF(ABS(SUM(J24:M24))<0.05,"—",SUM(J24:M24)) -> — | C24: =IF(ABS(SUM(O24:R24))<0.05,"—",SUM(O24:R24)) -> — | D24: =IF(ABS(SUM(T24:W24))<0.05,"—",SUM(T24:W24)) -> — | E24: =IF(ABS(SUM(Y24:AB24))<0.05,"—",SUM(Y24:AB24)) -> — | F24: =IF(ABS(SUM(AD24:AG24))<0.05,"—",SUM(AD24:AG24)) -> — | G24: =IF(ABS(SUM(AD24:AF24))<0.05,"—",SUM(AD24:AF24)) -> — | H24: =IF(ABS(SUM(AI24:AK24))<0.05,"—",SUM(AI24:AK24)) -> 455.26506 | J24: 0 | K24: 0 | L24: 0 | M24: 0 | O24: 0 | P24: 0 | Q24: 0 | R24: 0 | T24: 0 | U24: 0 | V24: 0 | W24: 0 | Y24: 0 | Z24: 0 | AA24: 0 | AB24: 0 | AD24: 0 | AE24: 0 | AF24: 0 | AG24: 0 | AI24: 171.86617 | AJ24: 133.32355 | AK24: 150.07534 | AL24: 148.83295 | AN24: импорт
A25: Услуги по обработке материальных ресурсов, принадлежащих другим сторонам | B25: =IF(ABS(SUM(J25:M25))<0.05,"—",SUM(J25:M25)) -> — | C25: =IF(ABS(SUM(O25:R25))<0.05,"—",SUM(O25:R25)) -> — | D25: =IF(ABS(SUM(T25:W25))<0.05,"—",SUM(T25:W25)) -> — | E25: =IF(ABS(SUM(Y25:AB25))<0.05,"—",SUM(Y25:AB25)) -> — | F25: =IF(ABS(SUM(AD25:AG25))<0.05,"—",SUM(AD25:AG25)) -> — | G25: =IF(ABS(SUM(AD25:AF25))<0.05,"—",SUM(AD25:AF25)) -> — | H25: =IF(ABS(SUM(AI25:AK25))<0.05,"—",SUM(AI25:AK25)) -> — | J25: 0 | K25: 0 | L25: 0 | M25: 0 | O25: 0 | P25: 0 | Q25: 0 | R25: 0 | T25: 0 | U25: 0 | V25: 0 | W25: 0 | Y25: 0 | Z25: 0 | AA25: 0 | AB25: 0 | AD25: 0 | AE25: 0 | AF25: 0 | AG25: 0 | AI25: 0 | AJ25: 0 | AK25: 0 | AL25: — | AN25: Услуги по обработке материальных ресурсов, принадлежащих другим сторонам
A26: экспорт | B26: =IF(ABS(SUM(J26:M26))<0.05,"—",SUM(J26:M26)) -> — | C26: =IF(ABS(SUM(O26:R26))<0.05,"—",SUM(O26:R26)) -> — | D26: =IF(ABS(SUM(T26:W26))<0.05,"—",SUM(T26:W26)) -> — | E26: =IF(ABS(SUM(Y26:AB26))<0.05,"—",SUM(Y26:AB26)) -> — | F26: =IF(ABS(SUM(AD26:AG26))<0.05,"—",SUM(AD26:AG26)) -> — | G26: =IF(ABS(SUM(AD26:AF26))<0.05,"—",SUM(AD26:AF26)) -> — | H26: =IF(ABS(SUM(AI26:AK26))<0.05,"—",SUM(AI26:AK26)) -> — | J26: 0 | K26: 0 | L26: 0 | M26: 0 | O26: 0 | P26: 0 | Q26: 0 | R26: 0 | T26: 0 | U26: 0 | V26: 0 | W26: 0 | Y26: 0 | Z26: 0 | AA26: 0 | AB26: 0 | AD26: 0 | AE26: 0 | AF26: 0 | AG26: 0 | AI26: 0 | AJ26: 0 | AK26: 0 | AL26: — | AN26: экспорт
A27: импорт | B27: =IF(ABS(SUM(J27:M27))<0.05,"—",SUM(J27:M27)) -> — | C27: =IF(ABS(SUM(O27:R27))<0.05,"—",SUM(O27:R27)) -> — | D27: =IF(ABS(SUM(T27:W27))<0.05,"—",SUM(T27:W27)) -> — | E27: =IF(ABS(SUM(Y27:AB27))<0.05,"—",SUM(Y27:AB27)) -> — | F27: =IF(ABS(SUM(AD27:AG27))<0.05,"—",SUM(AD27:AG27)) -> — | G27: =IF(ABS(SUM(AD27:AF27))<0.05,"—",SUM(AD27:AF27)) -> — | H27: =IF(ABS(SUM(AI27:AK27))<0.05,"—",SUM(AI27:AK27)) -> — | J27: 0 | K27: 0 | L27: 0 | M27: 0 | O27: 0 | P27: 0 | Q27: 0 | R27: 0 | T27: 0 | U27: 0 | V27: 0 | W27: 0 | Y27: 0 | Z27: 0 | AA27: 0 | AB27: 0 | AD27: 0 | AE27: 0 | AF27: 0 | AG27: 0 | AI27: 0 | AJ27: 0 | AK27: 0 | AL27: — | AN27: импорт
A28: Товары для переработки в Кыргызской Республике (товары, возвращенные после переработки -экспорт, товары, полученные для переработки - импорт) | B28: =IF(ABS(SUM(J28:M28))<0.05,"—",SUM(J28:M28)) -> — | C28: =IF(ABS(SUM(O28:R28))<0.05,"—",SUM(O28:R28)) -> — | D28: =IF(ABS(SUM(T28:W28))<0.05,"—",SUM(T28:W28)) -> — | E28: =IF(ABS(SUM(Y28:AB28))<0.05,"—",SUM(Y28:AB28)) -> — | F28: =IF(ABS(SUM(AD28:AG28))<0.05,"—",SUM(AD28:AG28)) -> — | G28: =IF(ABS(SUM(AD28:AF28))<0.05,"—",SUM(AD28:AF28)) -> — | H28: =IF(ABS(SUM(AI28:AK28))<0.05,"—",SUM(AI28:AK28)) -> -0.057863 | J28: 0 | K28: 0 | L28: 0 | M28: 0 | O28: 0 | P28: 0 | Q28: 0 | R28: 0 | T28: 0 | U28: 0 | V28: 0 | W28: 0 | Y28: 0 | Z28: 0 | AA28: 0 | AB28: 0 | AD28: 0 | AE28: 0 | AF28: 0 | AG28: 0 | AI28: -0.105991 | AJ28: 0.011379 | AK28: 0.036749 | AL28: 0.446554 | AN28: Товары для переработки в Кыргызской Республике (товары, возвращенные после переработки -экспорт, товары, полученные для переработки - импорт)
A29: экспорт | B29: =IF(ABS(SUM(J29:M29))<0.05,"—",SUM(J29:M29)) -> — | C29: =IF(ABS(SUM(O29:R29))<0.05,"—",SUM(O29:R29)) -> — | D29: =IF(ABS(SUM(T29:W29))<0.05,"—",SUM(T29:W29)) -> — | E29: =IF(ABS(SUM(Y29:AB29))<0.05,"—",SUM(Y29:AB29)) -> — | F29: =IF(ABS(SUM(AD29:AG29))<0.05,"—",SUM(AD29:AG29)) -> — | G29: =IF(ABS(SUM(AD29:AF29))<0.05,"—",SUM(AD29:AF29)) -> — | H29: =IF(ABS(SUM(AI29:AK29))<0.05,"—",SUM(AI29:AK29)) -> 0.145319 | J29: 0 | K29: 0 | L29: 0 | M29: 0 | O29: 0 | P29: 0 | Q29: 0 | R29: 0 | T29: 0 | U29: 0 | V29: 0 | W29: 0 | Y29: 0 | Z29: 0 | AA29: 0 | AB29: 0 | AD29: 0 | AE29: 0 | AF29: 0 | AG29: 0 | AI29: 0.025847 | AJ29: 0.018579 | AK29: 0.100893 | AL29: 0.49888 | AN29: экспорт
A30: импорт | B30: =IF(ABS(SUM(J30:M30))<0.05,"—",SUM(J30:M30)) -> — | C30: =IF(ABS(SUM(O30:R30))<0.05,"—",SUM(O30:R30)) -> — | D30: =IF(ABS(SUM(T30:W30))<0.05,"—",SUM(T30:W30)) -> — | E30: =IF(ABS(SUM(Y30:AB30))<0.05,"—",SUM(Y30:AB30)) -> — | F30: =IF(ABS(SUM(AD30:AG30))<0.05,"—",SUM(AD30:AG30)) -> — | G30: =IF(ABS(SUM(AD30:AF30))<0.05,"—",SUM(AD30:AF30)) -> — | H30: =IF(ABS(SUM(AI30:AK30))<0.05,"—",SUM(AI30:AK30)) -> 0.203182 | J30: 0 | K30: 0 | L30: 0 | M30: 0 | O30: 0 | P30: 0 | Q30: 0 | R30: 0 | T30: 0 | U30: 0 | V30: 0 | W30: 0 | Y30: 0 | Z30: 0 | AA30: 0 | AB30: 0 | AD30: 0 | AE30: 0 | AF30: 0 | AG30: 0 | AI30: 0.131838 | AJ30: 0.0072 | AK30: 0.064144 | AL30: 0.052326 | AN30: импорт
A31: Товары для переработки за границей (товары, направленные на переработку - экспорт, товары, возвращенные после переработки - импорт) | B31: =IF(ABS(SUM(J31:M31))<0.05,"—",SUM(J31:M31)) -> — | C31: =IF(ABS(SUM(O31:R31))<0.05,"—",SUM(O31:R31)) -> — | D31: =IF(ABS(SUM(T31:W31))<0.05,"—",SUM(T31:W31)) -> — | E31: =IF(ABS(SUM(Y31:AB31))<0.05,"—",SUM(Y31:AB31)) -> — | F31: =IF(ABS(SUM(AD31:AG31))<0.05,"—",SUM(AD31:AG31)) -> — | G31: =IF(ABS(SUM(AD31:AF31))<0.05,"—",SUM(AD31:AF31)) -> — | H31: =IF(ABS(SUM(AI31:AK31))<0.05,"—",SUM(AI31:AK31)) -> -0.656043 | J31: 0 | K31: 0 | L31: 0 | M31: 0 | O31: 0 | P31: 0 | Q31: 0 | R31: 0 | T31: 0 | U31: 0 | V31: 0 | W31: 0 | Y31: 0 | Z31: 0 | AA31: 0 | AB31: 0 | AD31: 0 | AE31: 0 | AF31: 0 | AG31: 0 | AI31: 2.199947 | AJ31: -2.870971 | AK31: 0.014981 | AL31: 0.098945 | AN31: Товары для переработки за границей (товары, направленные на переработку - экспорт, товары, возвращенные после переработки - импорт)
A32: экспорт | B32: =IF(ABS(SUM(J32:M32))<0.05,"—",SUM(J32:M32)) -> — | C32: =IF(ABS(SUM(O32:R32))<0.05,"—",SUM(O32:R32)) -> — | D32: =IF(ABS(SUM(T32:W32))<0.05,"—",SUM(T32:W32)) -> — | E32: =IF(ABS(SUM(Y32:AB32))<0.05,"—",SUM(Y32:AB32)) -> — | F32: =IF(ABS(SUM(AD32:AG32))<0.05,"—",SUM(AD32:AG32)) -> — | G32: =IF(ABS(SUM(AD32:AF32))<0.05,"—",SUM(AD32:AF32)) -> — | H32: =IF(ABS(SUM(AI32:AK32))<0.05,"—",SUM(AI32:AK32)) -> 7.52014 | J32: 0 | K32: 0 | L32: 0 | M32: 0 | O32: 0 | P32: 0 | Q32: 0 | R32: 0 | T32: 0 | U32: 0 | V32: 0 | W32: 0 | Y32: 0 | Z32: 0 | AA32: 0 | AB32: 0 | AD32: 0 | AE32: 0 | AF32: 0 | AG32: 0 | AI32: 2.537148 | AJ32: 4.682513 | AK32: 0.300479 | AL32: 0.47748 | AN32: экспорт
A33: импорт | B33: =IF(ABS(SUM(J33:M33))<0.05,"—",SUM(J33:M33)) -> — | C33: =IF(ABS(SUM(O33:R33))<0.05,"—",SUM(O33:R33)) -> — | D33: =IF(ABS(SUM(T33:W33))<0.05,"—",SUM(T33:W33)) -> — | E33: =IF(ABS(SUM(Y33:AB33))<0.05,"—",SUM(Y33:AB33)) -> — | F33: =IF(ABS(SUM(AD33:AG33))<0.05,"—",SUM(AD33:AG33)) -> — | G33: =IF(ABS(SUM(AD33:AF33))<0.05,"—",SUM(AD33:AF33)) -> — | H33: =IF(ABS(SUM(AI33:AK33))<0.05,"—",SUM(AI33:AK33)) -> 8.176183 | J33: 0 | K33: 0 | L33: 0 | M33: 0 | O33: 0 | P33: 0 | Q33: 0 | R33: 0 | T33: 0 | U33: 0 | V33: 0 | W33: 0 | Y33: 0 | Z33: 0 | AA33: 0 | AB33: 0 | AD33: 0 | AE33: 0 | AF33: 0 | AG33: 0 | AI33: 0.337201 | AJ33: 7.553484 | AK33: 0.285498 | AL33: 0.378535 | AN33: импорт
A34: Услуги по ремонту и техническому обслуживанию, не отнесенные к другим категориям | B34: =IF(ABS(SUM(J34:M34))<0.05,"—",SUM(J34:M34)) -> — | C34: =IF(ABS(SUM(O34:R34))<0.05,"—",SUM(O34:R34)) -> — | D34: =IF(ABS(SUM(T34:W34))<0.05,"—",SUM(T34:W34)) -> — | E34: =IF(ABS(SUM(Y34:AB34))<0.05,"—",SUM(Y34:AB34)) -> — | F34: =IF(ABS(SUM(AD34:AG34))<0.05,"—",SUM(AD34:AG34)) -> — | G34: =IF(ABS(SUM(AD34:AF34))<0.05,"—",SUM(AD34:AF34)) -> — | H34: =IF(ABS(SUM(AI34:AK34))<0.05,"—",SUM(AI34:AK34)) -> — | J34: 0 | K34: 0 | L34: 0 | M34: 0 | O34: 0 | P34: 0 | Q34: 0 | R34: 0 | T34: 0 | U34: 0 | V34: 0 | W34: 0 | Y34: 0 | Z34: 0 | AA34: 0 | AB34: 0 | AD34: 0 | AE34: 0 | AF34: 0 | AG34: 0 | AI34: 0 | AJ34: 0 | AK34: 0 | AL34: — | AN34: Услуги по ремонту и техническому обслуживанию, не отнесенные к другим категориям
A35: экспорт | B35: =IF(ABS(SUM(J35:M35))<0.05,"—",SUM(J35:M35)) -> — | C35: =IF(ABS(SUM(O35:R35))<0.05,"—",SUM(O35:R35)) -> — | D35: =IF(ABS(SUM(T35:W35))<0.05,"—",SUM(T35:W35)) -> — | E35: =IF(ABS(SUM(Y35:AB35))<0.05,"—",SUM(Y35:AB35)) -> — | F35: =IF(ABS(SUM(AD35:AG35))<0.05,"—",SUM(AD35:AG35)) -> — | G35: =IF(ABS(SUM(AD35:AF35))<0.05,"—",SUM(AD35:AF35)) -> — | H35: =IF(ABS(SUM(AI35:AK35))<0.05,"—",SUM(AI35:AK35)) -> — | J35: 0 | K35: 0 | L35: 0 | M35: 0 | O35: 0 | P35: 0 | Q35: 0 | R35: 0 | T35: 0 | U35: 0 | V35: 0 | W35: 0 | Y35: 0 | Z35: 0 | AA35: 0 | AB35: 0 | AD35: 0 | AE35: 0 | AF35: 0 | AG35: 0 | AI35: 0 | AJ35: 0 | AK35: 0 | AL35: — | AN35: экспорт
A36: импорт | B36: =IF(ABS(SUM(J36:M36))<0.05,"—",SUM(J36:M36)) -> — | C36: =IF(ABS(SUM(O36:R36))<0.05,"—",SUM(O36:R36)) -> — | D36: =IF(ABS(SUM(T36:W36))<0.05,"—",SUM(T36:W36)) -> — | E36: =IF(ABS(SUM(Y36:AB36))<0.05,"—",SUM(Y36:AB36)) -> — | F36: =IF(ABS(SUM(AD36:AG36))<0.05,"—",SUM(AD36:AG36)) -> — | G36: =IF(ABS(SUM(AD36:AF36))<0.05,"—",SUM(AD36:AF36)) -> — | H36: =IF(ABS(SUM(AI36:AK36))<0.05,"—",SUM(AI36:AK36)) -> — | J36: 0 | K36: 0 | L36: 0 | M36: 0 | O36: 0 | P36: 0 | Q36: 0 | R36: 0 | T36: 0 | U36: 0 | V36: 0 | W36: 0 | Y36: 0 | Z36: 0 | AA36: 0 | AB36: 0 | AD36: 0 | AE36: 0 | AF36: 0 | AG36: 0 | AI36: 0 | AJ36: 0 | AK36: 0 | AL36: — | AN36: импорт
A37: Транспортные услуги | B37: =IF(ABS(SUM(J37:M37))<0.05,"—",SUM(J37:M37)) -> — | C37: =IF(ABS(SUM(O37:R37))<0.05,"—",SUM(O37:R37)) -> — | D37: =IF(ABS(SUM(T37:W37))<0.05,"—",SUM(T37:W37)) -> — | E37: =IF(ABS(SUM(Y37:AB37))<0.05,"—",SUM(Y37:AB37)) -> — | F37: =IF(ABS(SUM(AD37:AG37))<0.05,"—",SUM(AD37:AG37)) -> — | G37: =IF(ABS(SUM(AD37:AF37))<0.05,"—",SUM(AD37:AF37)) -> — | H37: =IF(ABS(SUM(AI37:AK37))<0.05,"—",SUM(AI37:AK37)) -> -141.6124 | J37: 0 | K37: 0 | L37: 0 | M37: 0 | O37: 0 | P37: 0 | Q37: 0 | R37: 0 | T37: 0 | U37: 0 | V37: 0 | W37: 0 | Y37: 0 | Z37: 0 | AA37: 0 | AB37: 0 | AD37: 0 | AE37: 0 | AF37: 0 | AG37: 0 | AI37: -35.88401 | AJ37: -48.424376 | AK37: -57.304018 | AL37: -57.983637 | AN37: Транспортные услуги
A38: экспорт | B38: =IF(ABS(SUM(J38:M38))<0.05,"—",SUM(J38:M38)) -> — | C38: =IF(ABS(SUM(O38:R38))<0.05,"—",SUM(O38:R38)) -> — | D38: =IF(ABS(SUM(T38:W38))<0.05,"—",SUM(T38:W38)) -> — | E38: =IF(ABS(SUM(Y38:AB38))<0.05,"—",SUM(Y38:AB38)) -> — | F38: =IF(ABS(SUM(AD38:AG38))<0.05,"—",SUM(AD38:AG38)) -> — | G38: =IF(ABS(SUM(AD38:AF38))<0.05,"—",SUM(AD38:AF38)) -> — | H38: =IF(ABS(SUM(AI38:AK38))<0.05,"—",SUM(AI38:AK38)) -> 112.35165 | J38: 0 | K38: 0 | L38: 0 | M38: 0 | O38: 0 | P38: 0 | Q38: 0 | R38: 0 | T38: 0 | U38: 0 | V38: 0 | W38: 0 | Y38: 0 | Z38: 0 | AA38: 0 | AB38: 0 | AD38: 0 | AE38: 0 | AF38: 0 | AG38: 0 | AI38: 38.038734 | AJ38: 34.589311 | AK38: 39.723609 | AL38: 40.765906 | AN38: экспорт
A39: импорт | B39: =IF(ABS(SUM(J39:M39))<0.05,"—",SUM(J39:M39)) -> — | C39: =IF(ABS(SUM(O39:R39))<0.05,"—",SUM(O39:R39)) -> — | D39: =IF(ABS(SUM(T39:W39))<0.05,"—",SUM(T39:W39)) -> — | E39: =IF(ABS(SUM(Y39:AB39))<0.05,"—",SUM(Y39:AB39)) -> — | F39: =IF(ABS(SUM(AD39:AG39))<0.05,"—",SUM(AD39:AG39)) -> — | G39: =IF(ABS(SUM(AD39:AF39))<0.05,"—",SUM(AD39:AF39)) -> — | H39: =IF(ABS(SUM(AI39:AK39))<0.05,"—",SUM(AI39:AK39)) -> 253.96406 | J39: 0 | K39: 0 | L39: 0 | M39: 0 | O39: 0 | P39: 0 | Q39: 0 | R39: 0 | T39: 0 | U39: 0 | V39: 0 | W39: 0 | Y39: 0 | Z39: 0 | AA39: 0 | AB39: 0 | AD39: 0 | AE39: 0 | AF39: 0 | AG39: 0 | AI39: 73.922744 | AJ39: 83.013687 | AK39: 97.027627 | AL39: 98.749543 | AN39: импорт
A40: Пассажирский | B40: =IF(ABS(SUM(J40:M40))<0.05,"—",SUM(J40:M40)) -> — | C40: =IF(ABS(SUM(O40:R40))<0.05,"—",SUM(O40:R40)) -> — | D40: =IF(ABS(SUM(T40:W40))<0.05,"—",SUM(T40:W40)) -> — | E40: =IF(ABS(SUM(Y40:AB40))<0.05,"—",SUM(Y40:AB40)) -> — | F40: =IF(ABS(SUM(AD40:AG40))<0.05,"—",SUM(AD40:AG40)) -> — | G40: =IF(ABS(SUM(AD40:AF40))<0.05,"—",SUM(AD40:AF40)) -> — | H40: =IF(ABS(SUM(AI40:AK40))<0.05,"—",SUM(AI40:AK40)) -> -35.935685 | J40: 0 | K40: 0 | L40: 0 | M40: 0 | O40: 0 | P40: 0 | Q40: 0 | R40: 0 | T40: 0 | U40: 0 | V40: 0 | W40: 0 | Y40: 0 | Z40: 0 | AA40: 0 | AB40: 0 | AD40: 0 | AE40: 0 | AF40: 0 | AG40: 0 | AI40: -9.3572805 | AJ40: -11.264281 | AK40: -15.314124 | AL40: -16.750944 | AN40: Пассажирский
A41: экспорт | B41: =IF(ABS(SUM(J41:M41))<0.05,"—",SUM(J41:M41)) -> — | C41: =IF(ABS(SUM(O41:R41))<0.05,"—",SUM(O41:R41)) -> — | D41: =IF(ABS(SUM(T41:W41))<0.05,"—",SUM(T41:W41)) -> — | E41: =IF(ABS(SUM(Y41:AB41))<0.05,"—",SUM(Y41:AB41)) -> — | F41: =IF(ABS(SUM(AD41:AG41))<0.05,"—",SUM(AD41:AG41)) -> — | G41: =IF(ABS(SUM(AD41:AF41))<0.05,"—",SUM(AD41:AF41)) -> — | H41: =IF(ABS(SUM(AI41:AK41))<0.05,"—",SUM(AI41:AK41)) -> 33.431793 | J41: 0 | K41: 0 | L41: 0 | M41: 0 | O41: 0 | P41: 0 | Q41: 0 | R41: 0 | T41: 0 | U41: 0 | V41: 0 | W41: 0 | Y41: 0 | Z41: 0 | AA41: 0 | AB41: 0 | AD41: 0 | AE41: 0 | AF41: 0 | AG41: 0 | AI41: 11.518334 | AJ41: 11.103336 | AK41: 10.810124 | AL41: 10.345241 | AM41: =AD41+AD44+AD47 -> 0 | AN41: экспорт
A42: импорт | B42: =IF(ABS(SUM(J42:M42))<0.05,"—",SUM(J42:M42)) -> — | C42: =IF(ABS(SUM(O42:R42))<0.05,"—",SUM(O42:R42)) -> — | D42: =IF(ABS(SUM(T42:W42))<0.05,"—",SUM(T42:W42)) -> — | E42: =IF(ABS(SUM(Y42:AB42))<0.05,"—",SUM(Y42:AB42)) -> — | F42: =IF(ABS(SUM(AD42:AG42))<0.05,"—",SUM(AD42:AG42)) -> — | G42: =IF(ABS(SUM(AD42:AF42))<0.05,"—",SUM(AD42:AF42)) -> — | H42: =IF(ABS(SUM(AI42:AK42))<0.05,"—",SUM(AI42:AK42)) -> 69.367479 | J42: 0 | K42: 0 | L42: 0 | M42: 0 | O42: 0 | P42: 0 | Q42: 0 | R42: 0 | T42: 0 | U42: 0 | V42: 0 | W42: 0 | Y42: 0 | Z42: 0 | AA42: 0 | AB42: 0 | AD42: 0 | AE42: 0 | AF42: 0 | AG42: 0 | AI42: 20.875614 | AJ42: 22.367617 | AK42: 26.124248 | AL42: 27.096186 | AN42: импорт
A43: Грузовой | B43: =IF(ABS(SUM(J43:M43))<0.05,"—",SUM(J43:M43)) -> — | C43: =IF(ABS(SUM(O43:R43))<0.05,"—",SUM(O43:R43)) -> — | D43: =IF(ABS(SUM(T43:W43))<0.05,"—",SUM(T43:W43)) -> — | E43: =IF(ABS(SUM(Y43:AB43))<0.05,"—",SUM(Y43:AB43)) -> — | F43: =IF(ABS(SUM(AD43:AG43))<0.05,"—",SUM(AD43:AG43)) -> — | G43: =IF(ABS(SUM(AD43:AF43))<0.05,"—",SUM(AD43:AF43)) -> — | H43: =IF(ABS(SUM(AI43:AK43))<0.05,"—",SUM(AI43:AK43)) -> -41.235139 | J43: 0 | K43: 0 | L43: 0 | M43: 0 | O43: 0 | P43: 0 | Q43: 0 | R43: 0 | T43: 0 | U43: 0 | V43: 0 | W43: 0 | Y43: 0 | Z43: 0 | AA43: 0 | AB43: 0 | AD43: 0 | AE43: 0 | AF43: 0 | AG43: 0 | AI43: -10.099578 | AJ43: -14.358305 | AK43: -16.777255 | AL43: -14.558057 | AN43: Грузовой
A44: экспорт | B44: =IF(ABS(SUM(J44:M44))<0.05,"—",SUM(J44:M44)) -> — | C44: =IF(ABS(SUM(O44:R44))<0.05,"—",SUM(O44:R44)) -> — | D44: =IF(ABS(SUM(T44:W44))<0.05,"—",SUM(T44:W44)) -> — | E44: =IF(ABS(SUM(Y44:AB44))<0.05,"—",SUM(Y44:AB44)) -> — | F44: =IF(ABS(SUM(AD44:AG44))<0.05,"—",SUM(AD44:AG44)) -> — | G44: =IF(ABS(SUM(AD44:AF44))<0.05,"—",SUM(AD44:AF44)) -> — | H44: =IF(ABS(SUM(AI44:AK44))<0.05,"—",SUM(AI44:AK44)) -> 46.684961 | J44: 0 | K44: 0 | L44: 0 | M44: 0 | O44: 0 | P44: 0 | Q44: 0 | R44: 0 | T44: 0 | U44: 0 | V44: 0 | W44: 0 | Y44: 0 | Z44: 0 | AA44: 0 | AB44: 0 | AD44: 0 | AE44: 0 | AF44: 0 | AG44: 0 | AI44: 16.314236 | AJ44: 14.113167 | AK44: 16.257558 | AL44: 18.288396 | AN44: экспорт
A45: импорт | B45: =IF(ABS(SUM(J45:M45))<0.05,"—",SUM(J45:M45)) -> — | C45: =IF(ABS(SUM(O45:R45))<0.05,"—",SUM(O45:R45)) -> — | D45: =IF(ABS(SUM(T45:W45))<0.05,"—",SUM(T45:W45)) -> — | E45: =IF(ABS(SUM(Y45:AB45))<0.05,"—",SUM(Y45:AB45)) -> — | F45: =IF(ABS(SUM(AD45:AG45))<0.05,"—",SUM(AD45:AG45)) -> — | G45: =IF(ABS(SUM(AD45:AF45))<0.05,"—",SUM(AD45:AF45)) -> — | H45: =IF(ABS(SUM(AI45:AK45))<0.05,"—",SUM(AI45:AK45)) -> 87.9201 | J45: 0 | K45: 0 | L45: 0 | M45: 0 | O45: 0 | P45: 0 | Q45: 0 | R45: 0 | T45: 0 | U45: 0 | V45: 0 | W45: 0 | Y45: 0 | Z45: 0 | AA45: 0 | AB45: 0 | AD45: 0 | AE45: 0 | AF45: 0 | AG45: 0 | AI45: 26.413815 | AJ45: 28.471472 | AK45: 33.034813 | AL45: 32.846453 | AN45: импорт
A46: Прочий | B46: =IF(ABS(SUM(J46:M46))<0.05,"—",SUM(J46:M46)) -> — | C46: =IF(ABS(SUM(O46:R46))<0.05,"—",SUM(O46:R46)) -> — | D46: =IF(ABS(SUM(T46:W46))<0.05,"—",SUM(T46:W46)) -> — | E46: =IF(ABS(SUM(Y46:AB46))<0.05,"—",SUM(Y46:AB46)) -> — | F46: =IF(ABS(SUM(AD46:AG46))<0.05,"—",SUM(AD46:AG46)) -> — | G46: =IF(ABS(SUM(AD46:AF46))<0.05,"—",SUM(AD46:AF46)) -> — | H46: =IF(ABS(SUM(AI46:AK46))<0.05,"—",SUM(AI46:AK46)) -> -64.18568 | J46: 0 | K46: 0 | L46: 0 | M46: 0 | O46: 0 | P46: 0 | Q46: 0 | R46: 0 | T46: 0 | U46: 0 | V46: 0 | W46: 0 | Y46: 0 | Z46: 0 | AA46: 0 | AB46: 0 | AD46: 0 | AE46: 0 | AF46: 0 | AG46: 0 | AI46: -16.296551 | AJ46: -22.74239 | AK46: -25.146739 | AL46: -27.385136 | AN46: Прочий
A47: экспорт | B47: =IF(ABS(SUM(J47:M47))<0.05,"—",SUM(J47:M47)) -> — | C47: =IF(ABS(SUM(O47:R47))<0.05,"—",SUM(O47:R47)) -> — | D47: =IF(ABS(SUM(T47:W47))<0.05,"—",SUM(T47:W47)) -> — | E47: =IF(ABS(SUM(Y47:AB47))<0.05,"—",SUM(Y47:AB47)) -> — | F47: =IF(ABS(SUM(AD47:AG47))<0.05,"—",SUM(AD47:AG47)) -> — | G47: =IF(ABS(SUM(AD47:AF47))<0.05,"—",SUM(AD47:AF47)) -> — | H47: =IF(ABS(SUM(AI47:AK47))<0.05,"—",SUM(AI47:AK47)) -> 32.0814 | J47: 0 | K47: 0 | L47: 0 | M47: 0 | O47: 0 | P47: 0 | Q47: 0 | R47: 0 | T47: 0 | U47: 0 | V47: 0 | W47: 0 | Y47: 0 | Z47: 0 | AA47: 0 | AB47: 0 | AD47: 0 | AE47: 0 | AF47: 0 | AG47: 0 | AI47: 10.179964 | AJ47: 9.3634087 | AK47: 12.538027 | AL47: 11.207269 | AN47: экспорт
A48: импорт | B48: =IF(ABS(SUM(J48:M48))<0.05,"—",SUM(J48:M48)) -> — | C48: =IF(ABS(SUM(O48:R48))<0.05,"—",SUM(O48:R48)) -> — | D48: =IF(ABS(SUM(T48:W48))<0.05,"—",SUM(T48:W48)) -> — | E48: =IF(ABS(SUM(Y48:AB48))<0.05,"—",SUM(Y48:AB48)) -> — | F48: =IF(ABS(SUM(AD48:AG48))<0.05,"—",SUM(AD48:AG48)) -> — | G48: =IF(ABS(SUM(AD48:AF48))<0.05,"—",SUM(AD48:AF48)) -> — | H48: =IF(ABS(SUM(AI48:AK48))<0.05,"—",SUM(AI48:AK48)) -> 96.26708 | J48: 0 | K48: 0 | L48: 0 | M48: 0 | O48: 0 | P48: 0 | Q48: 0 | R48: 0 | T48: 0 | U48: 0 | V48: 0 | W48: 0 | Y48: 0 | Z48: 0 | AA48: 0 | AB48: 0 | AD48: 0 | AE48: 0 | AF48: 0 | AG48: 0 | AI48: 26.476515 | AJ48: 32.105799 | AK48: 37.684766 | AL48: 38.592405 | AN48: импорт
A49: Морской транспорт | B49: =IF(ABS(SUM(J49:M49))<0.05,"—",SUM(J49:M49)) -> — | C49: =IF(ABS(SUM(O49:R49))<0.05,"—",SUM(O49:R49)) -> — | D49: =IF(ABS(SUM(T49:W49))<0.05,"—",SUM(T49:W49)) -> — | E49: =IF(ABS(SUM(Y49:AB49))<0.05,"—",SUM(Y49:AB49)) -> — | F49: =IF(ABS(SUM(AD49:AG49))<0.05,"—",SUM(AD49:AG49)) -> — | G49: =IF(ABS(SUM(AD49:AF49))<0.05,"—",SUM(AD49:AF49)) -> — | H49: =IF(ABS(SUM(AI49:AK49))<0.05,"—",SUM(AI49:AK49)) -> — | J49: 0 | K49: 0 | L49: 0 | M49: 0 | O49: 0 | P49: 0 | Q49: 0 | R49: 0 | T49: 0 | U49: 0 | V49: 0 | W49: 0 | Y49: 0 | Z49: 0 | AA49: 0 | AB49: 0 | AD49: 0 | AE49: 0 | AF49: 0 | AG49: 0 | AI49: 0 | AJ49: 0 | AK49: 0 | AL49: — | AN49: Морской транспорт
A50: экспорт | B50: =IF(ABS(SUM(J50:M50))<0.05,"—",SUM(J50:M50)) -> — | C50: =IF(ABS(SUM(O50:R50))<0.05,"—",SUM(O50:R50)) -> — | D50: =IF(ABS(SUM(T50:W50))<0.05,"—",SUM(T50:W50)) -> — | E50: =IF(ABS(SUM(Y50:AB50))<0.05,"—",SUM(Y50:AB50)) -> — | F50: =IF(ABS(SUM(AD50:AG50))<0.05,"—",SUM(AD50:AG50)) -> — | G50: =IF(ABS(SUM(AD50:AF50))<0.05,"—",SUM(AD50:AF50)) -> — | H50: =IF(ABS(SUM(AI50:AK50))<0.05,"—",SUM(AI50:AK50)) -> — | J50: 0 | K50: 0 | L50: 0 | M50: 0 | O50: 0 | P50: 0 | Q50: 0 | R50: 0 | T50: 0 | U50: 0 | V50: 0 | W50: 0 | Y50: 0 | Z50: 0 | AA50: 0 | AB50: 0 | AD50: 0 | AE50: 0 | AF50: 0 | AG50: 0 | AI50: 0 | AJ50: 0 | AK50: 0 | AL50: — | AN50: экспорт
A51: импорт | B51: =IF(ABS(SUM(J51:M51))<0.05,"—",SUM(J51:M51)) -> — | C51: =IF(ABS(SUM(O51:R51))<0.05,"—",SUM(O51:R51)) -> — | D51: =IF(ABS(SUM(T51:W51))<0.05,"—",SUM(T51:W51)) -> — | E51: =IF(ABS(SUM(Y51:AB51))<0.05,"—",SUM(Y51:AB51)) -> — | F51: =IF(ABS(SUM(AD51:AG51))<0.05,"—",SUM(AD51:AG51)) -> — | G51: =IF(ABS(SUM(AD51:AF51))<0.05,"—",SUM(AD51:AF51)) -> — | H51: =IF(ABS(SUM(AI51:AK51))<0.05,"—",SUM(AI51:AK51)) -> — | J51: 0 | K51: 0 | L51: 0 | M51: 0 | O51: 0 | P51: 0 | Q51: 0 | R51: 0 | T51: 0 | U51: 0 | V51: 0 | W51: 0 | Y51: 0 | Z51: 0 | AA51: 0 | AB51: 0 | AD51: 0 | AE51: 0 | AF51: 0 | AG51: 0 | AI51: 0 | AJ51: 0 | AK51: 0 | AL51: — | AN51: импорт
A52: Пассажирский | B52: =IF(ABS(SUM(J52:M52))<0.05,"—",SUM(J52:M52)) -> — | C52: =IF(ABS(SUM(O52:R52))<0.05,"—",SUM(O52:R52)) -> — | D52: =IF(ABS(SUM(T52:W52))<0.05,"—",SUM(T52:W52)) -> — | E52: =IF(ABS(SUM(Y52:AB52))<0.05,"—",SUM(Y52:AB52)) -> — | F52: =IF(ABS(SUM(AD52:AG52))<0.05,"—",SUM(AD52:AG52)) -> — | G52: =IF(ABS(SUM(AD52:AF52))<0.05,"—",SUM(AD52:AF52)) -> — | H52: =IF(ABS(SUM(AI52:AK52))<0.05,"—",SUM(AI52:AK52)) -> — | J52: 0 | K52: 0 | L52: 0 | M52: 0 | O52: 0 | P52: 0 | Q52: 0 | R52: 0 | T52: 0 | U52: 0 | V52: 0 | W52: 0 | Y52: 0 | Z52: 0 | AA52: 0 | AB52: 0 | AD52: 0 | AE52: 0 | AF52: 0 | AG52: 0 | AI52: 0 | AJ52: 0 | AK52: 0 | AL52: — | AN52: Пассажирский
A53: экспорт | B53: =IF(ABS(SUM(J53:M53))<0.05,"—",SUM(J53:M53)) -> — | C53: =IF(ABS(SUM(O53:R53))<0.05,"—",SUM(O53:R53)) -> — | D53: =IF(ABS(SUM(T53:W53))<0.05,"—",SUM(T53:W53)) -> — | E53: =IF(ABS(SUM(Y53:AB53))<0.05,"—",SUM(Y53:AB53)) -> — | F53: =IF(ABS(SUM(AD53:AG53))<0.05,"—",SUM(AD53:AG53)) -> — | G53: =IF(ABS(SUM(AD53:AF53))<0.05,"—",SUM(AD53:AF53)) -> — | H53: =IF(ABS(SUM(AI53:AK53))<0.05,"—",SUM(AI53:AK53)) -> — | J53: 0 | K53: 0 | L53: 0 | M53: 0 | O53: 0 | P53: 0 | Q53: 0 | R53: 0 | T53: 0 | U53: 0 | V53: 0 | W53: 0 | Y53: 0 | Z53: 0 | AA53: 0 | AB53: 0 | AD53: 0 | AE53: 0 | AF53: 0 | AG53: 0 | AI53: 0 | AJ53: 0 | AK53: 0 | AL53: — | AN53: экспорт
A54: импорт | B54: =IF(ABS(SUM(J54:M54))<0.05,"—",SUM(J54:M54)) -> — | C54: =IF(ABS(SUM(O54:R54))<0.05,"—",SUM(O54:R54)) -> — | D54: =IF(ABS(SUM(T54:W54))<0.05,"—",SUM(T54:W54)) -> — | E54: =IF(ABS(SUM(Y54:AB54))<0.05,"—",SUM(Y54:AB54)) -> — | F54: =IF(ABS(SUM(AD54:AG54))<0.05,"—",SUM(AD54:AG54)) -> — | G54: =IF(ABS(SUM(AD54:AF54))<0.05,"—",SUM(AD54:AF54)) -> — | H54: =IF(ABS(SUM(AI54:AK54))<0.05,"—",SUM(AI54:AK54)) -> — | J54: 0 | K54: 0 | L54: 0 | M54: 0 | O54: 0 | P54: 0 | Q54: 0 | R54: 0 | T54: 0 | U54: 0 | V54: 0 | W54: 0 | Y54: 0 | Z54: 0 | AA54: 0 | AB54: 0 | AD54: 0 | AE54: 0 | AF54: 0 | AG54: 0 | AI54: 0 | AJ54: 0 | AK54: 0 | AL54: — | AN54: импорт
A55: Грузовой | B55: =IF(ABS(SUM(J55:M55))<0.05,"—",SUM(J55:M55)) -> — | C55: =IF(ABS(SUM(O55:R55))<0.05,"—",SUM(O55:R55)) -> — | D55: =IF(ABS(SUM(T55:W55))<0.05,"—",SUM(T55:W55)) -> — | E55: =IF(ABS(SUM(Y55:AB55))<0.05,"—",SUM(Y55:AB55)) -> — | F55: =IF(ABS(SUM(AD55:AG55))<0.05,"—",SUM(AD55:AG55)) -> — | G55: =IF(ABS(SUM(AD55:AF55))<0.05,"—",SUM(AD55:AF55)) -> — | H55: =IF(ABS(SUM(AI55:AK55))<0.05,"—",SUM(AI55:AK55)) -> — | J55: 0 | K55: 0 | L55: 0 | M55: 0 | O55: 0 | P55: 0 | Q55: 0 | R55: 0 | T55: 0 | U55: 0 | V55: 0 | W55: 0 | Y55: 0 | Z55: 0 | AA55: 0 | AB55: 0 | AD55: 0 | AE55: 0 | AF55: 0 | AG55: 0 | AI55: 0 | AJ55: 0 | AK55: 0 | AL55: — | AN55: Грузовой
A56: экспорт | B56: =IF(ABS(SUM(J56:M56))<0.05,"—",SUM(J56:M56)) -> — | C56: =IF(ABS(SUM(O56:R56))<0.05,"—",SUM(O56:R56)) -> — | D56: =IF(ABS(SUM(T56:W56))<0.05,"—",SUM(T56:W56)) -> — | E56: =IF(ABS(SUM(Y56:AB56))<0.05,"—",SUM(Y56:AB56)) -> — | F56: =IF(ABS(SUM(AD56:AG56))<0.05,"—",SUM(AD56:AG56)) -> — | G56: =IF(ABS(SUM(AD56:AF56))<0.05,"—",SUM(AD56:AF56)) -> — | H56: =IF(ABS(SUM(AI56:AK56))<0.05,"—",SUM(AI56:AK56)) -> — | J56: 0 | K56: 0 | L56: 0 | M56: 0 | O56: 0 | P56: 0 | Q56: 0 | R56: 0 | T56: 0 | U56: 0 | V56: 0 | W56: 0 | Y56: 0 | Z56: 0 | AA56: 0 | AB56: 0 | AD56: 0 | AE56: 0 | AF56: 0 | AG56: 0 | AI56: 0 | AJ56: 0 | AK56: 0 | AL56: — | AN56: экспорт
A57: импорт | B57: =IF(ABS(SUM(J57:M57))<0.05,"—",SUM(J57:M57)) -> — | C57: =IF(ABS(SUM(O57:R57))<0.05,"—",SUM(O57:R57)) -> — | D57: =IF(ABS(SUM(T57:W57))<0.05,"—",SUM(T57:W57)) -> — | E57: =IF(ABS(SUM(Y57:AB57))<0.05,"—",SUM(Y57:AB57)) -> — | F57: =IF(ABS(SUM(AD57:AG57))<0.05,"—",SUM(AD57:AG57)) -> — | G57: =IF(ABS(SUM(AD57:AF57))<0.05,"—",SUM(AD57:AF57)) -> — | H57: =IF(ABS(SUM(AI57:AK57))<0.05,"—",SUM(AI57:AK57)) -> — | J57: 0 | K57: 0 | L57: 0 | M57: 0 | O57: 0 | P57: 0 | Q57: 0 | R57: 0 | T57: 0 | U57: 0 | V57: 0 | W57: 0 | Y57: 0 | Z57: 0 | AA57: 0 | AB57: 0 | AD57: 0 | AE57: 0 | AF57: 0 | AG57: 0 | AI57: 0 | AJ57: 0 | AK57: 0 | AL57: — | AN57: импорт
A58: Прочий | B58: =IF(ABS(SUM(J58:M58))<0.05,"—",SUM(J58:M58)) -> — | C58: =IF(ABS(SUM(O58:R58))<0.05,"—",SUM(O58:R58)) -> — | D58: =IF(ABS(SUM(T58:W58))<0.05,"—",SUM(T58:W58)) -> — | E58: =IF(ABS(SUM(Y58:AB58))<0.05,"—",SUM(Y58:AB58)) -> — | F58: =IF(ABS(SUM(AD58:AG58))<0.05,"—",SUM(AD58:AG58)) -> — | G58: =IF(ABS(SUM(AD58:AF58))<0.05,"—",SUM(AD58:AF58)) -> — | H58: =IF(ABS(SUM(AI58:AK58))<0.05,"—",SUM(AI58:AK58)) -> — | J58: 0 | K58: 0 | L58: 0 | M58: 0 | O58: 0 | P58: 0 | Q58: 0 | R58: 0 | T58: 0 | U58: 0 | V58: 0 | W58: 0 | Y58: 0 | Z58: 0 | AA58: 0 | AB58: 0 | AD58: 0 | AE58: 0 | AF58: 0 | AG58: 0 | AI58: 0 | AJ58: 0 | AK58: 0 | AL58: — | AN58: Прочий
A59: экспорт | B59: =IF(ABS(SUM(J59:M59))<0.05,"—",SUM(J59:M59)) -> — | C59: =IF(ABS(SUM(O59:R59))<0.05,"—",SUM(O59:R59)) -> — | D59: =IF(ABS(SUM(T59:W59))<0.05,"—",SUM(T59:W59)) -> — | E59: =IF(ABS(SUM(Y59:AB59))<0.05,"—",SUM(Y59:AB59)) -> — | F59: =IF(ABS(SUM(AD59:AG59))<0.05,"—",SUM(AD59:AG59)) -> — | G59: =IF(ABS(SUM(AD59:AF59))<0.05,"—",SUM(AD59:AF59)) -> — | H59: =IF(ABS(SUM(AI59:AK59))<0.05,"—",SUM(AI59:AK59)) -> — | J59: 0 | K59: 0 | L59: 0 | M59: 0 | O59: 0 | P59: 0 | Q59: 0 | R59: 0 | T59: 0 | U59: 0 | V59: 0 | W59: 0 | Y59: 0 | Z59: 0 | AA59: 0 | AB59: 0 | AD59: 0 | AE59: 0 | AF59: 0 | AG59: 0 | AI59: 0 | AJ59: 0 | AK59: 0 | AL59: — | AN59: экспорт
A60: импорт | B60: =IF(ABS(SUM(J60:M60))<0.05,"—",SUM(J60:M60)) -> — | C60: =IF(ABS(SUM(O60:R60))<0.05,"—",SUM(O60:R60)) -> — | D60: =IF(ABS(SUM(T60:W60))<0.05,"—",SUM(T60:W60)) -> — | E60: =IF(ABS(SUM(Y60:AB60))<0.05,"—",SUM(Y60:AB60)) -> — | F60: =IF(ABS(SUM(AD60:AG60))<0.05,"—",SUM(AD60:AG60)) -> — | G60: =IF(ABS(SUM(AD60:AF60))<0.05,"—",SUM(AD60:AF60)) -> — | H60: =IF(ABS(SUM(AI60:AK60))<0.05,"—",SUM(AI60:AK60)) -> — | J60: 0 | K60: 0 | L60: 0 | M60: 0 | O60: 0 | P60: 0 | Q60: 0 | R60: 0 | T60: 0 | U60: 0 | V60: 0 | W60: 0 | Y60: 0 | Z60: 0 | AA60: 0 | AB60: 0 | AD60: 0 | AE60: 0 | AF60: 0 | AG60: 0 | AI60: 0 | AJ60: 0 | AK60: 0 | AL60: — | AN60: импорт
A61: Воздушный транспорт | B61: =IF(ABS(SUM(J61:M61))<0.05,"—",SUM(J61:M61)) -> — | C61: =IF(ABS(SUM(O61:R61))<0.05,"—",SUM(O61:R61)) -> — | D61: =IF(ABS(SUM(T61:W61))<0.05,"—",SUM(T61:W61)) -> — | E61: =IF(ABS(SUM(Y61:AB61))<0.05,"—",SUM(Y61:AB61)) -> — | F61: =IF(ABS(SUM(AD61:AG61))<0.05,"—",SUM(AD61:AG61)) -> — | G61: =IF(ABS(SUM(AD61:AF61))<0.05,"—",SUM(AD61:AF61)) -> — | H61: =IF(ABS(SUM(AI61:AK61))<0.05,"—",SUM(AI61:AK61)) -> 19.952246 | J61: 0 | K61: 0 | L61: 0 | M61: 0 | O61: 0 | P61: 0 | Q61: 0 | R61: 0 | T61: 0 | U61: 0 | V61: 0 | W61: 0 | Y61: 0 | Z61: 0 | AA61: 0 | AB61: 0 | AD61: 0 | AE61: 0 | AF61: 0 | AG61: 0 | AI61: 6.816703 | AJ61: 4.434109 | AK61: 8.701434 | AL61: 3.563834 | AN61: Воздушный транспорт
A62: экспорт | B62: =IF(ABS(SUM(J62:M62))<0.05,"—",SUM(J62:M62)) -> — | C62: =IF(ABS(SUM(O62:R62))<0.05,"—",SUM(O62:R62)) -> — | D62: =IF(ABS(SUM(T62:W62))<0.05,"—",SUM(T62:W62)) -> — | E62: =IF(ABS(SUM(Y62:AB62))<0.05,"—",SUM(Y62:AB62)) -> — | F62: =IF(ABS(SUM(AD62:AG62))<0.05,"—",SUM(AD62:AG62)) -> — | G62: =IF(ABS(SUM(AD62:AF62))<0.05,"—",SUM(AD62:AF62)) -> — | H62: =IF(ABS(SUM(AI62:AK62))<0.05,"—",SUM(AI62:AK62)) -> 42.346368 | J62: 0 | K62: 0 | L62: 0 | M62: 0 | O62: 0 | P62: 0 | Q62: 0 | R62: 0 | T62: 0 | U62: 0 | V62: 0 | W62: 0 | Y62: 0 | Z62: 0 | AA62: 0 | AB62: 0 | AD62: 0 | AE62: 0 | AF62: 0 | AG62: 0 | AI62: 14.180095 | AJ62: 10.41174 | AK62: 17.754533 | AL62: 14.803254 | AN62: экспорт
A63: импорт | B63: =IF(ABS(SUM(J63:M63))<0.05,"—",SUM(J63:M63)) -> — | C63: =IF(ABS(SUM(O63:R63))<0.05,"—",SUM(O63:R63)) -> — | D63: =IF(ABS(SUM(T63:W63))<0.05,"—",SUM(T63:W63)) -> — | E63: =IF(ABS(SUM(Y63:AB63))<0.05,"—",SUM(Y63:AB63)) -> — | F63: =IF(ABS(SUM(AD63:AG63))<0.05,"—",SUM(AD63:AG63)) -> — | G63: =IF(ABS(SUM(AD63:AF63))<0.05,"—",SUM(AD63:AF63)) -> — | H63: =IF(ABS(SUM(AI63:AK63))<0.05,"—",SUM(AI63:AK63)) -> 22.394122 | J63: 0 | K63: 0 | L63: 0 | M63: 0 | O63: 0 | P63: 0 | Q63: 0 | R63: 0 | T63: 0 | U63: 0 | V63: 0 | W63: 0 | Y63: 0 | Z63: 0 | AA63: 0 | AB63: 0 | AD63: 0 | AE63: 0 | AF63: 0 | AG63: 0 | AI63: 7.363392 | AJ63: 5.977631 | AK63: 9.053099 | AL63: 11.23942 | AN63: импорт
A64: Пассажирский | B64: =IF(ABS(SUM(J64:M64))<0.05,"—",SUM(J64:M64)) -> — | C64: =IF(ABS(SUM(O64:R64))<0.05,"—",SUM(O64:R64)) -> — | D64: =IF(ABS(SUM(T64:W64))<0.05,"—",SUM(T64:W64)) -> — | E64: =IF(ABS(SUM(Y64:AB64))<0.05,"—",SUM(Y64:AB64)) -> — | F64: =IF(ABS(SUM(AD64:AG64))<0.05,"—",SUM(AD64:AG64)) -> — | G64: =IF(ABS(SUM(AD64:AF64))<0.05,"—",SUM(AD64:AF64)) -> — | H64: =IF(ABS(SUM(AI64:AK64))<0.05,"—",SUM(AI64:AK64)) -> 0.88623127 | J64: 0 | K64: 0 | L64: 0 | M64: 0 | O64: 0 | P64: 0 | Q64: 0 | R64: 0 | T64: 0 | U64: 0 | V64: 0 | W64: 0 | Y64: 0 | Z64: 0 | AA64: 0 | AB64: 0 | AD64: 0 | AE64: 0 | AF64: 0 | AG64: 0 | AI64: 0.34597626 | AJ64: 0.046625041 | AK64: 0.49362997 | AL64: -0.92906424 | AN64: Пассажирский
A65: экспорт | B65: =IF(ABS(SUM(J65:M65))<0.05,"—",SUM(J65:M65)) -> — | C65: =IF(ABS(SUM(O65:R65))<0.05,"—",SUM(O65:R65)) -> — | D65: =IF(ABS(SUM(T65:W65))<0.05,"—",SUM(T65:W65)) -> — | E65: =IF(ABS(SUM(Y65:AB65))<0.05,"—",SUM(Y65:AB65)) -> — | F65: =IF(ABS(SUM(AD65:AG65))<0.05,"—",SUM(AD65:AG65)) -> — | G65: =IF(ABS(SUM(AD65:AF65))<0.05,"—",SUM(AD65:AF65)) -> — | H65: =IF(ABS(SUM(AI65:AK65))<0.05,"—",SUM(AI65:AK65)) -> 9.0197764 | J65: 0 | K65: 0 | L65: 0 | M65: 0 | O65: 0 | P65: 0 | Q65: 0 | R65: 0 | T65: 0 | U65: 0 | V65: 0 | W65: 0 | Y65: 0 | Z65: 0 | AA65: 0 | AB65: 0 | AD65: 0 | AE65: 0 | AF65: 0 | AG65: 0 | AI65: 3.0203602 | AJ65: 2.2177006 | AK65: 3.7817155 | AL65: 3.1530931 | AN65: экспорт
A66: импорт | B66: =IF(ABS(SUM(J66:M66))<0.05,"—",SUM(J66:M66)) -> — | C66: =IF(ABS(SUM(O66:R66))<0.05,"—",SUM(O66:R66)) -> — | D66: =IF(ABS(SUM(T66:W66))<0.05,"—",SUM(T66:W66)) -> — | E66: =IF(ABS(SUM(Y66:AB66))<0.05,"—",SUM(Y66:AB66)) -> — | F66: =IF(ABS(SUM(AD66:AG66))<0.05,"—",SUM(AD66:AG66)) -> — | G66: =IF(ABS(SUM(AD66:AF66))<0.05,"—",SUM(AD66:AF66)) -> — | H66: =IF(ABS(SUM(AI66:AK66))<0.05,"—",SUM(AI66:AK66)) -> 8.1335451 | J66: 0 | K66: 0 | L66: 0 | M66: 0 | O66: 0 | P66: 0 | Q66: 0 | R66: 0 | T66: 0 | U66: 0 | V66: 0 | W66: 0 | Y66: 0 | Z66: 0 | AA66: 0 | AB66: 0 | AD66: 0 | AE66: 0 | AF66: 0 | AG66: 0 | AI66: 2.674384 | AJ66: 2.1710756 | AK66: 3.2880856 | AL66: 4.0821573 | AN66: импорт
A67: Грузовой | B67: =IF(ABS(SUM(J67:M67))<0.05,"—",SUM(J67:M67)) -> — | C67: =IF(ABS(SUM(O67:R67))<0.05,"—",SUM(O67:R67)) -> — | D67: =IF(ABS(SUM(T67:W67))<0.05,"—",SUM(T67:W67)) -> — | E67: =IF(ABS(SUM(Y67:AB67))<0.05,"—",SUM(Y67:AB67)) -> — | F67: =IF(ABS(SUM(AD67:AG67))<0.05,"—",SUM(AD67:AG67)) -> — | G67: =IF(ABS(SUM(AD67:AF67))<0.05,"—",SUM(AD67:AF67)) -> — | H67: =IF(ABS(SUM(AI67:AK67))<0.05,"—",SUM(AI67:AK67)) -> 14.816382 | J67: 0 | K67: 0 | L67: 0 | M67: 0 | O67: 0 | P67: 0 | Q67: 0 | R67: 0 | T67: 0 | U67: 0 | V67: 0 | W67: 0 | Y67: 0 | Z67: 0 | AA67: 0 | AB67: 0 | AD67: 0 | AE67: 0 | AF67: 0 | AG67: 0 | AI67: 4.9704073 | AJ67: 3.6116052 | AK67: 6.2343694 | AL67: 4.9529553 | AN67: Грузовой
A68: экспорт | B68: =IF(ABS(SUM(J68:M68))<0.05,"—",SUM(J68:M68)) -> — | C68: =IF(ABS(SUM(O68:R68))<0.05,"—",SUM(O68:R68)) -> — | D68: =IF(ABS(SUM(T68:W68))<0.05,"—",SUM(T68:W68)) -> — | E68: =IF(ABS(SUM(Y68:AB68))<0.05,"—",SUM(Y68:AB68)) -> — | F68: =IF(ABS(SUM(AD68:AG68))<0.05,"—",SUM(AD68:AG68)) -> — | G68: =IF(ABS(SUM(AD68:AF68))<0.05,"—",SUM(AD68:AF68)) -> — | H68: =IF(ABS(SUM(AI68:AK68))<0.05,"—",SUM(AI68:AK68)) -> 16.303352 | J68: 0 | K68: 0 | L68: 0 | M68: 0 | O68: 0 | P68: 0 | Q68: 0 | R68: 0 | T68: 0 | U68: 0 | V68: 0 | W68: 0 | Y68: 0 | Z68: 0 | AA68: 0 | AB68: 0 | AD68: 0 | AE68: 0 | AF68: 0 | AG68: 0 | AI68: 5.4593366 | AJ68: 4.0085199 | AK68: 6.8354952 | AL68: 5.6992528 | AN68: экспорт
A69: импорт | B69: =IF(ABS(SUM(J69:M69))<0.05,"—",SUM(J69:M69)) -> — | C69: =IF(ABS(SUM(O69:R69))<0.05,"—",SUM(O69:R69)) -> — | D69: =IF(ABS(SUM(T69:W69))<0.05,"—",SUM(T69:W69)) -> — | E69: =IF(ABS(SUM(Y69:AB69))<0.05,"—",SUM(Y69:AB69)) -> — | F69: =IF(ABS(SUM(AD69:AG69))<0.05,"—",SUM(AD69:AG69)) -> — | G69: =IF(ABS(SUM(AD69:AF69))<0.05,"—",SUM(AD69:AF69)) -> — | H69: =IF(ABS(SUM(AI69:AK69))<0.05,"—",SUM(AI69:AK69)) -> 1.4869697 | J69: 0 | K69: 0 | L69: 0 | M69: 0 | O69: 0 | P69: 0 | Q69: 0 | R69: 0 | T69: 0 | U69: 0 | V69: 0 | W69: 0 | Y69: 0 | Z69: 0 | AA69: 0 | AB69: 0 | AD69: 0 | AE69: 0 | AF69: 0 | AG69: 0 | AI69: 0.48892923 | AJ69: 0.3969147 | AK69: 0.60112577 | AL69: 0.74629749 | AN69: импорт
A70: Прочий | B70: =IF(ABS(SUM(J70:M70))<0.05,"—",SUM(J70:M70)) -> — | C70: =IF(ABS(SUM(O70:R70))<0.05,"—",SUM(O70:R70)) -> — | D70: =IF(ABS(SUM(T70:W70))<0.05,"—",SUM(T70:W70)) -> — | E70: =IF(ABS(SUM(Y70:AB70))<0.05,"—",SUM(Y70:AB70)) -> — | F70: =IF(ABS(SUM(AD70:AG70))<0.05,"—",SUM(AD70:AG70)) -> — | G70: =IF(ABS(SUM(AD70:AF70))<0.05,"—",SUM(AD70:AF70)) -> — | H70: =IF(ABS(SUM(AI70:AK70))<0.05,"—",SUM(AI70:AK70)) -> 4.2496327 | J70: 0 | K70: 0 | L70: 0 | M70: 0 | O70: 0 | P70: 0 | Q70: 0 | R70: 0 | T70: 0 | U70: 0 | V70: 0 | W70: 0 | Y70: 0 | Z70: 0 | AA70: 0 | AB70: 0 | AD70: 0 | AE70: 0 | AF70: 0 | AG70: 0 | AI70: 1.5003194 | AJ70: 0.77587876 | AK70: 1.9734346 | AL70: -0.46005706 | AN70: Прочий
A71: экспорт | B71: =IF(ABS(SUM(J71:M71))<0.05,"—",SUM(J71:M71)) -> — | C71: =IF(ABS(SUM(O71:R71))<0.05,"—",SUM(O71:R71)) -> — | D71: =IF(ABS(SUM(T71:W71))<0.05,"—",SUM(T71:W71)) -> — | E71: =IF(ABS(SUM(Y71:AB71))<0.05,"—",SUM(Y71:AB71)) -> — | F71: =IF(ABS(SUM(AD71:AG71))<0.05,"—",SUM(AD71:AG71)) -> — | G71: =IF(ABS(SUM(AD71:AF71))<0.05,"—",SUM(AD71:AF71)) -> — | H71: =IF(ABS(SUM(AI71:AK71))<0.05,"—",SUM(AI71:AK71)) -> 17.02324 | J71: 0 | K71: 0 | L71: 0 | M71: 0 | O71: 0 | P71: 0 | Q71: 0 | R71: 0 | T71: 0 | U71: 0 | V71: 0 | W71: 0 | Y71: 0 | Z71: 0 | AA71: 0 | AB71: 0 | AD71: 0 | AE71: 0 | AF71: 0 | AG71: 0 | AI71: 5.7003982 | AJ71: 4.1855195 | AK71: 7.1373223 | AL71: 5.9509081 | AN71: экспорт
A72: импорт | B72: =IF(ABS(SUM(J72:M72))<0.05,"—",SUM(J72:M72)) -> — | C72: =IF(ABS(SUM(O72:R72))<0.05,"—",SUM(O72:R72)) -> — | D72: =IF(ABS(SUM(T72:W72))<0.05,"—",SUM(T72:W72)) -> — | E72: =IF(ABS(SUM(Y72:AB72))<0.05,"—",SUM(Y72:AB72)) -> — | F72: =IF(ABS(SUM(AD72:AG72))<0.05,"—",SUM(AD72:AG72)) -> — | G72: =IF(ABS(SUM(AD72:AF72))<0.05,"—",SUM(AD72:AF72)) -> — | H72: =IF(ABS(SUM(AI72:AK72))<0.05,"—",SUM(AI72:AK72)) -> 12.773607 | J72: 0 | K72: 0 | L72: 0 | M72: 0 | O72: 0 | P72: 0 | Q72: 0 | R72: 0 | T72: 0 | U72: 0 | V72: 0 | W72: 0 | Y72: 0 | Z72: 0 | AA72: 0 | AB72: 0 | AD72: 0 | AE72: 0 | AF72: 0 | AG72: 0 | AI72: 4.2000788 | AJ72: 3.4096407 | AK72: 5.1638877 | AL72: 6.4109652 | AN72: импорт
A73: Прочие виды транспорта | B73: =IF(ABS(SUM(J73:M73))<0.05,"—",SUM(J73:M73)) -> — | C73: =IF(ABS(SUM(O73:R73))<0.05,"—",SUM(O73:R73)) -> — | D73: =IF(ABS(SUM(T73:W73))<0.05,"—",SUM(T73:W73)) -> — | E73: =IF(ABS(SUM(Y73:AB73))<0.05,"—",SUM(Y73:AB73)) -> — | F73: =IF(ABS(SUM(AD73:AG73))<0.05,"—",SUM(AD73:AG73)) -> — | G73: =IF(ABS(SUM(AD73:AF73))<0.05,"—",SUM(AD73:AF73)) -> — | H73: =IF(ABS(SUM(AI73:AK73))<0.05,"—",SUM(AI73:AK73)) -> — | J73: 0 | K73: 0 | L73: 0 | M73: 0 | O73: 0 | P73: 0 | Q73: 0 | R73: 0 | T73: 0 | U73: 0 | V73: 0 | W73: 0 | Y73: 0 | Z73: 0 | AA73: 0 | AB73: 0 | AD73: 0 | AE73: 0 | AF73: 0 | AG73: 0 | AI73: 0 | AJ73: 0 | AK73: 0 | AL73: — | AN73: Прочие виды транспорта
A74: экспорт | B74: =IF(ABS(SUM(J74:M74))<0.05,"—",SUM(J74:M74)) -> — | C74: =IF(ABS(SUM(O74:R74))<0.05,"—",SUM(O74:R74)) -> — | D74: =IF(ABS(SUM(T74:W74))<0.05,"—",SUM(T74:W74)) -> — | E74: =IF(ABS(SUM(Y74:AB74))<0.05,"—",SUM(Y74:AB74)) -> — | F74: =IF(ABS(SUM(AD74:AG74))<0.05,"—",SUM(AD74:AG74)) -> — | G74: =IF(ABS(SUM(AD74:AF74))<0.05,"—",SUM(AD74:AF74)) -> — | H74: =IF(ABS(SUM(AI74:AK74))<0.05,"—",SUM(AI74:AK74)) -> — | J74: 0 | K74: 0 | L74: 0 | M74: 0 | O74: 0 | P74: 0 | Q74: 0 | R74: 0 | T74: 0 | U74: 0 | V74: 0 | W74: 0 | Y74: 0 | Z74: 0 | AA74: 0 | AB74: 0 | AD74: 0 | AE74: 0 | AF74: 0 | AG74: 0 | AI74: 0 | AJ74: 0 | AK74: 0 | AL74: — | AN74: экспорт
A75: импорт | B75: =IF(ABS(SUM(J75:M75))<0.05,"—",SUM(J75:M75)) -> — | C75: =IF(ABS(SUM(O75:R75))<0.05,"—",SUM(O75:R75)) -> — | D75: =IF(ABS(SUM(T75:W75))<0.05,"—",SUM(T75:W75)) -> — | E75: =IF(ABS(SUM(Y75:AB75))<0.05,"—",SUM(Y75:AB75)) -> — | F75: =IF(ABS(SUM(AD75:AG75))<0.05,"—",SUM(AD75:AG75)) -> — | G75: =IF(ABS(SUM(AD75:AF75))<0.05,"—",SUM(AD75:AF75)) -> — | H75: =IF(ABS(SUM(AI75:AK75))<0.05,"—",SUM(AI75:AK75)) -> — | J75: 0 | K75: 0 | L75: 0 | M75: 0 | O75: 0 | P75: 0 | Q75: 0 | R75: 0 | T75: 0 | U75: 0 | V75: 0 | W75: 0 | Y75: 0 | Z75: 0 | AA75: 0 | AB75: 0 | AD75: 0 | AE75: 0 | AF75: 0 | AG75: 0 | AI75: 0 | AJ75: 0 | AK75: 0 | AL75: — | AN75: импорт
A76: Пассажирский | B76: =IF(ABS(SUM(J76:M76))<0.05,"—",SUM(J76:M76)) -> — | C76: =IF(ABS(SUM(O76:R76))<0.05,"—",SUM(O76:R76)) -> — | D76: =IF(ABS(SUM(T76:W76))<0.05,"—",SUM(T76:W76)) -> — | E76: =IF(ABS(SUM(Y76:AB76))<0.05,"—",SUM(Y76:AB76)) -> — | F76: =IF(ABS(SUM(AD76:AG76))<0.05,"—",SUM(AD76:AG76)) -> — | G76: =IF(ABS(SUM(AD76:AF76))<0.05,"—",SUM(AD76:AF76)) -> — | H76: =IF(ABS(SUM(AI76:AK76))<0.05,"—",SUM(AI76:AK76)) -> — | J76: 0 | K76: 0 | L76: 0 | M76: 0 | O76: 0 | P76: 0 | Q76: 0 | R76: 0 | T76: 0 | U76: 0 | V76: 0 | W76: 0 | Y76: 0 | Z76: 0 | AA76: 0 | AB76: 0 | AD76: 0 | AE76: 0 | AF76: 0 | AG76: 0 | AI76: 0 | AJ76: 0 | AK76: 0 | AL76: — | AN76: Пассажирский
A77: экспорт | B77: =IF(ABS(SUM(J77:M77))<0.05,"—",SUM(J77:M77)) -> — | C77: =IF(ABS(SUM(O77:R77))<0.05,"—",SUM(O77:R77)) -> — | D77: =IF(ABS(SUM(T77:W77))<0.05,"—",SUM(T77:W77)) -> — | E77: =IF(ABS(SUM(Y77:AB77))<0.05,"—",SUM(Y77:AB77)) -> — | F77: =IF(ABS(SUM(AD77:AG77))<0.05,"—",SUM(AD77:AG77)) -> — | G77: =IF(ABS(SUM(AD77:AF77))<0.05,"—",SUM(AD77:AF77)) -> — | H77: =IF(ABS(SUM(AI77:AK77))<0.05,"—",SUM(AI77:AK77)) -> — | J77: 0 | K77: 0 | L77: 0 | M77: 0 | O77: 0 | P77: 0 | Q77: 0 | R77: 0 | T77: 0 | U77: 0 | V77: 0 | W77: 0 | Y77: 0 | Z77: 0 | AA77: 0 | AB77: 0 | AD77: 0 | AE77: 0 | AF77: 0 | AG77: 0 | AI77: 0 | AJ77: 0 | AK77: 0 | AL77: — | AN77: экспорт
A78: импорт | B78: =IF(ABS(SUM(J78:M78))<0.05,"—",SUM(J78:M78)) -> — | C78: =IF(ABS(SUM(O78:R78))<0.05,"—",SUM(O78:R78)) -> — | D78: =IF(ABS(SUM(T78:W78))<0.05,"—",SUM(T78:W78)) -> — | E78: =IF(ABS(SUM(Y78:AB78))<0.05,"—",SUM(Y78:AB78)) -> — | F78: =IF(ABS(SUM(AD78:AG78))<0.05,"—",SUM(AD78:AG78)) -> — | G78: =IF(ABS(SUM(AD78:AF78))<0.05,"—",SUM(AD78:AF78)) -> — | H78: =IF(ABS(SUM(AI78:AK78))<0.05,"—",SUM(AI78:AK78)) -> — | J78: 0 | K78: 0 | L78: 0 | M78: 0 | O78: 0 | P78: 0 | Q78: 0 | R78: 0 | T78: 0 | U78: 0 | V78: 0 | W78: 0 | Y78: 0 | Z78: 0 | AA78: 0 | AB78: 0 | AD78: 0 | AE78: 0 | AF78: 0 | AG78: 0 | AI78: 0 | AJ78: 0 | AK78: 0 | AL78: — | AN78: импорт
A79: Грузовой | B79: =IF(ABS(SUM(J79:M79))<0.05,"—",SUM(J79:M79)) -> — | C79: =IF(ABS(SUM(O79:R79))<0.05,"—",SUM(O79:R79)) -> — | D79: =IF(ABS(SUM(T79:W79))<0.05,"—",SUM(T79:W79)) -> — | E79: =IF(ABS(SUM(Y79:AB79))<0.05,"—",SUM(Y79:AB79)) -> — | F79: =IF(ABS(SUM(AD79:AG79))<0.05,"—",SUM(AD79:AG79)) -> — | G79: =IF(ABS(SUM(AD79:AF79))<0.05,"—",SUM(AD79:AF79)) -> — | H79: =IF(ABS(SUM(AI79:AK79))<0.05,"—",SUM(AI79:AK79)) -> — | J79: 0 | K79: 0 | L79: 0 | M79: 0 | O79: 0 | P79: 0 | Q79: 0 | R79: 0 | T79: 0 | U79: 0 | V79: 0 | W79: 0 | Y79: 0 | Z79: 0 | AA79: 0 | AB79: 0 | AD79: 0 | AE79: 0 | AF79: 0 | AG79: 0 | AI79: 0 | AJ79: 0 | AK79: 0 | AL79: — | AN79: Грузовой
A80: экспорт | B80: =IF(ABS(SUM(J80:M80))<0.05,"—",SUM(J80:M80)) -> — | C80: =IF(ABS(SUM(O80:R80))<0.05,"—",SUM(O80:R80)) -> — | D80: =IF(ABS(SUM(T80:W80))<0.05,"—",SUM(T80:W80)) -> — | E80: =IF(ABS(SUM(Y80:AB80))<0.05,"—",SUM(Y80:AB80)) -> — | F80: =IF(ABS(SUM(AD80:AG80))<0.05,"—",SUM(AD80:AG80)) -> — | G80: =IF(ABS(SUM(AD80:AF80))<0.05,"—",SUM(AD80:AF80)) -> — | H80: =IF(ABS(SUM(AI80:AK80))<0.05,"—",SUM(AI80:AK80)) -> — | J80: 0 | K80: 0 | L80: 0 | M80: 0 | O80: 0 | P80: 0 | Q80: 0 | R80: 0 | T80: 0 | U80: 0 | V80: 0 | W80: 0 | Y80: 0 | Z80: 0 | AA80: 0 | AB80: 0 | AD80: 0 | AE80: 0 | AF80: 0 | AG80: 0 | AI80: 0 | AJ80: 0 | AK80: 0 | AL80: — | AN80: экспорт
A81: импорт | B81: =IF(ABS(SUM(J81:M81))<0.05,"—",SUM(J81:M81)) -> — | C81: =IF(ABS(SUM(O81:R81))<0.05,"—",SUM(O81:R81)) -> — | D81: =IF(ABS(SUM(T81:W81))<0.05,"—",SUM(T81:W81)) -> — | E81: =IF(ABS(SUM(Y81:AB81))<0.05,"—",SUM(Y81:AB81)) -> — | F81: =IF(ABS(SUM(AD81:AG81))<0.05,"—",SUM(AD81:AG81)) -> — | G81: =IF(ABS(SUM(AD81:AF81))<0.05,"—",SUM(AD81:AF81)) -> — | H81: =IF(ABS(SUM(AI81:AK81))<0.05,"—",SUM(AI81:AK81)) -> — | J81: 0 | K81: 0 | L81: 0 | M81: 0 | O81: 0 | P81: 0 | Q81: 0 | R81: 0 | T81: 0 | U81: 0 | V81: 0 | W81: 0 | Y81: 0 | Z81: 0 | AA81: 0 | AB81: 0 | AD81: 0 | AE81: 0 | AF81: 0 | AG81: 0 | AI81: 0 | AJ81: 0 | AK81: 0 | AL81: — | AN81: импорт
A82: Прочий | B82: =IF(ABS(SUM(J82:M82))<0.05,"—",SUM(J82:M82)) -> — | C82: =IF(ABS(SUM(O82:R82))<0.05,"—",SUM(O82:R82)) -> — | D82: =IF(ABS(SUM(T82:W82))<0.05,"—",SUM(T82:W82)) -> — | E82: =IF(ABS(SUM(Y82:AB82))<0.05,"—",SUM(Y82:AB82)) -> — | F82: =IF(ABS(SUM(AD82:AG82))<0.05,"—",SUM(AD82:AG82)) -> — | G82: =IF(ABS(SUM(AD82:AF82))<0.05,"—",SUM(AD82:AF82)) -> — | H82: =IF(ABS(SUM(AI82:AK82))<0.05,"—",SUM(AI82:AK82)) -> — | J82: 0 | K82: 0 | L82: 0 | M82: 0 | O82: 0 | P82: 0 | Q82: 0 | R82: 0 | T82: 0 | U82: 0 | V82: 0 | W82: 0 | Y82: 0 | Z82: 0 | AA82: 0 | AB82: 0 | AD82: 0 | AE82: 0 | AF82: 0 | AG82: 0 | AI82: 0 | AJ82: 0 | AK82: 0 | AL82: — | AN82: Прочий
A83: экспорт | B83: =IF(ABS(SUM(J83:M83))<0.05,"—",SUM(J83:M83)) -> — | C83: =IF(ABS(SUM(O83:R83))<0.05,"—",SUM(O83:R83)) -> — | D83: =IF(ABS(SUM(T83:W83))<0.05,"—",SUM(T83:W83)) -> — | E83: =IF(ABS(SUM(Y83:AB83))<0.05,"—",SUM(Y83:AB83)) -> — | F83: =IF(ABS(SUM(AD83:AG83))<0.05,"—",SUM(AD83:AG83)) -> — | G83: =IF(ABS(SUM(AD83:AF83))<0.05,"—",SUM(AD83:AF83)) -> — | H83: =IF(ABS(SUM(AI83:AK83))<0.05,"—",SUM(AI83:AK83)) -> — | J83: 0 | K83: 0 | L83: 0 | M83: 0 | O83: 0 | P83: 0 | Q83: 0 | R83: 0 | T83: 0 | U83: 0 | V83: 0 | W83: 0 | Y83: 0 | Z83: 0 | AA83: 0 | AB83: 0 | AD83: 0 | AE83: 0 | AF83: 0 | AG83: 0 | AI83: 0 | AJ83: 0 | AK83: 0 | AL83: — | AN83: экспорт
A84: импорт | B84: =IF(ABS(SUM(J84:M84))<0.05,"—",SUM(J84:M84)) -> — | C84: =IF(ABS(SUM(O84:R84))<0.05,"—",SUM(O84:R84)) -> — | D84: =IF(ABS(SUM(T84:W84))<0.05,"—",SUM(T84:W84)) -> — | E84: =IF(ABS(SUM(Y84:AB84))<0.05,"—",SUM(Y84:AB84)) -> — | F84: =IF(ABS(SUM(AD84:AG84))<0.05,"—",SUM(AD84:AG84)) -> — | G84: =IF(ABS(SUM(AD84:AF84))<0.05,"—",SUM(AD84:AF84)) -> — | H84: =IF(ABS(SUM(AI84:AK84))<0.05,"—",SUM(AI84:AK84)) -> — | J84: 0 | K84: 0 | L84: 0 | M84: 0 | O84: 0 | P84: 0 | Q84: 0 | R84: 0 | T84: 0 | U84: 0 | V84: 0 | W84: 0 | Y84: 0 | Z84: 0 | AA84: 0 | AB84: 0 | AD84: 0 | AE84: 0 | AF84: 0 | AG84: 0 | AI84: 0 | AJ84: 0 | AK84: 0 | AL84: — | AN84: импорт
A85: Почтовые услуги и услуги курьерской связи | B85: =IF(ABS(SUM(J85:M85))<0.05,"—",SUM(J85:M85)) -> — | C85: =IF(ABS(SUM(O85:R85))<0.05,"—",SUM(O85:R85)) -> — | D85: =IF(ABS(SUM(T85:W85))<0.05,"—",SUM(T85:W85)) -> — | E85: =IF(ABS(SUM(Y85:AB85))<0.05,"—",SUM(Y85:AB85)) -> — | F85: =IF(ABS(SUM(AD85:AG85))<0.05,"—",SUM(AD85:AG85)) -> — | G85: =IF(ABS(SUM(AD85:AF85))<0.05,"—",SUM(AD85:AF85)) -> — | H85: =IF(ABS(SUM(AI85:AK85))<0.05,"—",SUM(AI85:AK85)) -> -0.2559 | J85: 0 | K85: 0 | L85: 0 | M85: 0 | O85: 0 | P85: 0 | Q85: 0 | R85: 0 | T85: 0 | U85: 0 | V85: 0 | W85: 0 | Y85: 0 | Z85: 0 | AA85: 0 | AB85: 0 | AD85: 0 | AE85: 0 | AF85: 0 | AG85: 0 | AI85: -0.1306 | AJ85: -0.0594 | AK85: -0.0659 | AL85: 0.7105 | AN85: Почтовые услуги и услуги курьерской связи
A86: экспорт | B86: =IF(ABS(SUM(J86:M86))<0.05,"—",SUM(J86:M86)) -> — | C86: =IF(ABS(SUM(O86:R86))<0.05,"—",SUM(O86:R86)) -> — | D86: =IF(ABS(SUM(T86:W86))<0.05,"—",SUM(T86:W86)) -> — | E86: =IF(ABS(SUM(Y86:AB86))<0.05,"—",SUM(Y86:AB86)) -> — | F86: =IF(ABS(SUM(AD86:AG86))<0.05,"—",SUM(AD86:AG86)) -> — | G86: =IF(ABS(SUM(AD86:AF86))<0.05,"—",SUM(AD86:AF86)) -> — | H86: =IF(ABS(SUM(AI86:AK86))<0.05,"—",SUM(AI86:AK86)) -> 0.1535 | J86: 0 | K86: 0 | L86: 0 | M86: 0 | O86: 0 | P86: 0 | Q86: 0 | R86: 0 | T86: 0 | U86: 0 | V86: 0 | W86: 0 | Y86: 0 | Z86: 0 | AA86: 0 | AB86: 0 | AD86: 0 | AE86: 0 | AF86: 0 | AG86: 0 | AI86: 0.0262 | AJ86: 0.0094 | AK86: 0.1179 | AL86: 0.925 | AN86: экспорт
A87: импорт | B87: =IF(ABS(SUM(J87:M87))<0.05,"—",SUM(J87:M87)) -> — | C87: =IF(ABS(SUM(O87:R87))<0.05,"—",SUM(O87:R87)) -> — | D87: =IF(ABS(SUM(T87:W87))<0.05,"—",SUM(T87:W87)) -> — | E87: =IF(ABS(SUM(Y87:AB87))<0.05,"—",SUM(Y87:AB87)) -> — | F87: =IF(ABS(SUM(AD87:AG87))<0.05,"—",SUM(AD87:AG87)) -> — | G87: =IF(ABS(SUM(AD87:AF87))<0.05,"—",SUM(AD87:AF87)) -> — | H87: =IF(ABS(SUM(AI87:AK87))<0.05,"—",SUM(AI87:AK87)) -> 0.4094 | J87: 0 | K87: 0 | L87: 0 | M87: 0 | O87: 0 | P87: 0 | Q87: 0 | R87: 0 | T87: 0 | U87: 0 | V87: 0 | W87: 0 | Y87: 0 | Z87: 0 | AA87: 0 | AB87: 0 | AD87: 0 | AE87: 0 | AF87: 0 | AG87: 0 | AI87: 0.1568 | AJ87: 0.0688 | AK87: 0.1838 | AL87: 0.2145 | AN87: импорт
A88: Поездки | B88: =IF(ABS(SUM(J88:M88))<0.05,"—",SUM(J88:M88)) -> — | C88: =IF(ABS(SUM(O88:R88))<0.05,"—",SUM(O88:R88)) -> — | D88: =IF(ABS(SUM(T88:W88))<0.05,"—",SUM(T88:W88)) -> — | E88: =IF(ABS(SUM(Y88:AB88))<0.05,"—",SUM(Y88:AB88)) -> — | F88: =IF(ABS(SUM(AD88:AG88))<0.05,"—",SUM(AD88:AG88)) -> — | G88: =IF(ABS(SUM(AD88:AF88))<0.05,"—",SUM(AD88:AF88)) -> — | H88: =IF(ABS(SUM(AI88:AK88))<0.05,"—",SUM(AI88:AK88)) -> 39.159277 | J88: 0 | K88: 0 | L88: 0 | M88: 0 | O88: 0 | P88: 0 | Q88: 0 | R88: 0 | T88: 0 | U88: 0 | V88: 0 | W88: 0 | Y88: 0 | Z88: 0 | AA88: 0 | AB88: 0 | AD88: 0 | AE88: 0 | AF88: 0 | AG88: 0 | AI88: 36.202961 | AJ88: 3.268843 | AK88: -0.312527 | AL88: 23.304734 | AN88: Поездки
A89: экспорт | B89: =IF(ABS(SUM(J89:M89))<0.05,"—",SUM(J89:M89)) -> — | C89: =IF(ABS(SUM(O89:R89))<0.05,"—",SUM(O89:R89)) -> — | D89: =IF(ABS(SUM(T89:W89))<0.05,"—",SUM(T89:W89)) -> — | E89: =IF(ABS(SUM(Y89:AB89))<0.05,"—",SUM(Y89:AB89)) -> — | F89: =IF(ABS(SUM(AD89:AG89))<0.05,"—",SUM(AD89:AG89)) -> — | G89: =IF(ABS(SUM(AD89:AF89))<0.05,"—",SUM(AD89:AF89)) -> — | H89: =IF(ABS(SUM(AI89:AK89))<0.05,"—",SUM(AI89:AK89)) -> 122.94639 | J89: 0 | K89: 0 | L89: 0 | M89: 0 | O89: 0 | P89: 0 | Q89: 0 | R89: 0 | T89: 0 | U89: 0 | V89: 0 | W89: 0 | Y89: 0 | Z89: 0 | AA89: 0 | AB89: 0 | AD89: 0 | AE89: 0 | AF89: 0 | AG89: 0 | AI89: 100.08097 | AJ89: 6.505508 | AK89: 16.359912 | AL89: 28.360479 | AN89: экспорт
A90: импорт | B90: =IF(ABS(SUM(J90:M90))<0.05,"—",SUM(J90:M90)) -> — | C90: =IF(ABS(SUM(O90:R90))<0.05,"—",SUM(O90:R90)) -> — | D90: =IF(ABS(SUM(T90:W90))<0.05,"—",SUM(T90:W90)) -> — | E90: =IF(ABS(SUM(Y90:AB90))<0.05,"—",SUM(Y90:AB90)) -> — | F90: =IF(ABS(SUM(AD90:AG90))<0.05,"—",SUM(AD90:AG90)) -> — | G90: =IF(ABS(SUM(AD90:AF90))<0.05,"—",SUM(AD90:AF90)) -> — | H90: =IF(ABS(SUM(AI90:AK90))<0.05,"—",SUM(AI90:AK90)) -> 83.787111 | J90: 0 | K90: 0 | L90: 0 | M90: 0 | O90: 0 | P90: 0 | Q90: 0 | R90: 0 | T90: 0 | U90: 0 | V90: 0 | W90: 0 | Y90: 0 | Z90: 0 | AA90: 0 | AB90: 0 | AD90: 0 | AE90: 0 | AF90: 0 | AG90: 0 | AI90: 63.878007 | AJ90: 3.236665 | AK90: 16.672439 | AL90: 5.055745 | AN90: импорт
A91: Деловые | B91: =IF(ABS(SUM(J91:M91))<0.05,"—",SUM(J91:M91)) -> — | C91: =IF(ABS(SUM(O91:R91))<0.05,"—",SUM(O91:R91)) -> — | D91: =IF(ABS(SUM(T91:W91))<0.05,"—",SUM(T91:W91)) -> — | E91: =IF(ABS(SUM(Y91:AB91))<0.05,"—",SUM(Y91:AB91)) -> — | F91: =IF(ABS(SUM(AD91:AG91))<0.05,"—",SUM(AD91:AG91)) -> — | G91: =IF(ABS(SUM(AD91:AF91))<0.05,"—",SUM(AD91:AF91)) -> — | H91: =IF(ABS(SUM(AI91:AK91))<0.05,"—",SUM(AI91:AK91)) -> 8.459778 | J91: 0 | K91: 0 | L91: 0 | M91: 0 | O91: 0 | P91: 0 | Q91: 0 | R91: 0 | T91: 0 | U91: 0 | V91: 0 | W91: 0 | Y91: 0 | Z91: 0 | AA91: 0 | AB91: 0 | AD91: 0 | AE91: 0 | AF91: 0 | AG91: 0 | AI91: 9.1794725 | AJ91: 1.081936 | AK91: -1.8016305 | AL91: 9.5154611 | AN91: Деловые
A92: экспорт | B92: =IF(ABS(SUM(J92:M92))<0.05,"—",SUM(J92:M92)) -> — | C92: =IF(ABS(SUM(O92:R92))<0.05,"—",SUM(O92:R92)) -> — | D92: =IF(ABS(SUM(T92:W92))<0.05,"—",SUM(T92:W92)) -> — | E92: =IF(ABS(SUM(Y92:AB92))<0.05,"—",SUM(Y92:AB92)) -> — | F92: =IF(ABS(SUM(AD92:AG92))<0.05,"—",SUM(AD92:AG92)) -> — | G92: =IF(ABS(SUM(AD92:AF92))<0.05,"—",SUM(AD92:AF92)) -> — | H92: =IF(ABS(SUM(AI92:AK92))<0.05,"—",SUM(AI92:AK92)) -> 52.866947 | J92: 0 | K92: 0 | L92: 0 | M92: 0 | O92: 0 | P92: 0 | Q92: 0 | R92: 0 | T92: 0 | U92: 0 | V92: 0 | W92: 0 | Y92: 0 | Z92: 0 | AA92: 0 | AB92: 0 | AD92: 0 | AE92: 0 | AF92: 0 | AG92: 0 | AI92: 43.034816 | AJ92: 2.7973684 | AK92: 7.0347622 | AL92: 12.195006 | AN92: экспорт
A93: импорт | B93: =IF(ABS(SUM(J93:M93))<0.05,"—",SUM(J93:M93)) -> — | C93: =IF(ABS(SUM(O93:R93))<0.05,"—",SUM(O93:R93)) -> — | D93: =IF(ABS(SUM(T93:W93))<0.05,"—",SUM(T93:W93)) -> — | E93: =IF(ABS(SUM(Y93:AB93))<0.05,"—",SUM(Y93:AB93)) -> — | F93: =IF(ABS(SUM(AD93:AG93))<0.05,"—",SUM(AD93:AG93)) -> — | G93: =IF(ABS(SUM(AD93:AF93))<0.05,"—",SUM(AD93:AF93)) -> — | H93: =IF(ABS(SUM(AI93:AK93))<0.05,"—",SUM(AI93:AK93)) -> 44.407169 | J93: 0 | K93: 0 | L93: 0 | M93: 0 | O93: 0 | P93: 0 | Q93: 0 | R93: 0 | T93: 0 | U93: 0 | V93: 0 | W93: 0 | Y93: 0 | Z93: 0 | AA93: 0 | AB93: 0 | AD93: 0 | AE93: 0 | AF93: 0 | AG93: 0 | AI93: 33.855344 | AJ93: 1.7154325 | AK93: 8.8363927 | AL93: 2.6795449 | AN93: импорт
A94: Личные | B94: =IF(ABS(SUM(J94:M94))<0.05,"—",SUM(J94:M94)) -> — | C94: =IF(ABS(SUM(O94:R94))<0.05,"—",SUM(O94:R94)) -> — | D94: =IF(ABS(SUM(T94:W94))<0.05,"—",SUM(T94:W94)) -> — | E94: =IF(ABS(SUM(Y94:AB94))<0.05,"—",SUM(Y94:AB94)) -> — | F94: =IF(ABS(SUM(AD94:AG94))<0.05,"—",SUM(AD94:AG94)) -> — | G94: =IF(ABS(SUM(AD94:AF94))<0.05,"—",SUM(AD94:AF94)) -> — | H94: =IF(ABS(SUM(AI94:AK94))<0.05,"—",SUM(AI94:AK94)) -> 30.699499 | J94: 0 | K94: 0 | L94: 0 | M94: 0 | O94: 0 | P94: 0 | Q94: 0 | R94: 0 | T94: 0 | U94: 0 | V94: 0 | W94: 0 | Y94: 0 | Z94: 0 | AA94: 0 | AB94: 0 | AD94: 0 | AE94: 0 | AF94: 0 | AG94: 0 | AI94: 27.023488 | AJ94: 2.186907 | AK94: 1.4891035 | AL94: 13.789273 | AN94: Личные
A95: экспорт | B95: =IF(ABS(SUM(J95:M95))<0.05,"—",SUM(J95:M95)) -> — | C95: =IF(ABS(SUM(O95:R95))<0.05,"—",SUM(O95:R95)) -> — | D95: =IF(ABS(SUM(T95:W95))<0.05,"—",SUM(T95:W95)) -> — | E95: =IF(ABS(SUM(Y95:AB95))<0.05,"—",SUM(Y95:AB95)) -> — | F95: =IF(ABS(SUM(AD95:AG95))<0.05,"—",SUM(AD95:AG95)) -> — | G95: =IF(ABS(SUM(AD95:AF95))<0.05,"—",SUM(AD95:AF95)) -> — | H95: =IF(ABS(SUM(AI95:AK95))<0.05,"—",SUM(AI95:AK95)) -> 70.079441 | J95: 0 | K95: 0 | L95: 0 | M95: 0 | O95: 0 | P95: 0 | Q95: 0 | R95: 0 | T95: 0 | U95: 0 | V95: 0 | W95: 0 | Y95: 0 | Z95: 0 | AA95: 0 | AB95: 0 | AD95: 0 | AE95: 0 | AF95: 0 | AG95: 0 | AI95: 57.046152 | AJ95: 3.7081396 | AK95: 9.3251498 | AL95: 16.165473 | AN95: экспорт
A96: импорт | B96: =IF(ABS(SUM(J96:M96))<0.05,"—",SUM(J96:M96)) -> — | C96: =IF(ABS(SUM(O96:R96))<0.05,"—",SUM(O96:R96)) -> — | D96: =IF(ABS(SUM(T96:W96))<0.05,"—",SUM(T96:W96)) -> — | E96: =IF(ABS(SUM(Y96:AB96))<0.05,"—",SUM(Y96:AB96)) -> — | F96: =IF(ABS(SUM(AD96:AG96))<0.05,"—",SUM(AD96:AG96)) -> — | G96: =IF(ABS(SUM(AD96:AF96))<0.05,"—",SUM(AD96:AF96)) -> — | H96: =IF(ABS(SUM(AI96:AK96))<0.05,"—",SUM(AI96:AK96)) -> 39.379942 | J96: 0 | K96: 0 | L96: 0 | M96: 0 | O96: 0 | P96: 0 | Q96: 0 | R96: 0 | T96: 0 | U96: 0 | V96: 0 | W96: 0 | Y96: 0 | Z96: 0 | AA96: 0 | AB96: 0 | AD96: 0 | AE96: 0 | AF96: 0 | AG96: 0 | AI96: 30.022663 | AJ96: 1.5212326 | AK96: 7.8360463 | AL96: 2.3762001 | AN96: импорт
... A101: экспорт | B101: =IF(ABS(SUM(J101:M101))<0.05,"—",SUM(J101:M101)) -> — | C101: =IF(ABS(SUM(O101:R101))<0.05,"—",SUM(O101:R101)) -> — | D101: =IF(ABS(SUM(T101:W101))<0.05,"—",SUM(T101:W101)) -> — | E101: =IF(ABS(SUM(Y101:AB101))<0.05,"—",SUM(Y101:AB101)) -> — | F101: =IF(ABS(SUM(AD101:AG101))<0.05,"—",SUM(AD101:AG101)) -> — | G101: =IF(ABS(SUM(AD101:AF101))<0.05,"—",SUM(AD101:AF101)) -> — | H101: =IF(ABS(SUM(AI101:AK101))<0.05,"—",SUM(AI101:AK101)) -> 10.546763 | J101: 0 | K101: 0 | L101: 0 | M101: 0 | O101: 0 | P101: 0 | Q101: 0 | R101: 0 | T101: 0 | U101: 0 | V101: 0 | W101: 0 | Y101: 0 | Z101: 0 | AA101: 0 | AB101: 0 | AD101: 0 | AE101: 0 | AF101: 0 | AG101: 0 | AI101: 3.183495 | AJ101: 4.743292 | AK101: 2.619976 | AL101: 3.680873 | AN101: экспорт
A102: импорт | B102: =IF(ABS(SUM(J102:M102))<0.05,"—",SUM(J102:M102)) -> — | C102: =IF(ABS(SUM(O102:R102))<0.05,"—",SUM(O102:R102)) -> — | D102: =IF(ABS(SUM(T102:W102))<0.05,"—",SUM(T102:W102)) -> — | E102: =IF(ABS(SUM(Y102:AB102))<0.05,"—",SUM(Y102:AB102)) -> — | F102: =IF(ABS(SUM(AD102:AG102))<0.05,"—",SUM(AD102:AG102)) -> — | G102: =IF(ABS(SUM(AD102:AF102))<0.05,"—",SUM(AD102:AF102)) -> — | H102: =IF(ABS(SUM(AI102:AK102))<0.05,"—",SUM(AI102:AK102)) -> — | J102: 0 | K102: 0 | L102: 0 | M102: 0 | O102: 0 | P102: 0 | Q102: 0 | R102: 0 | T102: 0 | U102: 0 | V102: 0 | W102: 0 | Y102: 0 | Z102: 0 | AA102: 0 | AB102: 0 | AD102: 0 | AE102: 0 | AF102: 0 | AG102: 0 | AI102: 0 | AJ102: 0 | AK102: 0 | AL102: — | AN102: импорт
A103: Строительство в Кыргызской Республике | B103: =IF(ABS(SUM(J103:M103))<0.05,"—",SUM(J103:M103)) -> — | C103: =IF(ABS(SUM(O103:R103))<0.05,"—",SUM(O103:R103)) -> — | D103: =IF(ABS(SUM(T103:W103))<0.05,"—",SUM(T103:W103)) -> — | E103: =IF(ABS(SUM(Y103:AB103))<0.05,"—",SUM(Y103:AB103)) -> — | F103: =IF(ABS(SUM(AD103:AG103))<0.05,"—",SUM(AD103:AG103)) -> — | G103: =IF(ABS(SUM(AD103:AF103))<0.05,"—",SUM(AD103:AF103)) -> — | H103: =IF(ABS(SUM(AI103:AK103))<0.05,"—",SUM(AI103:AK103)) -> -6.976945 | J103: 0 | K103: 0 | L103: 0 | M103: 0 | O103: 0 | P103: 0 | Q103: 0 | R103: 0 | T103: 0 | U103: 0 | V103: 0 | W103: 0 | Y103: 0 | Z103: 0 | AA103: 0 | AB103: 0 | AD103: 0 | AE103: 0 | AF103: 0 | AG103: 0 | AI103: -2.548699 | AJ103: -1.193727 | AK103: -3.234519 | AL103: -6.688924 | AN103: Строительство в Кыргызской Республике
A104: экспорт | B104: =IF(ABS(SUM(J104:M104))<0.05,"—",SUM(J104:M104)) -> — | C104: =IF(ABS(SUM(O104:R104))<0.05,"—",SUM(O104:R104)) -> — | D104: =IF(ABS(SUM(T104:W104))<0.05,"—",SUM(T104:W104)) -> — | E104: =IF(ABS(SUM(Y104:AB104))<0.05,"—",SUM(Y104:AB104)) -> — | F104: =IF(ABS(SUM(AD104:AG104))<0.05,"—",SUM(AD104:AG104)) -> — | G104: =IF(ABS(SUM(AD104:AF104))<0.05,"—",SUM(AD104:AF104)) -> — | H104: =IF(ABS(SUM(AI104:AK104))<0.05,"—",SUM(AI104:AK104)) -> — | J104: 0 | K104: 0 | L104: 0 | M104: 0 | O104: 0 | P104: 0 | Q104: 0 | R104: 0 | T104: 0 | U104: 0 | V104: 0 | W104: 0 | Y104: 0 | Z104: 0 | AA104: 0 | AB104: 0 | AD104: 0 | AE104: 0 | AF104: 0 | AG104: 0 | AI104: 0 | AJ104: 0 | AK104: 0 | AL104: — | AN104: экспорт
A105: импорт | B105: =IF(ABS(SUM(J105:M105))<0.05,"—",SUM(J105:M105)) -> — | C105: =IF(ABS(SUM(O105:R105))<0.05,"—",SUM(O105:R105)) -> — | D105: =IF(ABS(SUM(T105:W105))<0.05,"—",SUM(T105:W105)) -> — | E105: =IF(ABS(SUM(Y105:AB105))<0.05,"—",SUM(Y105:AB105)) -> — | F105: =IF(ABS(SUM(AD105:AG105))<0.05,"—",SUM(AD105:AG105)) -> — | G105: =IF(ABS(SUM(AD105:AF105))<0.05,"—",SUM(AD105:AF105)) -> — | H105: =IF(ABS(SUM(AI105:AK105))<0.05,"—",SUM(AI105:AK105)) -> 6.976945 | J105: 0 | K105: 0 | L105: 0 | M105: 0 | O105: 0 | P105: 0 | Q105: 0 | R105: 0 | T105: 0 | U105: 0 | V105: 0 | W105: 0 | Y105: 0 | Z105: 0 | AA105: 0 | AB105: 0 | AD105: 0 | AE105: 0 | AF105: 0 | AG105: 0 | AI105: 2.548699 | AJ105: 1.193727 | AK105: 3.234519 | AL105: 6.688924 | AN105: импорт
...

Sheet dt_dgr 6
B1: Основные статьи ПБ | F1: 2 | G1: =F1+F2-2 -> 4 | H1: =G1+G2 -> 8 | I1: =H1+H2 -> 13 | J1: =I1+I2 -> 18 | K1: =J1+J2 -> 22 | L1: =K1+K2 -> 26 | M1: =F1+F2-3 -> 3 | N1: =M1+M2 -> 8 | O1: =N1+N2 -> 13 | P1: =O1+O2 -> 18 | Q1: =P1+P2 -> 23
F2: 4 | G2: 4 | H2: 5 | I2: 5 | J2: 4 | K2: 4 | L2: 5 | M2: 5 | N2: 5 | O2: 5 | P2: 5 | Q2: 5
D3: I'07 | E3: I п/г'8 | F3: I п/г'9 | G3: 9 мес. 10 | H3: 9 мес. 11 | I3: =#REF! -> #REF! | J3: =#REF! -> #REF! | K3: =#REF! -> #REF! | L3: =#REF! -> #REF! | M3: =#REF! -> #REF! | N3: =#REF! -> #REF! | O3: =#REF! -> #REF! | P3: =#REF! -> #REF! | Q3: =#REF! -> #REF!
A5: Current Account balance | B5: Сальдо счета текущих операций | C5: Êùíä¸ëùê îïåðàöèÿëàð ýñåáèíèí ñàëüäîñó | D5: =SUM(#REF!) -> #REF! | E5: =SUM(#REF!) -> #REF! | F5: =SUM(OFFSET(#REF!,0,F$1,1,4)) -> #REF! | G5: =SUM(OFFSET(#REF!,0,G$1,1,G$2)) -> #REF! | H5: =SUM(OFFSET(#REF!,0,H$1,1,H$2)) -> #REF! | I5: =SUM(OFFSET(#REF!,0,I$1,1,I$2)) -> #REF! | J5: =SUM(OFFSET(#REF!,0,J$1,1,J$2)) -> #REF! | K5: =SUM(OFFSET(#REF!,0,K$1,1,K$2)) -> #REF! | L5: =SUM(OFFSET(#REF!,0,L$1,1,L$2)) -> #REF! | M5: =SUM(OFFSET('bop_dt 6'!$J$7,0,M$1,1,M$2)) -> 0 | N5: =SUM(OFFSET('bop_dt 6'!$J$7,0,N$1,1,N$2)) -> 0 | O5: =SUM(OFFSET('bop_dt 6'!$J$7,0,O$1,1,O$2)) -> 0 | P5: =SUM(OFFSET('bop_dt 6'!$J$7,0,P$1,1,P$2)) -> 0 | Q5: =SUM(OFFSET('bop_dt 6'!$J$7,0,Q$1,1,Q$2)) -> 336.8336 | R5: =J5+K5+L5+M5+N5=SUM(#REF!) -> #REF!
A6: Trade balance | B6: Торговый баланс | C6: Ñîîäà áàëàíñû | D6: =SUM(#REF!) -> #REF! | E6: =SUM(#REF!) -> #REF! | F6: =SUM(OFFSET(#REF!,0,F$1,1,4)) -> #REF! | G6: =SUM(OFFSET(#REF!,0,G$1,1,G$2)) -> #REF! | H6: =SUM(OFFSET(#REF!,0,H$1,1,H$2)) -> #REF! | I6: =SUM(OFFSET(#REF!,0,I$1,1,I$2)) -> #REF! | J6: =SUM(OFFSET(#REF!,0,J$1,1,J$2)) -> #REF! | K6: =SUM(OFFSET(#REF!,0,K$1,1,K$2)) -> #REF! | L6: =SUM(OFFSET(#REF!,0,L$1,1,L$2)) -> #REF! | M6: =SUM(OFFSET('bop_dt 6'!$J$11,0,M$1,1,M$2)) -> 0 | N6: =SUM(OFFSET('bop_dt 6'!$J$11,0,N$1,1,N$2)) -> 0 | O6: =SUM(OFFSET('bop_dt 6'!$J$11,0,O$1,1,O$2)) -> 0 | P6: =SUM(OFFSET('bop_dt 6'!$J$11,0,P$1,1,P$2)) -> 0 | Q6: =SUM(OFFSET('bop_dt 6'!$J$11,0,Q$1,1,Q$2)) -> -930.87379 | R6: =J6+K6+L6+M6+N6=SUM(#REF!) -> #REF! | S6: =N6/M6*100-100 -> #DIV/0!
B7: Чистый экспорт потребительских товаров | C7: Товарлардын экспорту (ФОБ) | D7: =D9-D11 -> #REF! | E7: =E9-E11 -> #REF! | F7: =F9-F11 -> #REF! | G7: =G9-G11 -> #VALUE! | H7: =H9-H11 -> #VALUE! | I7: =I9-I11 -> #VALUE! | J7: =J9-J11 -> -1408.2587 | K7: =K9-K11 -> -1458.9025 | ... Q7: =Q9-Q11 -> -1162.5479 | T7: 2142.9855
A8: Export of goods (f.o.b.) | B8: Экспорт товаров (ФОБ) | D8: =SUM(#REF!) -> #REF! | E8: =SUM(#REF!) -> #REF! | F8: =SUM(OFFSET(#REF!,0,F$1,1,4)) -> #REF! | G8: =SUM(OFFSET(#REF!,0,G$1,1,G$2)) -> #REF! | H8: =SUM(OFFSET(#REF!,0,H$1,1,H$2)) -> #REF! | I8: =SUM(OFFSET(#REF!,0,I$1,1,I$2)) -> #REF! | J8: =SUM(OFFSET(#REF!,0,J$1,1,J$2)) -> #REF! | K8: =SUM(OFFSET(#REF!,0,K$1,1,K$2)) -> #REF! | L8: =SUM(OFFSET(#REF!,0,L$1,1,L$2)) -> #REF! | M8: =SUM(OFFSET('bop_dt 6'!$J$12,0,M$1,1,M$2)) -> 0 | N8: =SUM(OFFSET('bop_dt 6'!$J$12,0,N$1,1,N$2)) -> 0 | O8: =SUM(OFFSET('bop_dt 6'!$J$12,0,O$1,1,O$2)) -> 0 | P8: =SUM(OFFSET('bop_dt 6'!$J$12,0,P$1,1,P$2)) -> 0 | Q8: =SUM(OFFSET('bop_dt 6'!$J$12,0,Q$1,1,Q$2)) -> 1562.5739 | R8: =N8/M8*100-100 -> #DIV/0!
B9: Экспорт потребительских товаров | C9: Товарлардын импорту (ФОБ) | D9: #REF! | E9: #REF! | F9: #REF! | G9: #VALUE! | H9: #VALUE! | I9: #VALUE! | J9: 648.38259 | K9: 598.66906 | L9: 380.68295 | M9: 398.90064 | N9: 361.01332 | O9: 472.83335 | P9: 385.48406 | Q9: 432.1776 | R9: 110.9
A10: Import of goods (f.o.b) | B10: Импорт товаров (ФОБ) | D10: =SUM(#REF!) -> #REF! | E10: =SUM(#REF!) -> #REF! | F10: =SUM(OFFSET(#REF!,0,F$1,1,4)) -> #REF! | G10: =SUM(OFFSET(#REF!,0,G$1,1,G$2)) -> #REF! | H10: =SUM(OFFSET(#REF!,0,H$1,1,H$2)) -> #REF! | I10: =SUM(OFFSET(#REF!,0,I$1,1,I$2)) -> #REF! | J10: =SUM(OFFSET(#REF!,0,J$1,1,J$2)) -> #REF! | K10: =SUM(OFFSET(#REF!,0,K$1,1,K$2)) -> #REF! | L10: =SUM(OFFSET(#REF!,0,L$1,1,L$2)) -> #REF! | M10: =SUM(OFFSET('bop_dt 6'!$J$13,0,M$1,1,M$2)) -> 0 | N10: =SUM(OFFSET('bop_dt 6'!$J$13,0,N$1,1,N$2)) -> 0 | O10: =SUM(OFFSET('bop_dt 6'!$J$13,0,O$1,1,O$2)) -> 0 | P10: =SUM(OFFSET('bop_dt 6'!$J$13,0,P$1,1,P$2)) -> 0 | Q10: =SUM(OFFSET('bop_dt 6'!$J$13,0,Q$1,1,Q$2)) -> 2493.4477 | S10: =M10+M8 -> 0 | T10: =N10+N8 -> 0 | U10: =T10/S10*100-100 -> #DIV/0!
B11: Импорт потребительских товаров | C11: Êåðåêò¸¸ òîâàðëàðûíûí òàçà ýêñïîðòó | D11: #REF! | E11: #REF! | F11: #REF! | G11: #VALUE! | H11: #VALUE! | I11: #VALUE! | J11: 2056.6413 | K11: 2057.5716 | L11: 1318.4555 | M11: 1405.4797 | N11: 1594.8016 | O11: 2142.0089 | P11: 1924.2831 | Q11: 1594.7255 | R11: =Q9-Q11 -> -1162.5479
C12: Êåðåêò¸¸ òîâàðëàðûíûí ýêñïîðòó
A13: External turnover | B13: Внешний товарооборот | C13: Тышкы товарлардын жyгyртyyсyy | D13: =D8+D10 -> #REF! | E13: =E8+E10 -> #REF! | F13: =F8+F10 -> #REF! | G13: =G8+G10 -> #REF! | H13: =H8+H10 -> #REF! | I13: =I8+I10 -> #REF! | J13: =J8+J10 -> #REF! | K13: =K8+K10 -> #REF! | ... Q13: =Q8+Q10 -> 4056.0216 | R13: =N13/M13*100-100 -> #DIV/0!
A14: Balance of services and income | B14: Баланс услуг и доходов | C14: Кызмат кёрсётщщлёр жана кирешелер балансы | D14: =D16+D23 -> #REF! | E14: =E16+E23 -> #REF! | F14: =F16+F23 -> #REF! | G14: =G16+G23 -> #REF! | H14: =H16+H23 -> #REF! | I14: =I16+I23 -> #REF! | J14: =J16+J23 -> #REF! | K14: =K16+K23 -> #REF! | ... Q14: =Q16+Q23 -> 533.38881
A16: Services balance | B16: Баланс услуг | C16: Кызмат кёрсётщщлёр балансы | D16: =D17+D18 -> #REF! | E16: =E17+E18 -> #REF! | F16: =F17+F18 -> #REF! | G16: =G17+G18 -> #REF! | H16: =H17+H18 -> #REF! | I16: =I17+I18 -> #REF! | J16: =J17+J18 -> #REF! | K16: =K17+K18 -> #REF! | ... Q16: =Q17+Q18 -> 783.85398
A17: Export of services | B17: Экспорт услуг | C17: Кызмат кёрсётщщлёр экспорту | D17: =SUM(#REF!) -> #REF! | E17: =SUM(#REF!) -> #REF! | F17: =SUM(OFFSET(#REF!,0,F$1,1,4)) -> #REF! | G17: =SUM(OFFSET(#REF!,0,G$1,1,G$2)) -> #REF! | H17: =SUM(OFFSET(#REF!,0,H$1,1,H$2)) -> #REF! | I17: =SUM(OFFSET(#REF!,0,I$1,1,I$2)) -> #REF! | J17: =SUM(OFFSET(#REF!,0,J$1,1,J$2)) -> #REF! | K17: =SUM(OFFSET(#REF!,0,K$1,1,K$2)) -> #REF! | L17: =SUM(OFFSET(#REF!,0,L$1,1,L$2)) -> #REF! | M17: =SUM(OFFSET('bop_dt 6'!$J$23,0,M$1,1,M$2)) -> 0 | N17: =SUM(OFFSET('bop_dt 6'!$J$23,0,N$1,1,N$2)) -> 0 | O17: =SUM(OFFSET('bop_dt 6'!$J$23,0,O$1,1,O$2)) -> 0 | P17: =SUM(OFFSET('bop_dt 6'!$J$23,0,P$1,1,P$2)) -> 0 | Q17: =SUM(OFFSET('bop_dt 6'!$J$23,0,Q$1,1,Q$2)) -> 328.58892 | R17: =O17/O8*100 -> #DIV/0!
A18: Import of services | B18: Импорт услуг | C18: Кызмат кёрсётщщлёр импорту | D18: =SUM(#REF!) -> #REF! | E18: =SUM(#REF!) -> #REF! | F18: =SUM(OFFSET(#REF!,0,F$1,1,4)) -> #REF! | G18: =SUM(OFFSET(#REF!,0,G$1,1,G$2)) -> #REF! | H18: =SUM(OFFSET(#REF!,0,H$1,1,H$2)) -> #REF! | I18: =SUM(OFFSET(#REF!,0,I$1,1,I$2)) -> #REF! | J18: =SUM(OFFSET(#REF!,0,J$1,1,J$2)) -> #REF! | K18: =SUM(OFFSET(#REF!,0,K$1,1,K$2)) -> #REF! | L18: =SUM(OFFSET(#REF!,0,L$1,1,L$2)) -> #REF! | M18: =SUM(OFFSET('bop_dt 6'!$J$24,0,M$1,1,M$2)) -> 0 | N18: =SUM(OFFSET('bop_dt 6'!$J$24,0,N$1,1,N$2)) -> 0 | O18: =SUM(OFFSET('bop_dt 6'!$J$24,0,O$1,1,O$2)) -> 0 | P18: =SUM(OFFSET('bop_dt 6'!$J$24,0,P$1,1,P$2)) -> 0 | Q18: =SUM(OFFSET('bop_dt 6'!$J$24,0,Q$1,1,Q$2)) -> 455.26506
A19: Import of services | B19: Импорт услуг | C19: Кызмат кёрсётщщлёр импорту | D19: =-D18 -> #REF! | E19: =-E18 -> #REF! | F19: =-F18 -> #REF! | G19: =-G18 -> #REF! | H19: =-H18 -> #REF! | I19: =-I18 -> #REF! | J19: =-J18 -> #REF! | K19: =-K18 -> #REF! | ... Q19: =-Q18 -> -455.26506 | R19: =O19/O10*100 -> #DIV/0!
A21: Trade & services balance | B21: Баланс товаров и услуг | C21: Товарлардын жана кызмат кoрсoтyyлoрдyн балансы | D21: =D6+D16 -> #REF! | E21: =E6+E16 -> #REF! | F21: =F6+F16 -> #REF! | G21: =G6+G16 -> #REF! | H21: =H6+H16 -> #REF! | I21: =I6+I16 -> #REF! | J21: =J6+J16 -> #REF! | K21: =K6+K16 -> #REF! | ... Q21: =Q6+Q16 -> -147.0198 | R21: =(J21+K21+L21+M21+N21)=SUM(#REF!) -> #REF!
A23: Income balance | B23: Баланс первичных доходов | C23: Кирешелер балансы | D23: =SUM(#REF!) -> #REF! | E23: =SUM(#REF!) -> #REF! | F23: =SUM(OFFSET(#REF!,0,F$1,1,4)) -> #REF! | G23: =SUM(OFFSET(#REF!,0,G$1,1,G$2)) -> #REF! | H23: =SUM(OFFSET(#REF!,0,H$1,1,H$2)) -> #REF! | I23: =SUM(OFFSET(#REF!,0,I$1,1,I$2)) -> #REF! | J23: =SUM(OFFSET(#REF!,0,J$1,1,J$2)) -> #REF! | K23: =SUM(OFFSET(#REF!,0,K$1,1,K$2)) -> #REF! | L23: =SUM(OFFSET(#REF!,0,L$1,1,L$2)) -> #REF! | M23: =SUM(OFFSET('bop_dt 6'!$J$136,0,M$1,1,M$2)) -> 0 | N23: =SUM(OFFSET('bop_dt 6'!$J$136,0,N$1,1,N$2)) -> 0 | O23: =SUM(OFFSET('bop_dt 6'!$J$136,0,O$1,1,O$2)) -> 0 | P23: =SUM(OFFSET('bop_dt 6'!$J$136,0,P$1,1,P$2)) -> 0 | Q23: =SUM(OFFSET('bop_dt 6'!$J$136,0,Q$1,1,Q$2)) -> -250.46518
B24: Баланс вторичных доходов | M24: =SUM(OFFSET('bop_dt 6'!$J$190,0,M$1,1,M$2)) -> 0 | N24: =SUM(OFFSET('bop_dt 6'!$J$190,0,N$1,1,N$2)) -> 0 | O24: =SUM(OFFSET('bop_dt 6'!$J$190,0,O$1,1,O$2)) -> 0 | P24: =SUM(OFFSET('bop_dt 6'!$J$190,0,P$1,1,P$2)) -> 0 | Q24: =SUM(OFFSET('bop_dt 6'!$J$190,0,Q$1,1,Q$2)) -> 1644.8487
A25: Current transfers | B25: Текущие трансферты | C25: Кyндoлyк трансферттер | D25: =SUM(#REF!) -> #REF! | E25: =SUM(#REF!) -> #REF! | F25: =SUM(OFFSET(#REF!,0,F$1,1,4)) -> #REF! | G25: =SUM(OFFSET(#REF!,0,G$1,1,G$2)) -> #REF! | H25: =SUM(OFFSET(#REF!,0,H$1,1,H$2)) -> #REF! | I25: =SUM(OFFSET(#REF!,0,I$1,1,I$2)) -> #REF! | J25: =SUM(OFFSET(#REF!,0,J$1,1,J$2)) -> #REF! | K25: =SUM(OFFSET(#REF!,0,K$1,1,K$2)) -> #REF! | L25: =SUM(OFFSET(#REF!,0,L$1,1,L$2)) -> #REF! | M25: =SUM(OFFSET('bop_dt 6'!$J$7,0,M$1,1,M$2)) -> 0 | N25: =SUM(OFFSET('bop_dt 6'!$J$7,0,N$1,1,N$2)) -> 0 | O25: =SUM(OFFSET('bop_dt 6'!$J$7,0,O$1,1,O$2)) -> 0 | P25: =SUM(OFFSET('bop_dt 6'!$J$7,0,P$1,1,P$2)) -> 0 | Q25: =SUM(OFFSET('bop_dt 6'!$J$7,0,Q$1,1,Q$2)) -> 336.8336 | R25: =(J25+K25+L25+M25+N25)=SUM(#REF!) -> #REF!
B26: Денежные переводы работающих | D26: #REF! | E26: #REF! | F26: #REF! | G26: #VALUE! | H26: #VALUE! | I26: #VALUE! | J26: #VALUE! | K26: 1993.4051 | L26: 1344.3932 | M26: 1548.5205 | N26: 2032.9108 | O26: 2332.7735 | P26: 2282.0383 | Q26: 1981.3594 | R26: #VALUE!
A28: Capital and Financial Account | B28: Счет операций с капиталом и финансовых операций | C28: Êàïèòàë ìåíåí îïåðàöèÿëàðäûí æàíà ôèíàíñû îïåðàöèÿëàðûíûí ýñåáè | D28: =SUM(#REF!) -> #REF! | E28: =SUM(#REF!) -> #REF! | F28: =SUM(OFFSET(#REF!,0,F$1,1,4)) -> #REF! | G28: =SUM(OFFSET(#REF!,0,G$1,1,G$2)) -> #REF! | H28: =SUM(OFFSET(#REF!,0,H$1,1,H$2)) -> #REF! | I28: =SUM(OFFSET(#REF!,0,I$1,1,I$2)) -> #REF! | J28: =SUM(OFFSET(#REF!,0,J$1,1,J$2)) -> #REF! | K28: =SUM(OFFSET(#REF!,0,K$1,1,K$2)) -> #REF! | L28: =SUM(OFFSET(#REF!,0,L$1,1,L$2)) -> #REF! | M28: =SUM(OFFSET('bop_dt 6'!$J$7,0,M$1,1,M$2)) -> 0 | N28: =SUM(OFFSET('bop_dt 6'!$J$7,0,N$1,1,N$2)) -> 0 | O28: =SUM(OFFSET('bop_dt 6'!$J$7,0,O$1,1,O$2)) -> 0 | P28: =SUM(OFFSET('bop_dt 6'!$J$7,0,P$1,1,P$2)) -> 0 | Q28: =SUM(OFFSET('bop_dt 6'!$J$7,0,Q$1,1,Q$2)) -> 336.8336
A30: Capital account | B30: Сальдо счета операций с капиталом | C30: Сальдо счета операций с капиталом | D30: =SUM(#REF!) -> #REF! | E30: =SUM(#REF!) -> #REF! | F30: =SUM(OFFSET(#REF!,0,F$1,1,4)) -> #REF! | G30: =SUM(OFFSET(#REF!,0,G$1,1,G$2)) -> #REF! | H30: =SUM(OFFSET(#REF!,0,H$1,1,H$2)) -> #REF! | I30: =SUM(OFFSET(#REF!,0,I$1,1,I$2)) -> #REF! | J30: =SUM(OFFSET(#REF!,0,J$1,1,J$2)) -> #REF! | K30: =SUM(OFFSET(#REF!,0,K$1,1,K$2)) -> #REF! | L30: =SUM(OFFSET(#REF!,0,L$1,1,L$2)) -> #REF! | M30: =SUM(OFFSET('bop_dt 6'!$J$208,0,M$1,1,M$2)) -> 0 | N30: =SUM(OFFSET('bop_dt 6'!$J$208,0,N$1,1,N$2)) -> 0 | O30: =SUM(OFFSET('bop_dt 6'!$J$208,0,O$1,1,O$2)) -> 0 | P30: =SUM(OFFSET('bop_dt 6'!$J$208,0,P$1,1,P$2)) -> 0 | Q30: =SUM(OFFSET('bop_dt 6'!$J$208,0,Q$1,1,Q$2)) -> 46.70432
A32: Direct investments | B32: Финансовый счет | C32: Финансылык счет | D32: =SUM(#REF!) -> #REF! | E32: =SUM(#REF!) -> #REF! | F32: =SUM(OFFSET(#REF!,0,F$1,1,4)) -> #REF! | G32: =SUM(OFFSET(#REF!,0,G$1,1,G$2)) -> #REF! | H32: =SUM(OFFSET(#REF!,0,H$1,1,H$2)) -> #REF! | I32: =SUM(OFFSET(#REF!,0,I$1,1,I$2)) -> #REF! | J32: =SUM(OFFSET(#REF!,0,J$1,1,J$2)) -> #REF! | K32: =SUM(OFFSET(#REF!,0,K$1,1,K$2)) -> #REF! | L32: =SUM(OFFSET(#REF!,0,L$1,1,L$2)) -> #REF! | M32: =SUM(OFFSET('bop_dt 6'!$J$224,0,M$1,1,M$2)) -> 0 | N32: =SUM(OFFSET('bop_dt 6'!$J$224,0,N$1,1,N$2)) -> 0 | O32: =SUM(OFFSET('bop_dt 6'!$J$224,0,O$1,1,O$2)) -> 0 | P32: =SUM(OFFSET('bop_dt 6'!$J$224,0,P$1,1,P$2)) -> 0 | Q32: =SUM(OFFSET('bop_dt 6'!$J$224,0,Q$1,1,Q$2)) -> 278.28419 | R32: =(J32+K32+L32+M32+N32)=SUM(#REF!) -> #REF!
A34: Direct investments | B34: Прямые инвестиции | C34: Тике инвестициялар | D34: =SUM(#REF!) -> #REF! | E34: =SUM(#REF!) -> #REF! | F34: =SUM(OFFSET(#REF!,0,F$1,1,4)) -> #REF! | G34: =SUM(OFFSET(#REF!,0,G$1,1,G$2)) -> #REF! | H34: =SUM(OFFSET(#REF!,0,H$1,1,H$2)) -> #REF! | I34: =SUM(OFFSET(#REF!,0,I$1,1,I$2)) -> #REF! | J34: =SUM(OFFSET(#REF!,0,J$1,1,J$2)) -> #REF! | K34: =SUM(OFFSET(#REF!,0,K$1,1,K$2)) -> #REF! | L34: =SUM(OFFSET(#REF!,0,L$1,1,L$2)) -> #REF! | M34: =SUM(OFFSET('bop_dt 6'!$J$226,0,M$1,1,M$2)) -> 0 | N34: =SUM(OFFSET('bop_dt 6'!$J$226,0,N$1,1,N$2)) -> 0 | O34: =SUM(OFFSET('bop_dt 6'!$J$226,0,O$1,1,O$2)) -> 0 | P34: =SUM(OFFSET('bop_dt 6'!$J$226,0,P$1,1,P$2)) -> 0 | Q34: =SUM(OFFSET('bop_dt 6'!$J$226,0,Q$1,1,Q$2)) -> 419.6166 | R34: =(J34+K34+L34+M34+N34)=SUM(#REF!) -> #REF!
A36: Portfolio investments | B36: Портфельные инвест. | C36: Портфельдик инвестициялар | D36: =SUM(#REF!) -> #REF! | E36: =SUM(#REF!) -> #REF! | F36: =SUM(OFFSET(#REF!,0,F$1,1,4)) -> #REF! | G36: =SUM(OFFSET(#REF!,0,G$1,1,G$2)) -> #REF! | H36: =SUM(OFFSET(#REF!,0,H$1,1,H$2)) -> #REF! | I36: =SUM(OFFSET(#REF!,0,I$1,1,I$2)) -> #REF! | J36: =SUM(OFFSET(#REF!,0,J$1,1,J$2)) -> #REF! | K36: =SUM(OFFSET(#REF!,0,K$1,1,K$2)) -> #REF! | L36: =SUM(OFFSET(#REF!,0,L$1,1,L$2)) -> #REF! | M36: =SUM(OFFSET('bop_dt 6'!$J$243,0,M$1,1,M$2)) -> 0 | N36: =SUM(OFFSET('bop_dt 6'!$J$243,0,N$1,1,N$2)) -> 0 | O36: =SUM(OFFSET('bop_dt 6'!$J$243,0,O$1,1,O$2)) -> 0 | P36: =SUM(OFFSET('bop_dt 6'!$J$243,0,P$1,1,P$2)) -> 0 | Q36: =SUM(OFFSET('bop_dt 6'!$J$243,0,Q$1,1,Q$2)) -> -15.224018
A38: Other investments | B38: Другие инвестиции | C38: Башка инвестициялар | D38: =SUM(#REF!) -> #REF! | E38: =SUM(#REF!) -> #REF! | F38: =SUM(OFFSET(#REF!,0,F$1,1,4)) -> #REF! | G38: =SUM(OFFSET(#REF!,0,G$1,1,G$2)) -> #REF! | H38: =SUM(OFFSET(#REF!,0,H$1,1,H$2)) -> #REF! | I38: =SUM(OFFSET(#REF!,0,I$1,1,I$2)) -> #REF! | J38: =SUM(OFFSET(#REF!,0,J$1,1,J$2)) -> #REF! | K38: =SUM(OFFSET(#REF!,0,K$1,1,K$2)) -> #REF! | L38: =SUM(OFFSET(#REF!,0,L$1,1,L$2)) -> #REF! | M38: =SUM(OFFSET('bop_dt 6'!$J$269,0,M$1,1,M$2)) -> 0 | N38: =SUM(OFFSET('bop_dt 6'!$J$269,0,N$1,1,N$2)) -> 0 | O38: =SUM(OFFSET('bop_dt 6'!$J$269,0,O$1,1,O$2)) -> 0 | P38: =SUM(OFFSET('bop_dt 6'!$J$269,0,P$1,1,P$2)) -> 0 | Q38: =SUM(OFFSET('bop_dt 6'!$J$269,0,Q$1,1,Q$2)) -> -189.38994 | R38: =(J38+K38+L38+M38+N38)=SUM(#REF!) -> #REF!
A40: Short-term capital | B40: Краткосрочный капитал | C40: Кыска мooнoттyк капитал | D40: =D32-D34-D42 -> #REF! | E40: =E32-E34-E42 -> #REF! | F40: =F32-F34-F42 -> #REF! | G40: =G32-G34-G42 -> #REF! | H40: =H32-H34-H42 -> #REF! | I40: =I32-I34-I42 -> #REF! | J40: =J32-J34-J42 -> #REF! | K40: =K32-K34-K42 -> #REF! | ... Q40: =Q32-Q34-Q42 -> -478.16601
A42: Net credit's income | B42: Чистый приток кредитов | C42: Кредиттердин таза агымы | D42: =SUM(#REF!) -> #REF! | E42: =SUM(#REF!) -> #REF! | F42: =SUM(OFFSET(#REF!,0,F$1,1,4)) -> #REF! | G42: =SUM(OFFSET(#REF!,0,G$1,1,G$2)) -> #REF! | H42: =SUM(OFFSET(#REF!,0,H$1,1,H$2)) -> #REF! | I42: =SUM(OFFSET(#REF!,0,I$1,1,I$2)) -> #REF! | J42: =SUM(OFFSET(#REF!,0,J$1,1,J$2)) -> #REF! | K42: =SUM(OFFSET(#REF!,0,K$1,1,K$2)) -> #REF! | L42: =SUM(OFFSET(#REF!,0,L$1,1,L$2)) -> #REF! | M42: =SUM(OFFSET('bop_dt 6'!$J$7,0,M$1,1,M$2)) -> 0 | N42: =SUM(OFFSET('bop_dt 6'!$J$7,0,N$1,1,N$2)) -> 0 | O42: =SUM(OFFSET('bop_dt 6'!$J$7,0,O$1,1,O$2)) -> 0 | P42: =SUM(OFFSET('bop_dt 6'!$J$7,0,P$1,1,P$2)) -> 0 | Q42: =SUM(OFFSET('bop_dt 6'!$J$7,0,Q$1,1,Q$2)) -> 336.8336
A44: Financing | B44: Финансирование | C44: Каржылоо | D44: =SUM(#REF!) -> #REF! | E44: =SUM(#REF!) -> #REF! | F44: =SUM(OFFSET(#REF!,0,F$1,1,4)) -> #REF! | G44: =SUM(OFFSET(#REF!,0,G$1,1,G$2)) -> #REF! | H44: =SUM(OFFSET(#REF!,0,H$1,1,H$2)) -> #REF! | I44: =SUM(OFFSET(#REF!,0,I$1,1,I$2)) -> #REF! | J44: =SUM(OFFSET(#REF!,0,J$1,1,J$2)) -> #REF! | K44: =SUM(OFFSET(#REF!,0,K$1,1,K$2)) -> #REF! | L44: =SUM(OFFSET(#REF!,0,L$1,1,L$2)) -> #REF! | M44: =SUM(OFFSET('bop_dt 6'!$J$7,0,M$1,1,M$2)) -> 0 | N44: =SUM(OFFSET('bop_dt 6'!$J$7,0,N$1,1,N$2)) -> 0 | O44: =SUM(OFFSET('bop_dt 6'!$J$7,0,O$1,1,O$2)) -> 0 | P44: =SUM(OFFSET('bop_dt 6'!$J$7,0,P$1,1,P$2)) -> 0 | Q44: =SUM(OFFSET('bop_dt 6'!$J$7,0,Q$1,1,Q$2)) -> 336.8336 | R44: =(I44+J44+K44+L44+M44)=SUM(#REF!) -> #REF!
B47: ВВП | C47: ИДП | D47: =SUM(#REF!) -> #REF! | E47: =SUM(#REF!) -> #REF! | F47: =SUM(OFFSET(#REF!,0,F$1,1,4)) -> #REF! | G47: =SUM(OFFSET(#REF!,0,G$1,1,G$2)) -> #REF! | H47: =SUM(OFFSET(#REF!,0,H$1,1,H$2)) -> #REF! | I47: =SUM(OFFSET(#REF!,0,I$1,1,I$2)) -> #REF! | J47: =SUM(OFFSET(#REF!,0,J$1,1,J$2)) -> #REF! | K47: =SUM(OFFSET(#REF!,0,K$1,1,K$2)) -> #REF! | L47: =SUM(OFFSET(#REF!,0,L$1,1,L$2)) -> #REF! | M47: =SUM(OFFSET('bop_dt 6'!$J$7,0,M$1,1,M$2)) -> 0 | N47: =SUM(OFFSET('bop_dt 6'!$J$7,0,N$1,1,N$2)) -> 0 | O47: =SUM(OFFSET('bop_dt 6'!$J$7,0,O$1,1,O$2)) -> 0 | P47: =SUM(OFFSET('bop_dt 6'!$J$7,0,P$1,1,P$2)) -> 0 | Q47: =SUM(OFFSET('bop_dt 6'!$J$7,0,Q$1,1,Q$2)) -> 336.8336 | R47: =(I47+J47+K47+L47+M47)=SUM(#REF!) -> #REF!
A49: Current Account balance | B49: =B5 -> Сальдо счета текущих операций | C49: Кщндёлщк операциялардын счетунун сальдосу | D49: =D5/D47*100 -> #REF! | E49: =E5/E47*100 -> #REF! | F49: =F5/F47*100 -> #REF! | G49: =G5/G47*100 -> #REF! | H49: =H5/H47*100 -> #REF! | I49: =I5/I47*100 -> #REF! | J49: =J5/J47*100 -> #REF! | K49: =K5/K47*100 -> #REF! | ... Q49: =Q5/Q47*100 -> 100
A50: Trade balance | B50: =B6 -> Торговый баланс | C50: Соода балансы | D50: =D6/D$47*100 -> #REF! | E50: =E6/E$47*100 -> #REF! | F50: =F6/F$47*100 -> #REF! | G50: =G6/G$47*100 -> #REF! | H50: =H6/H$47*100 -> #REF! | I50: =I6/I$47*100 -> #REF! | J50: =J6/J$47*100 -> #REF! | K50: =K6/K$47*100 -> #REF! | ... Q50: =Q6/Q$47*100 -> -276.36013
A51: Export of goods (f.o.b.) | B51: =B7 -> Чистый экспорт потребительских товаров | C51: Товарлардын экспорту (ФОБ) | D51: =D7/D$47*100 -> #REF! | E51: =E7/E$47*100 -> #REF! | F51: =F7/F$47*100 -> #REF! | G51: =G7/G$47*100 -> #VALUE! | H51: =H7/H$47*100 -> #VALUE! | I51: =I7/I$47*100 -> #VALUE! | J51: =J7/J$47*100 -> #REF! | K51: =K7/K$47*100 -> #REF! | ... Q51: =Q7/Q$47*100 -> -345.14013
A52: CIS | B52: =B8 -> Экспорт товаров (ФОБ) | C52: КМШ | D52: =D8/D$47*100 -> #REF! | E52: =E8/E$47*100 -> #REF! | F52: =F8/F$47*100 -> #REF! | G52: =G8/G$47*100 -> #REF! | H52: =H8/H$47*100 -> #REF! | I52: =I8/I$47*100 -> #REF! | J52: =J8/J$47*100 -> #REF! | K52: =K8/K$47*100 -> #REF! | ... Q52: =Q8/Q$47*100 -> 463.90083
A53: Import of goods (f.o.b) | B53: =B9 -> Экспорт потребительских товаров | C53: Товарлардын импорту (ФОБ) | D53: =D9/D$47*100 -> #REF! | E53: =E9/E$47*100 -> #REF! | F53: =F9/F$47*100 -> #REF! | G53: =G9/G$47*100 -> #VALUE! | H53: =H9/H$47*100 -> #VALUE! | I53: =I9/I$47*100 -> #VALUE! | J53: =J9/J$47*100 -> #REF! | K53: =K9/K$47*100 -> #REF! | ... Q53: =Q9/Q$47*100 -> 128.30596
A54: CIS | B54: =B10 -> Импорт товаров (ФОБ) | C54: КМШ | D54: =D10/D$47*100 -> #REF! | E54: =E10/E$47*100 -> #REF! | F54: =F10/F$47*100 -> #REF! | G54: =G10/G$47*100 -> #REF! | H54: =H10/H$47*100 -> #REF! | I54: =I10/I$47*100 -> #REF! | J54: =J10/J$47*100 -> #REF! | K54: =K10/K$47*100 -> #REF! | ... Q54: =Q10/Q$47*100 -> 740.26096
A55: Net export of consumer goods | B55: =B11 -> Импорт потребительских товаров | C55: Êåðåêò¸¸ òîâàðëàðûíûí òàçà ýêñïîðòó | D55: =D11/D$47*100 -> #REF! | E55: =E11/E$47*100 -> #REF! | F55: =F11/F$47*100 -> #REF! | G55: =G11/G$47*100 -> #VALUE! | H55: =H11/H$47*100 -> #VALUE! | I55: =I11/I$47*100 -> #VALUE! | J55: =J11/J$47*100 -> #REF! | K55: =K11/K$47*100 -> #REF! | ... Q55: =Q11/Q$47*100 -> 473.44609
C56: Êåðåêò¸¸ òîâàðëàðûíûí ýêñïîðòó
A57: External turnover | B57: =B13 -> Внешний товарооборот | C57: Тышкы товарлардын жъгъртъъсъ | D57: =D13/D$47*100 -> #REF! | E57: =E13/E$47*100 -> #REF! | F57: =F13/F$47*100 -> #REF! | G57: =G13/G$47*100 -> #REF! | H57: =H13/H$47*100 -> #REF! | I57: =I13/I$47*100 -> #REF! | J57: =J13/J$47*100 -> #REF! | K57: =K13/K$47*100 -> #REF! | ... Q57: =Q13/Q$47*100 -> 1204.1618
A58: Balance of services and income | B58: =B14 -> Баланс услуг и доходов | C58: Кызмат кёрсётъълёр жана кирешелер балансы | D58: =D14/D$47*100 -> #REF! | E58: =E14/E$47*100 -> #REF! | F58: =F14/F$47*100 -> #REF! | G58: =G14/G$47*100 -> #REF! | H58: =H14/H$47*100 -> #REF! | I58: =I14/I$47*100 -> #REF! | J58: =J14/J$47*100 -> #REF! | K58: =K14/K$47*100 -> #REF! | ... Q58: =Q14/Q$47*100 -> 158.3538
A60: Services balance | B60: =B16 -> Баланс услуг | C60: Кызмат кёрсётщщлёр балансы | D60: =D16/D$47*100 -> #REF! | E60: =E16/E$47*100 -> #REF! | F60: =F16/F$47*100 -> #REF! | G60: =G16/G$47*100 -> #REF! | H60: =H16/H$47*100 -> #REF! | I60: =I16/I$47*100 -> #REF! | J60: =J16/J$47*100 -> #REF! | K60: =K16/K$47*100 -> #REF! | ... Q60: =Q16/Q$47*100 -> 232.71252
A61: Export of services | B61: =B17 -> Экспорт услуг | C61: Кызмат кёрсётщщлёр экспорту | D61: =D17/D$47*100 -> #REF! | E61: =E17/E$47*100 -> #REF! | F61: =F17/F$47*100 -> #REF! | G61: =G17/G$47*100 -> #REF! | H61: =H17/H$47*100 -> #REF! | I61: =I17/I$47*100 -> #REF! | J61: =J17/J$47*100 -> #REF! | K61: =K17/K$47*100 -> #REF! | ... Q61: =Q17/Q$47*100 -> 97.552298
A62: Import of services | B62: =B18 -> Импорт услуг | C62: Кызмат кёрсётщщлёр импорту | D62: =D18/D$47*100 -> #REF! | E62: =E18/E$47*100 -> #REF! | F62: =F18/F$47*100 -> #REF! | G62: =G18/G$47*100 -> #REF! | H62: =H18/H$47*100 -> #REF! | I62: =I18/I$47*100 -> #REF! | J62: =J18/J$47*100 -> #REF! | K62: =K18/K$47*100 -> #REF! | ... Q62: =Q18/Q$47*100 -> 135.16023
A63: Import of services | B63: =B19 -> Импорт услуг | C63: Кызмат кёрсётщщлёр импорту | D63: =D19/D$47*100 -> #REF! | E63: =E19/E$47*100 -> #REF! | F63: =F19/F$47*100 -> #REF! | G63: =G19/G$47*100 -> #REF! | H63: =H19/H$47*100 -> #REF! | I63: =I19/I$47*100 -> #REF! | J63: =J19/J$47*100 -> #REF! | K63: =K19/K$47*100 -> #REF! | ... Q63: =Q19/Q$47*100 -> -135.16023
A65: Trade & services balance | B65: =B21 -> Баланс товаров и услуг | C65: Товарлардын жана кызмат кёрсётъълёрдън балансы | D65: =D21/D$47*100 -> #REF! | E65: =E21/E$47*100 -> #REF! | F65: =F21/F$47*100 -> #REF! | G65: =G21/G$47*100 -> #REF! | H65: =H21/H$47*100 -> #REF! | I65: =I21/I$47*100 -> #REF! | J65: =J21/J$47*100 -> #REF! | K65: =K21/K$47*100 -> #REF! | ... Q65: =Q21/Q$47*100 -> -43.647605
A67: Income balance | B67: =B23 -> Баланс первичных доходов | C67: Кирешелер балансы | D67: =D23/D$47*100 -> #REF! | E67: =E23/E$47*100 -> #REF! | F67: =F23/F$47*100 -> #REF! | G67: =G23/G$47*100 -> #REF! | H67: =H23/H$47*100 -> #REF! | I67: =I23/I$47*100 -> #REF! | J67: =J23/J$47*100 -> #REF! | K67: =K23/K$47*100 -> #REF! | ... Q67: =Q23/Q$47*100 -> -74.358726
A69: Current transfers | B69: =B25 -> Текущие трансферты | C69: Êùíä¸ëùê òðàíñôåðòòåð | D69: =D25/D$47*100 -> #REF! | E69: =E25/E$47*100 -> #REF! | F69: =F25/F$47*100 -> #REF! | G69: =G25/G$47*100 -> #REF! | H69: =H25/H$47*100 -> #REF! | I69: =I25/I$47*100 -> #REF! | J69: =J25/J$47*100 -> #REF! | K69: =K25/K$47*100 -> #REF! | ... Q69: =Q25/Q$47*100 -> 100
A70: Remittances | B70: =B26 -> Денежные переводы работающих | C70: Акча которуулар | D70: =D26/D$47*100 -> #REF! | E70: =E26/E$47*100 -> #REF! | F70: =F26/F$47*100 -> #REF! | G70: =G26/G$47*100 -> #VALUE! | H70: =H26/H$47*100 -> #VALUE! | I70: =I26/I$47*100 -> #VALUE! | J70: =J26/J$47*100 -> #VALUE! | K70: =K26/K$47*100 -> #REF! | ... Q70: =Q26/Q$47*100 -> 588.23092
A72: Capital and Financial Account | B72: =B28 -> Счет операций с капиталом и финансовых операций | C72: Капитал менен операциялардын жана финансы операцияларынын счету | D72: =D28/D$47*100 -> #REF! | E72: =E28/E$47*100 -> #REF! | F72: =F28/F$47*100 -> #REF! | G72: =G28/G$47*100 -> #REF! | H72: =H28/H$47*100 -> #REF! | I72: =I28/I$47*100 -> #REF! | J72: =J28/J$47*100 -> #REF! | K72: =K28/K$47*100 -> #REF! | ... Q72: =Q28/Q$47*100 -> 100
A74: Capital account | B74: =B30 -> Сальдо счета операций с капиталом | C74: Капитал менен операциялардын счету | D74: =D30/D$47*100 -> #REF! | E74: =E30/E$47*100 -> #REF! | F74: =F30/F$47*100 -> #REF! | G74: =G30/G$47*100 -> #REF! | H74: =H30/H$47*100 -> #REF! | I74: =I30/I$47*100 -> #REF! | J74: =J30/J$47*100 -> #REF! | K74: =K30/K$47*100 -> #REF! | ... Q74: =Q30/Q$47*100 -> 13.865695
... A88: Financing | B88: =B44 -> Финансирование | C88: Каржылоо | D88: =D44/D$47*100 -> #REF! | E88: =E44/E$47*100 -> #REF! | F88: =F44/F$47*100 -> #REF! | G88: =G44/G$47*100 -> #REF! | H88: =H44/H$47*100 -> #REF! | I88: =I44/I$47*100 -> #REF! | J88: =J44/J$47*100 -> #REF! | K88: =K44/K$47*100 -> #REF! | ... Q88: =Q44/Q$47*100 -> 100
B92: Функциональное распределение | G92: 0 | H92: =G92+5+12 -> 17 | I92: =H92+5+12 -> 34 | J92: =I92+5+12 -> 51 | K92: =J92+5+12 -> 68 | L92: =K92+5+12 -> 85 | M92: =L92+5+12 -> 102 | N92: =M92+5+12 -> 119 | O92: =N92+5+12 -> 136 | ... Q92: =P92+5+12 -> 170
B93: Денежные переводы | G93: 0 | H93: 7 | I93: =H93+7 -> 14 | J93: =I93+7 -> 21 | K93: =J93+7 -> 28 | L93: =K93+7 -> 35 | M93: =L93+7 -> 42 | N93: =M93+7 -> 49 | O93: =N93+7 -> 56 | P93: =O93+7 -> 63 | Q93: =P93+7 -> 70
G94: =4-G95 -> 2 | H94: =4-H95 -> 2 | I94: =4-I95 -> 2 | J94: =4-J95 -> 2 | K94: =4-K95 -> 2 | L94: =4-L95 -> 2 | M94: =4-M95 -> 2 | N94: =4-N95 -> 2 | ... Q94: =4-Q95 -> 2
G95: =$F$1 -> 2 | H95: =$F$1 -> 2 | I95: =$F$1 -> 2 | J95: =$F$1 -> 2 | K95: =$F$1 -> 2 | L95: =$F$1 -> 2 | M95: =$F$1 -> 2 | N95: =$F$1 -> 2 | ... Q95: =$F$1 -> 2

Sheet КРТТ_маалыматтар
C29: Файлда төлөм теңдеми боюнча маалыматтар камтылат
D30: Төлөм теңдеми боюнча отчёттун толук PDF-версиясы Кыргыз Республикасынын Улуттук банкынын сайтында жайгаштырылган:
F32: www.nbkr.kg/Басылмалар
D34: Кызыктырган суроолор боюнча mabdubachaev@nbkr.kg электрондук дарегине, же (+996 312) 61-09-21, 61-02-95 телефондору боюнча кайрылууга болот

Sheet Мазмуну
D5: Мазмуну
D7: 1 | E7: I.1. | F7: Кыргыз Республикасынын төлөм теңдеми (нейтралдуу берүүдө)
D8: 2 | E8: I.2. | F8: ТЭИТНдин бөлүктөрү боюнча экспорттун бөлүштүрүлүшү
D9: 3 | E9: I.3. | F9: ЭССКнын бөлүктөрү боюнча экспорттун бөлүштүрүлүшү
D10: 4 | E10: I.4. | F10: ТЭИТНдин бөлүктөрү боюнча импорттун бөлүштүрүлүшү
D11: 5 | E11: I.5. | F11: ЭССКнын бөлүктөрү боюнча импорттун бөлүштүрүлүшү
D12: 6 | E12: I.6. | F12: Экспорттун функционалдык бөлүштүрүлүшү
D13: 7 | E13: I.7. | F13: Экспорттун географиялык бөлүштүрүлүшү
D14: 8 | E14: I.8. | F14: Импорттун функционалдык бөлүштүрүлүшү
D15: 9 | E15: I.9. | F15: Импорттун географиялык бөлүштүрүлүшү
D16: 10 | E16: I.10. | F16: Продукциялардын негизги түрлөрүнүн экспорту
D17: 11 | E17: I.11. | F17: Продукциялардын негизги түрлөрүнүн импорту
D18: 12 | E18: I.12. | F18: Баа индекстери жана экспорттун айкын көлөмү
... D47: 41 | E47: I.41. | F47: Кыргыз Республикасынын чет өлкө активдеринин жана милдеттенмелеринин динамикасы

Sheet КРТТ (нейтралдуу берүүдө)
A1: I.1-таблица. Кыргыз Республикасынын төлөм теңдеми (нейтралдуу берүүдө)
A2: (млн АКШ долларында)
B3: 2021 | C3: 2022 | D3: 2023 | E3: 2024 | F3: 2024 | G3: 2025 | H3: 2025 | I3: 2024 | N3: 2025
F4: I ж/ж 24 | G4: I ж/ж 25 | I4: I | J4: II | K4: III | L4: IV | N4: I | O4: II
A5: Күндөлүк операциялар эсеби | B5: -737.69589 | C5: -5142.7206 | D5: -6820.4741 | E5: -4111.9767 | F5: -3974.3801 | G5: -3036.6403 | I5: -2333.0125 | J5: -1641.3677 | K5: -590.8499 | L5: 453.25332 | N5: -1222.7763 | O5: -1813.864
A6: Товарлар жана кызмат көрсөтүүлөр экспорту, төлөнгөн баштапкы жана экинчилик кирешелер | B6: 6406.45 | C6: 7039.9277 | D6: 8496.9248 | E6: 11824.565 | F6: 4573.5651 | G6: 4534.5482 | I6: 1993.4153 | J6: 2580.1498 | K6: 3478.8457 | L6: 3772.1543 | N6: 2092.7623 | O6: 2441.7859
A7: Товарлардын жана кызмат көрсөтүүлөрдүн импорту, төлөнгөн баштапкы жана экинчилик кирешелер | B7: 7144.1459 | C7: 12182.648 | D7: 15317.399 | E7: 15936.542 | F7: 8547.9452 | G7: 7571.1885 | I7: 4326.4278 | J7: 4221.5175 | K7: 4069.6956 | L7: 3318.901 | N7: 3315.5386 | O7: 4255.6499
A8: Товарлар жана кызмат көрсөтүүлөр | B8: -2636.0322 | C8: -7027.2421 | D8: -8936.8745 | E8: -6644.3268 | F8: -4870.9575 | G8: -4415.6502 | I8: -2773.3139 | J8: -2097.6436 | K8: -1165.1219 | L8: -608.24741 | N8: -1900.6881 | O8: -2514.962
A9: экспорт | B9: 3291.8742 | C9: 3628.1364 | D9: 5516.4931 | E9: 8453.8029 | F9: 3009.2307 | G9: 2669.701 | I9: 1229.7279 | J9: 1779.5028 | K9: 2537.0462 | L9: 2907.526 | N9: 1245.2029 | O9: 1424.4981
A10: импорт | B10: 5927.9064 | C10: 10655.379 | D10: 14453.368 | E10: 15098.13 | F10: 7880.1882 | G10: 7085.3512 | I10: 4003.0418 | J10: 3877.1464 | K10: 3702.1681 | L10: 3515.7734 | N10: 3145.8911 | O10: 3939.4601
A11: Товарлар 1 | B11: -2418.072 | C11: -6918.7268 | D11: -8285.6443 | E11: -6534.0775 | F11: -4720.7585 | G11: -4704.0453 | I11: -2591.5893 | J11: -2129.1691 | K11: -1218.9527 | L11: -594.3664 | N11: -2188.6718 | O11: -2515.3735
A12: экспорт | B12: 2770.0643 | C12: 2253.3455 | D12: 3379.4648 | E12: 5136.1884 | F12: 1420.0968 | G12: 1085.8831 | I12: 571.62306 | J12: 848.47375 | K12: 1447.4345 | L12: 2268.657 | N12: 523.26588 | O12: 562.61718
A13: импорт | B13: 5188.1363 | C13: 9172.0723 | D13: 11665.109 | E13: 11670.266 | F13: 6140.8553 | G13: 5789.9284 | I13: 3163.2124 | J13: 2977.6429 | K13: 2666.3872 | L13: 2863.0234 | N13: 2711.9377 | O13: 3077.9907
A14: Төлөм теңдеми методологиясы боюнча товарлардын экспорту/импорту | B14: -3831.0912 | C14: -6931.7917 | D14: -9569.9771 | E14: -9040.2011 | F14: -5126.5124 | G14: -4880.8373 | I14: -2731.3018 | J14: -2395.2106 | K14: -1667.1325 | L14: -2246.5562 | N14: -2242.3767 | O14: -2638.4607
A15: экспорт | B15: 1357.0451 | C15: 2240.2806 | D15: 2095.1321 | E15: 2630.0648 | F15: 1014.3428 | G15: 909.09105 | I15: 431.91062 | J15: 582.43222 | K15: 999.25469 | L15: 616.4673 | N15: 469.56101 | O15: 439.53004
A16: импорт | B16: 5188.1363 | C16: 9172.0723 | D16: 11665.109 | E16: 11670.266 | F16: 6140.8553 | G16: 5789.9284 | I16: 3163.2124 | J16: 2977.6429 | K16: 2666.3872 | L16: 2863.0234 | N16: 2711.9377 | O16: 3077.9907
A17: анын ичинде Реэкспорт | B17: 113.75588 | C17: 154.73428 | D17: 150.73624 | E17: 170.77876 | F17: 85.827659 | G17: 103.15291 | I17: 32.344221 | J17: 53.483438 | K17: 53.032725 | L17: 31.91838 | N17: 34.337524 | O17: 68.815388
A18: Чет өлкөдө товарларды кайра сатуунун алкагында товарлардын таза экспорту | B18: — | C18: — | D18: — | E18: — | F18: — | G18: — | I18: 0 | J18: 0 | K18: 0 | L18: 0 | N18: 0 | O18: 0
A19: Монетардык эмес алтын | B19: 1413.0193 | C19: 13.064926 | D19: 1284.3328 | E19: 2506.1236 | F19: 405.75396 | G19: 176.792 | I19: 139.71244 | J19: 266.04152 | K19: 448.17986 | L19: 1652.1898 | N19: 53.704871 | O19: 123.08713
A20: экспорт | B20: 1413.0193 | C20: 13.064926 | D20: 1284.3328 | E20: 2506.1236 | F20: 405.75396 | G20: 176.792 | I20: 139.71244 | J20: 266.04152 | K20: 448.17986 | L20: 1652.1898 | N20: 53.704871 | O20: 123.08713
A21: импорт | B21: — | C21: — | D21: — | E21: — | F21: — | G21: — | I21: 0 | J21: 0 | K21: 0 | L21: 0 | N21: 0 | O21: 0
A22: Кызмат көрсөтүүлөр | B22: -217.96027 | C22: -108.51533 | D22: -651.23012 | E22: -110.24929 | F22: -150.19901 | G22: 288.39517 | I22: -181.72455 | J22: 31.525536 | K22: 53.830732 | L22: -13.881012 | N22: 287.98369 | O22: 0.411484
A23: экспорт | B23: 521.80986 | C23: 1374.7909 | D23: 2137.0283 | E23: 3317.6145 | F23: 1589.1339 | G23: 1583.818 | I23: 658.10484 | J23: 931.02904 | K23: 1089.6117 | L23: 638.86894 | N23: 721.93707 | O23: 861.88092
A24: импорт | B24: 739.77013 | C24: 1483.3062 | D24: 2788.2584 | E24: 3427.8638 | F24: 1739.3329 | G24: 1295.4228 | I24: 839.82938 | J24: 899.50351 | K24: 1035.7809 | L24: 652.74995 | N24: 433.95338 | O24: 861.46944
A25: Башка тараптарга таандык материалдык ресурстарды иштеп чыгуу боюнча кызмат көрсөтүүлөр | B25: — | C25: — | D25: — | E25: — | F25: — | G25: — | I25: 0 | J25: 0 | K25: 0 | L25: 0 | N25: 0 | O25: 0
A26: экспорт | B26: — | C26: — | D26: — | E26: — | F26: — | G26: — | I26: 0 | J26: 0 | K26: 0 | L26: 0 | N26: 0 | O26: 0
A27: импорт | B27: — | C27: — | D27: — | E27: — | F27: — | G27: — | I27: 0 | J27: 0 | K27: 0 | L27: 0 | N27: 0 | O27: 0
A28: Кыргыз Республикасында кайра иштетүү үчүн товарлар (кайра иштетүүдөн кийин кайтарылган товарлар - экспорт, кайра иштетүү үчүн алынган товарлар - импорт) | B28: 0.364262 | C28: -0.250644 | D28: -1.829905 | E28: -1.349997 | F28: -1.704854 | G28: 0.56797 | I28: 0.273296 | J28: -1.97815 | K28: 0.427174 | L28: -0.072317 | N28: 0.323779 | O28: 0.244191
A29: экспорт | B29: 1.553817 | C29: 2.166036 | D29: 4.457544 | E29: 3.421286 | F29: 1.812651 | G29: 5.013986 | I29: 0.951729 | J29: 0.860922 | K29: 0.610395 | L29: 0.99824 | N29: 1.35685 | O29: 3.657136
A30: импорт | B30: 1.189555 | C30: 2.41668 | D30: 6.287449 | E30: 4.771283 | F30: 3.517505 | G30: 4.446016 | I30: 0.678433 | J30: 2.839072 | K30: 0.183221 | L30: 1.070557 | N30: 1.033071 | O30: 3.412945
A31: Чет өлкөдө кайра иштетүү үчүн товарлар (кайра иштетүүгө жөнөтүлгөн товарлар - экспорт, кайра иштетүүдөн кийин кайтарылган товарлар - импорт) | B31: -1.996941 | C31: -0.567133 | D31: 0.052443 | E31: -0.41284 | F31: 0.10868 | G31: -0.184588 | I31: 0.769966 | J31: -0.661286 | K31: -0.153375 | L31: -0.368145 | N31: -0.329935 | O31: 0.145347
A32: экспорт | B32: 7.250183 | C32: 2.2054 | D32: 1.078533 | E32: 2.170551 | F32: 1.032245 | G32: 1.545672 | I32: 0.947146 | J32: 0.085099 | K32: 0.618081 | L32: 0.520225 | N32: 0.123572 | O32: 1.4221
A33: импорт | B33: 9.247124 | C33: 2.772533 | D33: 1.02609 | E33: 2.583391 | F33: 0.923565 | G33: 1.73026 | I33: 0.17718 | J33: 0.746385 | K33: 0.771456 | L33: 0.88837 | N33: 0.453507 | O33: 1.276753
A34: Башка категорияларда камтылбаган, оңдоо жана техникалык тейлөө боюнча кызмат көрсөтүүлөр | B34: — | C34: — | D34: — | E34: — | F34: — | G34: — | I34: 0 | J34: 0 | K34: 0 | L34: 0 | N34: 0 | O34: 0
A35: экспорт | B35: — | C35: — | D35: — | E35: — | F35: — | G35: — | I35: 0 | J35: 0 | K35: 0 | L35: 0 | N35: 0 | O35: 0
A36: импорт | B36: — | C36: — | D36: — | E36: — | F36: — | G36: — | I36: 0 | J36: 0 | K36: 0 | L36: 0 | N36: 0 | O36: 0
A37: Транспорттук кызмат көрсөтүүлөр | B37: -293.406 | C37: -547.44585 | D37: -824.59765 | E37: -654.35977 | F37: -309.21124 | G37: -118.89543 | I37: -230.44065 | J37: -78.770584 | K37: -179.02677 | L37: -166.12177 | N37: 23.15317 | O37: -142.0486
A38: экспорт | B38: 203.73222 | C38: 364.83695 | D38: 388.49792 | E38: 593.2143 | F38: 351.89741 | G38: 235.8002 | I38: 102.86775 | J38: 249.02966 | K38: 131.62537 | L38: 109.69152 | N38: 96.501797 | O38: 139.2984
A39: импорт | B39: 497.13822 | C39: 912.2828 | D39: 1213.0956 | E39: 1247.5741 | F39: 661.10865 | G39: 354.69563 | I39: 333.3084 | J39: 327.80024 | K39: 310.65213 | L39: 275.81329 | N39: 73.348627 | O39: 281.347
A40: Жүргүнчүлөрдү ташуу үчүн | B40: -89.445923 | C40: -170.58547 | D40: -234.47106 | E40: -129.36914 | F40: -20.670117 | G40: -60.303519 | I40: -60.930772 | J40: 40.260655 | K40: -52.497702 | L40: -56.201318 | N40: -1.0646791 | O40: -59.23884
A41: экспорт | B41: 51.540444 | C41: 71.280681 | D41: 64.708944 | E41: 166.28504 | F41: 134.84364 | G41: 24.716362 | I41: 18.205787 | J41: 116.63785 | K41: 16.911492 | L41: 14.529912 | N41: 7.9359396 | O41: 16.780423
A42: импорт | B42: 140.98637 | C42: 241.86615 | D42: 299.18001 | E42: 295.65418 | F42: 155.51375 | G42: 85.019882 | I42: 79.136559 | J42: 76.377195 | K42: 69.409195 | L42: 70.73123 | N42: 9.0006187 | O42: 76.019263
A43: Жүк ташуу үчүн | B43: -92.115844 | C43: -160.56722 | D43: -251.90868 | E43: -216.57091 | F43: -109.52506 | G43: 18.524668 | I43: -62.935287 | J43: -46.589775 | K43: -68.355931 | L43: -38.689921 | N43: 38.222392 | O43: -19.697724
A44: экспорт | B44: 84.349088 | C44: 176.31745 | D44: 162.94875 | E44: 268.96884 | F44: 125.60496 | G44: 153.3555 | I44: 51.284186 | J44: 74.32077 | K44: 72.418685 | L44: 70.945194 | N44: 66.210552 | O44: 87.144946
A45: импорт | B45: 176.46493 | C45: 336.88467 | D45: 414.85743 | E45: 485.53975 | F45: 235.13002 | G45: 134.83083 | I45: 114.21947 | J45: 120.91055 | K45: 140.77462 | L45: 109.63512 | N45: 27.98816 | O45: 106.84267
A46: Жана башка | B46: -113.96547 | C46: -216.03376 | D46: -337.70168 | E46: -308.06509 | F46: -178.76654 | G46: -75.990021 | I46: -106.4644 | J46: -72.302141 | K46: -58.048018 | L46: -71.250532 | N46: -13.89205 | O46: -62.097971
A47: экспорт | B47: 65.014713 | C47: 116.62159 | D47: 160.71039 | E47: 157.38026 | F47: 91.258991 | G47: 56.62773 | I47: 33.329386 | J47: 57.929604 | K47: 42.136008 | L47: 23.98526 | N47: 22.243319 | O47: 34.384411
A48: импорт | B48: 178.98019 | C48: 332.65535 | D48: 498.41207 | E48: 465.44535 | F48: 270.02553 | G48: 132.61775 | I48: 139.79378 | J48: 130.23175 | K48: 100.18403 | L48: 95.235792 | N48: 36.13537 | O48: 96.482381
... A60: импорт | B60: 32.090701 | C60: 66.424677 | D60: 87.407396 | E60: 73.189395 | F60: 39.580208 | G60: 25.377157 | I60: 20.339088 | J60: 19.24112 | K60: 16.260671 | L60: 17.348516 | N60: 3.4053045 | O60: 21.971852
A61: Темир жол транспорту | B61: -305.36251 | C61: -522.0678 | D61: -642.89016 | E61: -365.12797 | F61: -191.49779 | G61: — | I61: -37.484087 | J61: -154.01371 | K61: -157.20105 | L61: -16.429131 | N61: 0 | O61: 0
A62: экспорт | B62: 39.073882 | C62: 48.133609 | D62: 52.891795 | E62: 176.86544 | F62: 160.44724 | G62: — | I62: 145.73159 | J62: 14.71565 | K62: 13.326464 | L62: 3.091738 | N62: 0 | O62: 0
A63: импорт | B63: 344.43639 | C63: 570.20141 | D63: 695.78195 | E63: 541.99341 | F63: 351.94503 | G63: — | I63: 183.21567 | J63: 168.72936 | K63: 170.52751 | L63: 19.520869 | N63: 0 | O63: 0
A64: Жүргүнчүлөрдү ташуу үчүн | B64: -90.856586 | C64: -162.98895 | D64: -203.32592 | E64: -55.279961 | F64: -1.2408611 | G64: — | I64: 46.63052 | J64: -47.871381 | K64: -49.556517 | L64: -4.4825833 | N64: 0 | O64: 0
A65: экспорт | B65: 29.69615 | C65: 36.581543 | D65: 40.197764 | E65: 134.41773 | F65: 121.9399 | G65: — | I65: 110.75601 | J65: 11.183894 | K65: 10.128113 | L65: 2.3497209 | N65: 0 | O65: 0
A66: импорт | B66: 120.55274 | C66: 199.57049 | D66: 243.52368 | E66: 189.69769 | F66: 123.18076 | G66: — | I66: 64.125486 | J66: 59.055275 | K66: 59.684629 | L66: 6.8323041 | N66: 0 | O66: 0
A67: Жүк ташуу үчүн | B67: -99.03279 | C67: -165.76573 | D67: -202.91649 | E67: -143.14283 | F67: -87.934314 | G67: — | I67: -38.934228 | J67: -49.000086 | K67: -49.692343 | L67: -5.5161695 | N67: 0 | O67: 0
A68: экспорт | B68: 4.298127 | C68: 5.294697 | D68: 5.8180974 | E68: 19.455198 | F68: 17.649196 | G68: — | I68: 16.030475 | J68: 1.6187215 | K68: 1.465911 | L68: 0.34009118 | N68: 0 | O68: 0
A69: импорт | B69: 103.33092 | C69: 171.06042 | D69: 208.73459 | E69: 162.59802 | F69: 105.58351 | G69: — | I69: 54.964702 | J69: 50.618807 | K69: 51.158254 | L69: 5.8562607 | N69: 0 | O69: 0
A70: Жана башка | B70: -115.47313 | C70: -193.31312 | D70: -236.64775 | E70: -166.70519 | F70: -102.32262 | G70: — | I70: -45.18038 | J70: -57.142241 | K70: -57.952189 | L70: -6.4303782 | N70: 0 | O70: 0
A71: экспорт | B71: 5.0796047 | C71: 6.2573692 | D71: 6.8759334 | E71: 22.992507 | F71: 20.858141 | G71: — | I71: 18.945106 | J71: 1.9130345 | K71: 1.7324403 | L71: 0.40192594 | N71: 0 | O71: 0
A72: импорт | B72: 120.55274 | C72: 199.57049 | D72: 243.52368 | E72: 189.69769 | F72: 123.18076 | G72: — | I72: 64.125486 | J72: 59.055275 | K72: 59.684629 | L72: 6.8323041 | N72: 0 | O72: 0
... A75: импорт | B75: 69.392411 | C75: 158.09178 | D75: 195.94779 | E75: 230.16172 | F75: 151.96891 | G75: — | I75: 63.705993 | J75: 88.262912 | K75: 56.457329 | L75: 21.735489 | N75: 0 | O75: 0
A76: Жүргүнчүлөрдү ташуу үчүн | B76: — | C76: — | D76: — | E76: — | F76: — | G76: — | I76: 0 | J76: 0 | K76: 0 | L76: 0 | N76: 0 | O76: 0
A77: экспорт | B77: — | C77: — | D77: — | E77: — | F77: — | G77: — | I77: 0 | J77: 0 | K77: 0 | L77: 0 | N77: 0 | O77: 0
A78: импорт | B78: — | C78: — | D78: — | E78: — | F78: — | G78: — | I78: 0 | J78: 0 | K78: 0 | L78: 0 | N78: 0 | O78: 0
A79: Жүк ташуу үчүн | B79: -33.515793 | C79: -52.603878 | D79: -85.009349 | E79: -7.263571 | F79: -44.620651 | G79: — | I79: -16.363499 | J79: -28.257152 | K79: 4.456833 | L79: 32.900247 | N79: 0 | O79: 0
A80: экспорт | B80: 35.876618 | C80: 105.4879 | D80: 110.93844 | E80: 222.89815 | F80: 107.34825 | G80: — | I80: 47.342494 | J80: 60.00576 | K80: 60.914162 | L80: 54.635736 | N80: 0 | O80: 0
A81: импорт | B81: 69.392411 | C81: 158.09178 | D81: 195.94779 | E81: 230.16172 | F81: 151.96891 | G81: — | I81: 63.705993 | J81: 88.262912 | K81: 56.457329 | L81: 21.735489 | N81: 0 | O81: 0
A82: Жана башка | B82: — | C82: — | D82: — | E82: — | F82: — | G82: — | I82: 0 | J82: 0 | K82: 0 | L82: 0 | N82: 0 | O82: 0
A83: экспорт | B83: — | C83: — | D83: — | E83: — | F83: — | G83: — | I83: 0 | J83: 0 | K83: 0 | L83: 0 | N83: 0 | O83: 0
A84: импорт | B84: — | C84: — | D84: — | E84: — | F84: — | G84: — | I84: 0 | J84: 0 | K84: 0 | L84: 0 | N84: 0 | O84: 0
A85: Транспорттун башка түрлөрү | B85: -0.823073 | C85: -19.228124 | D85: -58.535331 | E85: -260.18848 | F85: -62.679333 | G85: -161.13786 | I85: -172.298 | J85: 109.61867 | K85: -24.665195 | L85: -172.84396 | N85: 2.89682 | O85: -164.03468
A86: экспорт | B86: 26.226356 | C86: 48.308688 | D86: 109.59172 | E86: 86.918044 | F86: 25.125111 | G86: 149.06766 | I86: -121.56885 | J86: 146.69396 | K86: 30.494608 | L86: 31.298325 | N86: 70.275418 | O86: 78.792241
A87: импорт | B87: 27.049429 | C87: 67.536812 | D87: 168.12706 | E87: 347.10653 | F87: 87.804444 | G87: 310.20552 | I87: 50.729151 | J87: 37.075293 | K87: 55.159803 | L87: 204.14228 | N87: 67.378598 | O87: 242.82692
A88: Жүргүнчүлөрдү ташуу үчүн | B88: — | C88: — | D88: — | E88: -50.177569 | F88: -6.7887712 | G88: -62.618743 | I88: -101.29067 | J88: 94.501902 | K88: 1.6851353 | L88: -45.073933 | N88: -4.4825833 | O88: -58.13616
A89: экспорт | B89: — | C89: — | D89: — | E89: 9.1758501 | F89: 0.341677 | G89: 6.2423314 | I89: -99.230435 | J89: 99.572112 | K89: 1.0557814 | L89: 7.7783918 | N89: 2.3497209 | O89: 3.8926106
A90: импорт | B90: — | C90: — | D90: — | E90: 59.353419 | F90: 7.1304482 | G90: 68.861075 | I90: 2.0602376 | J90: 5.0702106 | K90: -0.6293539 | L90: 52.852325 | N90: 6.8323041 | O90: 62.028771
A91: Жүк ташуу үчүн | B91: 4.684586 | C91: 2.815748 | D91: 1.887969 | E91: -98.659649 | F91: 4.9313456 | G91: -11.913216 | I91: -17.344466 | J91: 22.275811 | K91: -31.580225 | L91: -72.010769 | N91: 28.521646 | O91: -40.434863
A92: экспорт | B92: 4.690526 | C92: 2.815748 | D92: 1.887969 | E92: -14.399589 | F92: -22.098565 | G92: 119.96347 | I92: -24.163352 | J92: 2.0647871 | K92: -0.31408854 | L92: 8.0130639 | N92: 56.113396 | O92: 63.850074
A93: импорт | B93: — | C93: — | D93: — | E93: 84.260059 | F93: -27.02991 | G93: 131.87669 | I93: -6.8188861 | J93: -20.211024 | K93: 31.266137 | L93: 80.023833 | N93: 27.59175 | O93: 104.28494
A94: Жана башка | B94: -7.628899 | C94: -21.784469 | D94: -59.907074 | E94: -110.99663 | F94: -60.572385 | G94: -85.479345 | I94: -53.552662 | J94: -7.0197238 | K94: 5.3550081 | L94: -55.779258 | N94: -21.02975 | O94: -64.449594
A95: экспорт | B95: 18.70785 | C95: 44.875709 | D95: 107.57391 | E95: 91.561621 | F95: 46.692174 | G95: 21.761249 | I95: 1.7765479 | J95: 44.915626 | K95: 29.593734 | L95: 15.275713 | N95: 11.700315 | O95: 10.060934
A96: импорт | B96: 26.336749 | C96: 66.660178 | D96: 167.48099 | E96: 202.55826 | F96: 107.26456 | G96: 107.24059 | I96: 55.32921 | J96: 51.93535 | K96: 24.238726 | L96: 71.054971 | N96: 32.730065 | O96: 74.510529
A97: Почта жана курьердик байланыш кызмат көрсөтүүлөрү | B97: 2.12124 | C97: -0.259403 | D97: -0.522704 | E97: -0.354631 | F97: -0.249522 | G97: -1.126557 | I97: -0.110199 | J97: -0.139323 | K97: -0.125113 | L97: 0.020004 | N97: -0.112493 | O97: -1.014064
A98: экспорт | B98: 2.82798 | C98: 0.617231 | D98: 0.123363 | E98: 0.580162 | F98: 0.189825 | G98: 1.100608 | I98: 0.048391 | J98: 0.141434 | K98: 0.159181 | L98: 0.231156 | N98: 0.111986 | O98: 0.988622
A99: импорт | B99: 0.70674 | C99: 0.876634 | D99: 0.646067 | E99: 0.934793 | F99: 0.439347 | G99: 2.227165 | I99: 0.15859 | J99: 0.280757 | K99: 0.284294 | L99: 0.211152 | N99: 0.224479 | O99: 2.002686
A100: Кыдыруулар | B100: 134.06223 | C100: 537.72197 | D100: 492.3146 | E100: 380.5991 | F100: 109.39788 | G100: 248.41301 | I100: 80.272804 | J100: 29.125074 | K100: 176.49717 | L100: 94.704051 | N100: 102.11876 | O100: 146.29425
A101: экспорт | B101: 206.82528 | C101: 755.65297 | D101: 1024.1479 | E101: 963.74499 | F101: 414.23217 | G101: 544.90964 | I101: 233.46895 | J101: 180.76322 | K101: 331.71435 | L101: 217.79848 | N101: 237.81424 | O101: 307.09539
A102: импорт | B102: 72.763053 | C102: 217.931 | D102: 531.83325 | E102: 583.14589 | F102: 304.83429 | G102: 296.49663 | I102: 153.19615 | J102: 151.63814 | K102: 155.21718 | L102: 123.09442 | N102: 135.69548 | O102: 160.80115
A103: Ишкердик | B103: 50.370454 | C103: 209.42735 | D103: 158.51195 | E103: 105.34302 | F103: 16.557659 | G103: 77.16793 | I103: 19.197691 | J103: -2.6400324 | K103: 60.372067 | L103: 28.413299 | N103: 30.341518 | O103: 46.826411
A104: экспорт | B104: 88.934872 | C104: 324.93078 | D104: 440.38358 | E104: 414.41035 | F104: 178.11983 | G104: 234.31114 | I104: 100.39165 | J104: 77.728183 | K104: 142.63717 | L104: 93.653345 | N104: 102.26012 | O104: 132.05102
A105: импорт | B105: 38.564418 | C105: 115.50343 | D105: 281.87162 | E105: 309.06732 | F105: 161.56217 | G105: 157.14321 | I105: 81.193958 | J105: 80.368215 | K105: 82.265103 | L105: 65.240045 | N105: 71.918606 | O105: 85.224608
... A113: экспорт | B113: 19.412062 | C113: 21.625638 | D113: 20.433394 | E113: 44.729815 | F113: 23.906033 | G113: 18.759782 | I113: 9.569513 | J113: 14.33652 | K113: 10.2549 | L113: 10.568882 | N113: 8.397231 | O113: 10.362551
A114: импорт | B114: — | C114: — | D114: — | E114: — | F114: — | G114: — | I114: 0 | J114: 0 | K114: 0 | L114: 0 | N114: 0 | O114: 0
A115: Кыргыз Республикасындагы курулуш | B115: -6.594276 | C115: -6.824128 | D115: -3.953309 | E115: -40.205288 | F115: -22.333281 | G115: -11.094289 | I115: -6.775793 | J115: -15.557488 | K115: -10.9041 | L115: -6.967907 | N115: -6.221562 | O115: -4.872727
A116: экспорт | B116: — | C116: — | D116: — | E116: — | F116: — | G116: — | I116: 0 | J116: 0 | K116: 0 | L116: 0 | N116: 0 | O116: 0
A117: импорт | B117: 6.594276 | C117: 6.824128 | D117: 3.953309 | E117: 40.205288 | F117: 22.333281 | G117: 11.094289 | I117: 6.775793 | J117: 15.557488 | K117: 10.9041 | L117: 6.967907 | N117: 6.221562 | O117: 4.872727
A118: Камсыздандыруу жана пенсиялык камсыздоо жагында кызмат көрсөтүүлөр | B118: -6.330427 | C118: -0.860066 | D118: -0.22928 | E118: -6.782101 | F118: -1.40061 | G118: -5.965856 | I118: -0.706617 | J118: -0.693993 | K118: -0.48068 | L118: -4.900811 | N118: -2.289141 | O118: -3.676715
A119: экспорт | B119: 0.525411 | C119: 2.197293 | D119: 3.946215 | E119: 3.778107 | F119: 2.410596 | G119: 0.775781 | I119: 1.072229 | J119: 1.338367 | K119: 0.56334 | L119: 0.804171 | N119: 0.191645 | O119: 0.584136
A120: импорт | B120: 6.855838 | C120: 3.057359 | D120: 4.175495 | E120: 10.560208 | F120: 3.811206 | G120: 6.741637 | I120: 1.778846 | J120: 2.03236 | K120: 1.04402 | L120: 5.704982 | N120: 2.480786 | O120: 4.260851
...

Sheet I.2.
